Workbook

Sheet Feriados
A1: 36892
A2: 36948
A3: 36949
A4: 36994
A5: 37002
A6: 37012
A7: 37056
A8: 37141
A9: 37176
A10: 37197
A11: 37210
A12: 37250
... A936: 65374

Sheet Resumo estatístico Futuro DAP
A1: Data | B1: =DATEVALUE(+E1) -> 44971 | C1: Data Base | E1: =RIGHT(A14,11) -> 14/02/2023 | G1: Atalho Resumo Estatístico | J1: Site da B3: Home / Market Data e Índices / Serviços de dados / Market Data / Histórico / Derivativos / Resumo estatístico / Sistema pregão | S1: Código | T1: Vencimento | U1: Mês
G2: http://www.b3.com.br/pt_br/market-data-e-indices/servicos-de-dados/market-data/historico/derivativos/resumo-estatistico/sistema-pregao/ | S2: F | T2: JAN | U2: 01
A3: PRT | B3: =VALUE(RIGHT(A42,9)) -> 6506.84 | G3: Mercadoria: DAP Cupom DI x IPCA | S3: G | T3: FEV | U3: 02
B4: ­ Preencha com a Média do CDI do dia da Data Base | S4: H | T4: MAR | U4: 03
B5: http://www.b3.com.br/pt_br/market-data-e-indices/indices/indices-de-segmentos-e-setoriais/serie-historica-do-di.htm | S5: J | T5: ABR | U5: 04
S6: K | T6: MAI | U6: 05
S7: M | T7: JUN | U7: 06
S8: N | T8: JUL | U8: 07
F9: =+SUM(F19:F57) -> 6080572571 | S9: Q | T9: AGO | U9: 08
A10: $ Cole em A11 (use opção de colagem: Fazer correspondência com a Formatação de Destino (F)) | S10: U | T10: SET | U10: 09
A11: CUPOM DE IPCA (contrato = R$0,00025 x PU x índice; cotação = taxa de juro) | S11: V | T11: OUT | U11: 10
S12: X | T12: NOV | U12: 11
S13: Z | T13: DEZ | U13: 12
A14: Atualizado em: 14/02/2023
A16: MERCADO FUTURO
A17: Dados | B17: Volume | G17: Dados
A18: VENCTO | B18: CONTR. ABERT.(1) | C18: CONTR. FECH.(2) | D18: NÚM. NEGOC. | E18: CONTR. NEGOC. | F18: VOL. | G18: AJUSTE ANTER. (3) | H18: AJUSTE ANTER. CORRIG. (4) | I18: PREÇO ABERT. | J18: PREÇO MÍN. | K18: PREÇO MÁX. | L18: PREÇO MÉD. | M18: ÚLT. PREÇO | N18: AJUSTE | O18: VAR. PTOS. | P18: ÚLT. OF. COMPRA | Q18: ÚLT. OF. VENDA | R18: Vencimento | S18: DU | T18: Taxa de Ajuste
A19: G23 | B19: 9837 | C19: 9837 | D19: 0 | E19: 0 | F19: 0 | G19: 99973.25 | H19: 99973.25 | I19: 0 | J19: 0 | K19: 0 | L19: 0 | M19: 0 | N19: 99973.23 | O19: 0,02- | P19: 0 | Q19: 0 | R19: =IF(OR(A19="",LEN(A19)<>3),"",WORKDAY(WORKDAY(DATEVALUE("15/"&VLOOKUP(LEFT(A19,1),$S$1:$U$13,3,FALSE)&"/"&20&RIGHT(A19,2)),-1,Feriados!$A$2:$A$2000),1,Feriados!$A$2:$A$2000)) -> 44972 | S19: =IF(OR(R19="",R19="Cadastrar ativo na aba Banco de Códigos B3"),"",NETWORKDAYS($B$1,R19-1,Feriados!$A$2:$A$2000)) -> 1 | T19: =IF(OR(R19="",R19="Cadastrar ativo na aba Banco de Códigos B3"),"",+ROUND(((100000/N19)^(252/S19)-1)*100,2)) -> 6.98
A20: H23 | B20: 3100 | C20: 3100 | D20: 0 | E20: 0 | F20: 0 | G20: 99637.96 | H20: 99637.96 | I20: 0 | J20: 0 | K20: 0 | L20: 0 | M20: 0 | N20: 99639.97 | O20: 2,01+ | P20: 0 | Q20: 0 | R20: =IF(OR(A20="",LEN(A20)<>3),"",WORKDAY(WORKDAY(DATEVALUE("15/"&VLOOKUP(LEFT(A20,1),$S$1:$U$13,3,FALSE)&"/"&20&RIGHT(A20,2)),-1,Feriados!$A$2:$A$2000),1,Feriados!$A$2:$A$2000)) -> 45000 | S20: =IF(OR(R20="",R20="Cadastrar ativo na aba Banco de Códigos B3"),"",NETWORKDAYS($B$1,R20-1,Feriados!$A$2:$A$2000)) -> 19 | T20: =IF(OR(R20="",R20="Cadastrar ativo na aba Banco de Códigos B3"),"",+ROUND(((100000/N20)^(252/S20)-1)*100,2)) -> 4.9
A21: J23 | B21: 0 | C21: 0 | D21: 0 | E21: 0 | F21: 0 | G21: 99292.49 | H21: 99292.49 | I21: 0 | J21: 0 | K21: 0 | L21: 0 | M21: 0 | N21: 99304.97 | O21: 12,48+ | P21: 0 | Q21: 0 | R21: =IF(OR(A21="",LEN(A21)<>3),"",WORKDAY(WORKDAY(DATEVALUE("15/"&VLOOKUP(LEFT(A21,1),$S$1:$U$13,3,FALSE)&"/"&20&RIGHT(A21,2)),-1,Feriados!$A$2:$A$2000),1,Feriados!$A$2:$A$2000)) -> 45033 | S21: =IF(OR(R21="",R21="Cadastrar ativo na aba Banco de Códigos B3"),"",NETWORKDAYS($B$1,R21-1,Feriados!$A$2:$A$2000)) -> 41 | T21: =IF(OR(R21="",R21="Cadastrar ativo na aba Banco de Códigos B3"),"",+ROUND(((100000/N21)^(252/S21)-1)*100,2)) -> 4.38
A22: K23 | B22: 250118 | C22: 249116 | D22: 19 | E22: 1627 | F22: 261927668 | G22: 98961.42 | H22: 98961.42 | I22: 4.56 | J22: 4.5 | K22: 4.57 | L22: 4.54 | M22: 4.57 | N22: 98959.22 | O22: 2,20- | P22: 0 | Q22: 4.75 | R22: =IF(OR(A22="",LEN(A22)<>3),"",WORKDAY(WORKDAY(DATEVALUE("15/"&VLOOKUP(LEFT(A22,1),$S$1:$U$13,3,FALSE)&"/"&20&RIGHT(A22,2)),-1,Feriados!$A$2:$A$2000),1,Feriados!$A$2:$A$2000)) -> 45061 | S22: =IF(OR(R22="",R22="Cadastrar ativo na aba Banco de Códigos B3"),"",NETWORKDAYS($B$1,R22-1,Feriados!$A$2:$A$2000)) -> 59 | T22: =IF(OR(R22="",R22="Cadastrar ativo na aba Banco de Códigos B3"),"",+ROUND(((100000/N22)^(252/S22)-1)*100,2)) -> 4.57
A23: F24 | B23: 42902 | C23: 43643 | D23: 17 | E23: 755 | F23: 116240163 | G23: 94575.25 | H23: 94575.25 | I23: 6.29 | J23: 6.29 | K23: 6.3 | L23: 6.29 | M23: 6.3 | N23: 94645.29 | O23: 70,04+ | P23: 0 | Q23: 6.4 | R23: =IF(OR(A23="",LEN(A23)<>3),"",WORKDAY(WORKDAY(DATEVALUE("15/"&VLOOKUP(LEFT(A23,1),$S$1:$U$13,3,FALSE)&"/"&20&RIGHT(A23,2)),-1,Feriados!$A$2:$A$2000),1,Feriados!$A$2:$A$2000)) -> 45306 | S23: =IF(OR(R23="",R23="Cadastrar ativo na aba Banco de Códigos B3"),"",NETWORKDAYS($B$1,R23-1,Feriados!$A$2:$A$2000)) -> 227 | T23: =IF(OR(R23="",R23="Cadastrar ativo na aba Banco de Códigos B3"),"",+ROUND(((100000/N23)^(252/S23)-1)*100,2)) -> 6.3
A24: Q24 | B24: 230328 | C24: 229645 | D24: 32 | E24: 3095 | F24: 460282202 | G24: 91324.64 | H24: 91324.64 | I24: 6.29 | J24: 6.16 | K24: 6.29 | L24: 6.21 | M24: 6.16 | N24: 91463.11 | O24: 138,47+ | P24: 0 | Q24: 6.2 | R24: =IF(OR(A24="",LEN(A24)<>3),"",WORKDAY(WORKDAY(DATEVALUE("15/"&VLOOKUP(LEFT(A24,1),$S$1:$U$13,3,FALSE)&"/"&20&RIGHT(A24,2)),-1,Feriados!$A$2:$A$2000),1,Feriados!$A$2:$A$2000)) -> 45519 | S24: =IF(OR(R24="",R24="Cadastrar ativo na aba Banco de Códigos B3"),"",NETWORKDAYS($B$1,R24-1,Feriados!$A$2:$A$2000)) -> 375 | T24: =IF(OR(R24="",R24="Cadastrar ativo na aba Banco de Códigos B3"),"",+ROUND(((100000/N24)^(252/S24)-1)*100,2)) -> 6.18
A25: F25 | B25: 0 | C25: 0 | D25: 0 | E25: 0 | F25: 0 | G25: 89477.5 | H25: 89477.5 | I25: 0 | J25: 0 | K25: 0 | L25: 0 | M25: 0 | N25: 89684.05 | O25: 206,55+ | P25: 0 | Q25: 6 | R25: =IF(OR(A25="",LEN(A25)<>3),"",WORKDAY(WORKDAY(DATEVALUE("15/"&VLOOKUP(LEFT(A25,1),$S$1:$U$13,3,FALSE)&"/"&20&RIGHT(A25,2)),-1,Feriados!$A$2:$A$2000),1,Feriados!$A$2:$A$2000)) -> 45672 | S25: =IF(OR(R25="",R25="Cadastrar ativo na aba Banco de Códigos B3"),"",NETWORKDAYS($B$1,R25-1,Feriados!$A$2:$A$2000)) -> 481 | T25: =IF(OR(R25="",R25="Cadastrar ativo na aba Banco de Códigos B3"),"",+ROUND(((100000/N25)^(252/S25)-1)*100,2)) -> 5.87
A26: K25 | B26: 225362 | C26: 223189 | D26: 52 | E26: 12204 | F26: 1750450872 | G26: 87965.5 | H26: 87965.5 | I26: 5.85 | J26: 5.77 | K26: 5.91 | L26: 5.8 | M26: 5.81 | N26: 88184.67 | O26: 219,17+ | P26: 0 | Q26: 0 | R26: =IF(OR(A26="",LEN(A26)<>3),"",WORKDAY(WORKDAY(DATEVALUE("15/"&VLOOKUP(LEFT(A26,1),$S$1:$U$13,3,FALSE)&"/"&20&RIGHT(A26,2)),-1,Feriados!$A$2:$A$2000),1,Feriados!$A$2:$A$2000)) -> 45792 | S26: =IF(OR(R26="",R26="Cadastrar ativo na aba Banco de Códigos B3"),"",NETWORKDAYS($B$1,R26-1,Feriados!$A$2:$A$2000)) -> 562 | T26: =IF(OR(R26="",R26="Cadastrar ativo na aba Banco de Códigos B3"),"",+ROUND(((100000/N26)^(252/S26)-1)*100,2)) -> 5.8
A27: Q26 | B27: 156665 | C27: 153693 | D27: 40 | E27: 8751 | F27: 1167172858 | G27: 81726.44 | H27: 81726.44 | I27: 5.83 | J27: 5.83 | K27: 5.88 | L27: 5.85 | M27: 5.87 | N27: 81912.12 | O27: 185,68+ | P27: 5.84 | Q27: 0 | R27: =IF(OR(A27="",LEN(A27)<>3),"",WORKDAY(WORKDAY(DATEVALUE("15/"&VLOOKUP(LEFT(A27,1),$S$1:$U$13,3,FALSE)&"/"&20&RIGHT(A27,2)),-1,Feriados!$A$2:$A$2000),1,Feriados!$A$2:$A$2000)) -> 46251 | S27: =IF(OR(R27="",R27="Cadastrar ativo na aba Banco de Códigos B3"),"",NETWORKDAYS($B$1,R27-1,Feriados!$A$2:$A$2000)) -> 880 | T27: =IF(OR(R27="",R27="Cadastrar ativo na aba Banco de Códigos B3"),"",+ROUND(((100000/N27)^(252/S27)-1)*100,2)) -> 5.88
A28: K27 | B28: 118271 | C28: 118334 | D28: 24 | E28: 390 | F28: 49800374 | G28: 78344.63 | H28: 78344.63 | I28: 5.93 | J28: 5.89 | K28: 5.93 | L28: 5.89 | M28: 5.89 | N28: 78498.19 | O28: 153,56+ | P28: 0 | Q28: 0 | R28: =IF(OR(A28="",LEN(A28)<>3),"",WORKDAY(WORKDAY(DATEVALUE("15/"&VLOOKUP(LEFT(A28,1),$S$1:$U$13,3,FALSE)&"/"&20&RIGHT(A28,2)),-1,Feriados!$A$2:$A$2000),1,Feriados!$A$2:$A$2000)) -> 46524 | S28: =IF(OR(R28="",R28="Cadastrar ativo na aba Banco de Códigos B3"),"",NETWORKDAYS($B$1,R28-1,Feriados!$A$2:$A$2000)) -> 1066 | T28: =IF(OR(R28="",R28="Cadastrar ativo na aba Banco de Códigos B3"),"",+ROUND(((100000/N28)^(252/S28)-1)*100,2)) -> 5.89
A29: Q28 | B29: 137372 | C29: 139105 | D29: 47 | E29: 12582 | F29: 1489801232 | G29: 72591.61 | H29: 72591.61 | I29: 5.9 | J29: 5.9 | K29: 6.02 | L29: 5.96 | M29: 5.99 | N29: 72664.09 | O29: 72,48+ | P29: 5.9 | Q29: 0 | R29: =IF(OR(A29="",LEN(A29)<>3),"",WORKDAY(WORKDAY(DATEVALUE("15/"&VLOOKUP(LEFT(A29,1),$S$1:$U$13,3,FALSE)&"/"&20&RIGHT(A29,2)),-1,Feriados!$A$2:$A$2000),1,Feriados!$A$2:$A$2000)) -> 46980 | S29: =IF(OR(R29="",R29="Cadastrar ativo na aba Banco de Códigos B3"),"",NETWORKDAYS($B$1,R29-1,Feriados!$A$2:$A$2000)) -> 1381 | T29: =IF(OR(R29="",R29="Cadastrar ativo na aba Banco de Códigos B3"),"",+ROUND(((100000/N29)^(252/S29)-1)*100,2)) -> 6
A30: Q30 | B30: 129264 | C30: 126764 | D30: 30 | E30: 3712 | F30: 390988921 | G30: 64641.85 | H30: 64641.85 | I30: 6.02 | J30: 5.98 | K30: 6.02 | L30: 5.99 | M30: 5.98 | N30: 64639.53 | O30: 2,32- | P30: 0 | Q30: 0 | R30: =IF(OR(A30="",LEN(A30)<>3),"",WORKDAY(WORKDAY(DATEVALUE("15/"&VLOOKUP(LEFT(A30,1),$S$1:$U$13,3,FALSE)&"/"&20&RIGHT(A30,2)),-1,Feriados!$A$2:$A$2000),1,Feriados!$A$2:$A$2000)) -> 47710 | S30: =IF(OR(R30="",R30="Cadastrar ativo na aba Banco de Códigos B3"),"",NETWORKDAYS($B$1,R30-1,Feriados!$A$2:$A$2000)) -> 1881 | T30: =IF(OR(R30="",R30="Cadastrar ativo na aba Banco de Códigos B3"),"",+ROUND(((100000/N30)^(252/S30)-1)*100,2)) -> 6.02
... A38: Q60 | B38: 0 | C38: 0 | D38: 0 | E38: 0 | F38: 0 | G38: 11127.61 | H38: 11127.61 | I38: 0 | J38: 0 | K38: 0 | L38: 0 | M38: 0 | N38: 11205.95 | O38: 78,34+ | P38: 0 | Q38: 0 | R38: =IF(OR(A38="",LEN(A38)<>3),"",WORKDAY(WORKDAY(DATEVALUE("15/"&VLOOKUP(LEFT(A38,1),$S$1:$U$13,3,FALSE)&"/"&20&RIGHT(A38,2)),-1,Feriados!$A$2:$A$2000),1,Feriados!$A$2:$A$2000)) -> 58669 | S38: =IF(OR(R38="",R38="Cadastrar ativo na aba Banco de Códigos B3"),"",NETWORKDAYS($B$1,R38-1,Feriados!$A$2:$A$2000)) -> 9420 | T38: =IF(OR(R38="",R38="Cadastrar ativo na aba Banco de Códigos B3"),"",+ROUND(((100000/N38)^(252/S38)-1)*100,2)) -> 6.03
R39: =IF(OR(A39="",LEN(A39)<>3),"",WORKDAY(WORKDAY(DATEVALUE("15/"&VLOOKUP(LEFT(A39,1),$S$1:$U$13,3,FALSE)&"/"&20&RIGHT(A39,2)),-1,Feriados!$A$2:$A$2000),1,Feriados!$A$2:$A$2000)) | S39: =IF(OR(R39="",R39="Cadastrar ativo na aba Banco de Códigos B3"),"",NETWORKDAYS($B$1,R39-1,Feriados!$A$2:$A$2000)) | T39: =IF(OR(R39="",R39="Cadastrar ativo na aba Banco de Códigos B3"),"",+ROUND(((100000/N39)^(252/S39)-1)*100,2))
A40: TAXA DI OVER PARA 14/02/2023: 0,0508% | R40: =IF(OR(A40="",LEN(A40)<>3),"",WORKDAY(WORKDAY(DATEVALUE("15/"&VLOOKUP(LEFT(A40,1),$S$1:$U$13,3,FALSE)&"/"&20&RIGHT(A40,2)),-1,Feriados!$A$2:$A$2000),1,Feriados!$A$2:$A$2000)) | S40: =IF(OR(R40="",R40="Cadastrar ativo na aba Banco de Códigos B3"),"",NETWORKDAYS($B$1,R40-1,Feriados!$A$2:$A$2000)) | T40: =IF(OR(R40="",R40="Cadastrar ativo na aba Banco de Códigos B3"),"",+ROUND(((100000/N40)^(252/S40)-1)*100,2))
R41: =IF(OR(A41="",LEN(A41)<>3),"",WORKDAY(WORKDAY(DATEVALUE("15/"&VLOOKUP(LEFT(A41,1),$S$1:$U$13,3,FALSE)&"/"&20&RIGHT(A41,2)),-1,Feriados!$A$2:$A$2000),1,Feriados!$A$2:$A$2000)) | S41: =IF(OR(R41="",R41="Cadastrar ativo na aba Banco de Códigos B3"),"",NETWORKDAYS($B$1,R41-1,Feriados!$A$2:$A$2000)) | T41: =IF(OR(R41="",R41="Cadastrar ativo na aba Banco de Códigos B3"),"",+ROUND(((100000/N41)^(252/S41)-1)*100,2))
A42: VALOR INDICE IPCA PRO RATA TEMPORE: 6.506,840 | R42: =IF(OR(A42="",LEN(A42)<>3),"",WORKDAY(WORKDAY(DATEVALUE("15/"&VLOOKUP(LEFT(A42,1),$S$1:$U$13,3,FALSE)&"/"&20&RIGHT(A42,2)),-1,Feriados!$A$2:$A$2000),1,Feriados!$A$2:$A$2000)) | S42: =IF(OR(R42="",R42="Cadastrar ativo na aba Banco de Códigos B3"),"",NETWORKDAYS($B$1,R42-1,Feriados!$A$2:$A$2000)) | T42: =IF(OR(R42="",R42="Cadastrar ativo na aba Banco de Códigos B3"),"",+ROUND(((100000/N42)^(252/S42)-1)*100,2))
R43: =IF(OR(A43="",LEN(A43)<>3),"",WORKDAY(WORKDAY(DATEVALUE("15/"&VLOOKUP(LEFT(A43,1),$S$1:$U$13,3,FALSE)&"/"&20&RIGHT(A43,2)),-1,Feriados!$A$2:$A$2000),1,Feriados!$A$2:$A$2000)) | S43: =IF(OR(R43="",R43="Cadastrar ativo na aba Banco de Códigos B3"),"",NETWORKDAYS($B$1,R43-1,Feriados!$A$2:$A$2000)) | T43: =IF(OR(R43="",R43="Cadastrar ativo na aba Banco de Códigos B3"),"",+ROUND(((100000/N43)^(252/S43)-1)*100,2))
A44: A taxa e os preços são apenas prévias, não devendo ser considerados definitivos. | R44: =IF(OR(A44="",LEN(A44)<>3),"",WORKDAY(WORKDAY(DATEVALUE("15/"&VLOOKUP(LEFT(A44,1),$S$1:$U$13,3,FALSE)&"/"&20&RIGHT(A44,2)),-1,Feriados!$A$2:$A$2000),1,Feriados!$A$2:$A$2000)) | S44: =IF(OR(R44="",R44="Cadastrar ativo na aba Banco de Códigos B3"),"",NETWORKDAYS($B$1,R44-1,Feriados!$A$2:$A$2000)) | T44: =IF(OR(R44="",R44="Cadastrar ativo na aba Banco de Códigos B3"),"",+ROUND(((100000/N44)^(252/S44)-1)*100,2))
R45: =IF(OR(A45="",LEN(A45)<>3),"",WORKDAY(WORKDAY(DATEVALUE("15/"&VLOOKUP(LEFT(A45,1),$S$1:$U$13,3,FALSE)&"/"&20&RIGHT(A45,2)),-1,Feriados!$A$2:$A$2000),1,Feriados!$A$2:$A$2000)) | S45: =IF(OR(R45="",R45="Cadastrar ativo na aba Banco de Códigos B3"),"",NETWORKDAYS($B$1,R45-1,Feriados!$A$2:$A$2000)) | T45: =IF(OR(R45="",R45="Cadastrar ativo na aba Banco de Códigos B3"),"",+ROUND(((100000/N45)^(252/S45)-1)*100,2))
A46: (1) Contratos em aberto na abertura do dia | R46: =IF(OR(A46="",LEN(A46)<>3),"",WORKDAY(WORKDAY(DATEVALUE("15/"&VLOOKUP(LEFT(A46,1),$S$1:$U$13,3,FALSE)&"/"&20&RIGHT(A46,2)),-1,Feriados!$A$2:$A$2000),1,Feriados!$A$2:$A$2000)) | S46: =IF(OR(R46="",R46="Cadastrar ativo na aba Banco de Códigos B3"),"",NETWORKDAYS($B$1,R46-1,Feriados!$A$2:$A$2000)) | T46: =IF(OR(R46="",R46="Cadastrar ativo na aba Banco de Códigos B3"),"",+ROUND(((100000/N46)^(252/S46)-1)*100,2))
R47: =IF(OR(A47="",LEN(A47)<>3),"",WORKDAY(WORKDAY(DATEVALUE("15/"&VLOOKUP(LEFT(A47,1),$S$1:$U$13,3,FALSE)&"/"&20&RIGHT(A47,2)),-1,Feriados!$A$2:$A$2000),1,Feriados!$A$2:$A$2000)) | S47: =IF(OR(R47="",R47="Cadastrar ativo na aba Banco de Códigos B3"),"",NETWORKDAYS($B$1,R47-1,Feriados!$A$2:$A$2000)) | T47: =IF(OR(R47="",R47="Cadastrar ativo na aba Banco de Códigos B3"),"",+ROUND(((100000/N47)^(252/S47)-1)*100,2))
A48: (2) Contratos em aberto no fechamento do dia | R48: =IF(OR(A48="",LEN(A48)<>3),"",WORKDAY(WORKDAY(DATEVALUE("15/"&VLOOKUP(LEFT(A48,1),$S$1:$U$13,3,FALSE)&"/"&20&RIGHT(A48,2)),-1,Feriados!$A$2:$A$2000),1,Feriados!$A$2:$A$2000)) | S48: =IF(OR(R48="",R48="Cadastrar ativo na aba Banco de Códigos B3"),"",NETWORKDAYS($B$1,R48-1,Feriados!$A$2:$A$2000)) | T48: =IF(OR(R48="",R48="Cadastrar ativo na aba Banco de Códigos B3"),"",+ROUND(((100000/N48)^(252/S48)-1)*100,2))
R49: =IF(OR(A49="",LEN(A49)<>3),"",WORKDAY(WORKDAY(DATEVALUE("15/"&VLOOKUP(LEFT(A49,1),$S$1:$U$13,3,FALSE)&"/"&20&RIGHT(A49,2)),-1,Feriados!$A$2:$A$2000),1,Feriados!$A$2:$A$2000)) | S49: =IF(OR(R49="",R49="Cadastrar ativo na aba Banco de Códigos B3"),"",NETWORKDAYS($B$1,R49-1,Feriados!$A$2:$A$2000)) | T49: =IF(OR(R49="",R49="Cadastrar ativo na aba Banco de Códigos B3"),"",+ROUND(((100000/N49)^(252/S49)-1)*100,2))
A50: (3) Ajuste do dia anterior | R50: =IF(OR(A50="",LEN(A50)<>3),"",WORKDAY(WORKDAY(DATEVALUE("15/"&VLOOKUP(LEFT(A50,1),$S$1:$U$13,3,FALSE)&"/"&20&RIGHT(A50,2)),-1,Feriados!$A$2:$A$2000),1,Feriados!$A$2:$A$2000)) | S50: =IF(OR(R50="",R50="Cadastrar ativo na aba Banco de Códigos B3"),"",NETWORKDAYS($B$1,R50-1,Feriados!$A$2:$A$2000)) | T50: =IF(OR(R50="",R50="Cadastrar ativo na aba Banco de Códigos B3"),"",+ROUND(((100000/N50)^(252/S50)-1)*100,2))
R51: =IF(OR(A51="",LEN(A51)<>3),"",WORKDAY(WORKDAY(DATEVALUE("15/"&VLOOKUP(LEFT(A51,1),$S$1:$U$13,3,FALSE)&"/"&20&RIGHT(A51,2)),-1,Feriados!$A$2:$A$2000),1,Feriados!$A$2:$A$2000)) | S51: =IF(OR(R51="",R51="Cadastrar ativo na aba Banco de Códigos B3"),"",NETWORKDAYS($B$1,R51-1,Feriados!$A$2:$A$2000)) | T51: =IF(OR(R51="",R51="Cadastrar ativo na aba Banco de Códigos B3"),"",+ROUND(((100000/N51)^(252/S51)-1)*100,2))
R52: =IF(OR(A52="",LEN(A52)<>3),"",WORKDAY(WORKDAY(DATEVALUE("15/"&VLOOKUP(LEFT(A52,1),$S$1:$U$13,3,FALSE)&"/"&20&RIGHT(A52,2)),-1,Feriados!$A$2:$A$2000),1,Feriados!$A$2:$A$2000)) | S52: =IF(OR(R52="",R52="Cadastrar ativo na aba Banco de Códigos B3"),"",NETWORKDAYS($B$1,R52-1,Feriados!$A$2:$A$2000)) | T52: =IF(OR(R52="",R52="Cadastrar ativo na aba Banco de Códigos B3"),"",+ROUND(((100000/N52)^(252/S52)-1)*100,2))
R53: =IF(OR(A53="",LEN(A53)<>3),"",WORKDAY(WORKDAY(DATEVALUE("15/"&VLOOKUP(LEFT(A53,1),$S$1:$U$13,3,FALSE)&"/"&20&RIGHT(A53,2)),-1,Feriados!$A$2:$A$2000),1,Feriados!$A$2:$A$2000)) | S53: =IF(OR(R53="",R53="Cadastrar ativo na aba Banco de Códigos B3"),"",NETWORKDAYS($B$1,R53-1,Feriados!$A$2:$A$2000)) | T53: =IF(OR(R53="",R53="Cadastrar ativo na aba Banco de Códigos B3"),"",+ROUND(((100000/N53)^(252/S53)-1)*100,2))
R54: =IF(OR(A54="",LEN(A54)<>3),"",WORKDAY(WORKDAY(DATEVALUE("15/"&VLOOKUP(LEFT(A54,1),$S$1:$U$13,3,FALSE)&"/"&20&RIGHT(A54,2)),-1,Feriados!$A$2:$A$2000),1,Feriados!$A$2:$A$2000)) | S54: =IF(OR(R54="",R54="Cadastrar ativo na aba Banco de Códigos B3"),"",NETWORKDAYS($B$1,R54-1,Feriados!$A$2:$A$2000)) | T54: =IF(OR(R54="",R54="Cadastrar ativo na aba Banco de Códigos B3"),"",+ROUND(((100000/N54)^(252/S54)-1)*100,2))
R55: =IF(OR(A55="",LEN(A55)<>3),"",WORKDAY(WORKDAY(DATEVALUE("15/"&VLOOKUP(LEFT(A55,1),$S$1:$U$13,3,FALSE)&"/"&20&RIGHT(A55,2)),-1,Feriados!$A$2:$A$2000),1,Feriados!$A$2:$A$2000)) | S55: =IF(OR(R55="",R55="Cadastrar ativo na aba Banco de Códigos B3"),"",NETWORKDAYS($B$1,R55-1,Feriados!$A$2:$A$2000)) | T55: =IF(OR(R55="",R55="Cadastrar ativo na aba Banco de Códigos B3"),"",+ROUND(((100000/N55)^(252/S55)-1)*100,2))
R56: =IF(OR(A56="",LEN(A56)<>3),"",WORKDAY(WORKDAY(DATEVALUE("15/"&VLOOKUP(LEFT(A56,1),$S$1:$U$13,3,FALSE)&"/"&20&RIGHT(A56,2)),-1,Feriados!$A$2:$A$2000),1,Feriados!$A$2:$A$2000)) | S56: =IF(OR(R56="",R56="Cadastrar ativo na aba Banco de Códigos B3"),"",NETWORKDAYS($B$1,R56-1,Feriados!$A$2:$A$2000)) | T56: =IF(OR(R56="",R56="Cadastrar ativo na aba Banco de Códigos B3"),"",+ROUND(((100000/N56)^(252/S56)-1)*100,2))
R57: =IF(OR(A57="",LEN(A57)<>3),"",WORKDAY(WORKDAY(DATEVALUE("15/"&VLOOKUP(LEFT(A57,1),$S$1:$U$13,3,FALSE)&"/"&20&RIGHT(A57,2)),-1,Feriados!$A$2:$A$2000),1,Feriados!$A$2:$A$2000)) | S57: =IF(OR(R57="",R57="Cadastrar ativo na aba Banco de Códigos B3"),"",NETWORKDAYS($B$1,R57-1,Feriados!$A$2:$A$2000)) | T57: =IF(OR(R57="",R57="Cadastrar ativo na aba Banco de Códigos B3"),"",+ROUND(((100000/N57)^(252/S57)-1)*100,2))
R58: =IF(OR(A58="",LEN(A58)<>3),"",WORKDAY(WORKDAY(DATEVALUE("15/"&VLOOKUP(LEFT(A58,1),$S$1:$U$13,3,FALSE)&"/"&20&RIGHT(A58,2)),-1,Feriados!$A$2:$A$2000),1,Feriados!$A$2:$A$2000)) | S58: =IF(OR(R58="",R58="Cadastrar ativo na aba Banco de Códigos B3"),"",NETWORKDAYS($B$1,R58-1,Feriados!$A$2:$A$2000)) | T58: =IF(OR(R58="",R58="Cadastrar ativo na aba Banco de Códigos B3"),"",+ROUND(((100000/N58)^(252/S58)-1)*100,2))
R59: =IF(OR(A59="",LEN(A59)<>3),"",WORKDAY(WORKDAY(DATEVALUE("15/"&VLOOKUP(LEFT(A59,1),$S$1:$U$13,3,FALSE)&"/"&20&RIGHT(A59,2)),-1,Feriados!$A$2:$A$2000),1,Feriados!$A$2:$A$2000)) | S59: =IF(OR(R59="",R59="Cadastrar ativo na aba Banco de Códigos B3"),"",NETWORKDAYS($B$1,R59-1,Feriados!$A$2:$A$2000)) | T59: =IF(OR(R59="",R59="Cadastrar ativo na aba Banco de Códigos B3"),"",+ROUND(((100000/N59)^(252/S59)-1)*100,2))
R60: =IF(OR(A60="",LEN(A60)<>3),"",WORKDAY(WORKDAY(DATEVALUE("15/"&VLOOKUP(LEFT(A60,1),$S$1:$U$13,3,FALSE)&"/"&20&RIGHT(A60,2)),-1,Feriados!$A$2:$A$2000),1,Feriados!$A$2:$A$2000)) | S60: =IF(OR(R60="",R60="Cadastrar ativo na aba Banco de Códigos B3"),"",NETWORKDAYS($B$1,R60-1,Feriados!$A$2:$A$2000)) | T60: =IF(OR(R60="",R60="Cadastrar ativo na aba Banco de Códigos B3"),"",+ROUND(((100000/N60)^(252/S60)-1)*100,2))
R61: =IF(OR(A61="",LEN(A61)<>3),"",WORKDAY(WORKDAY(DATEVALUE("15/"&VLOOKUP(LEFT(A61,1),$S$1:$U$13,3,FALSE)&"/"&20&RIGHT(A61,2)),-1,Feriados!$A$2:$A$2000),1,Feriados!$A$2:$A$2000)) | S61: =IF(OR(R61="",R61="Cadastrar ativo na aba Banco de Códigos B3"),"",NETWORKDAYS($B$1,R61-1,Feriados!$A$2:$A$2000)) | T61: =IF(OR(R61="",R61="Cadastrar ativo na aba Banco de Códigos B3"),"",+ROUND(((100000/N61)^(252/S61)-1)*100,2))
R62: =IF(OR(A62="",LEN(A62)<>3),"",WORKDAY(WORKDAY(DATEVALUE("15/"&VLOOKUP(LEFT(A62,1),$S$1:$U$13,3,FALSE)&"/"&20&RIGHT(A62,2)),-1,Feriados!$A$2:$A$2000),1,Feriados!$A$2:$A$2000)) | S62: =IF(OR(R62="",R62="Cadastrar ativo na aba Banco de Códigos B3"),"",NETWORKDAYS($B$1,R62-1,Feriados!$A$2:$A$2000)) | T62: =IF(OR(R62="",R62="Cadastrar ativo na aba Banco de Códigos B3"),"",+ROUND(((100000/N62)^(252/S62)-1)*100,2))
... R96: =IF(OR(A96="",LEN(A96)<>3),"",WORKDAY(WORKDAY(DATEVALUE("15/"&VLOOKUP(LEFT(A96,1),$S$1:$U$13,3,FALSE)&"/"&20&RIGHT(A96,2)),-1,Feriados!$A$2:$A$2000),1,Feriados!$A$2:$A$2000)) | S96: =IF(OR(R96="",R96="Cadastrar ativo na aba Banco de Códigos B3"),"",NETWORKDAYS($B$1,R96-1,Feriados!$A$2:$A$2000)) | T96: =IF(OR(R96="",R96="Cadastrar ativo na aba Banco de Códigos B3"),"",+ROUND(((100000/N96)^(252/S96)-1)*100,2))

Sheet Ajustes B3
A1: Atualizado em: 14/02/2023 | H1: https://www.b3.com.br/pt_br/market-data-e-indices/servicos-de-dados/market-data/historico/derivativos/ajustes-do-pregao/
A3: Mercadoria | B3: Vencimento | C3: Preço de ajuste anterior | D3: Preço de ajuste Atual | E3: Variação | F3: Valor do ajuste por contrato (R$)
A4: ABEVO - Contrato Futuro de ABEV3 | B4: G23 | C4: 13.16 | D4: 13.02 | E4: -0.14 | F4: 0.14
B5: H23 | C5: 13.27 | D5: 13.13 | E5: -0.14 | F5: 0.14
B6: J23 | C6: 13.42 | D6: 13.28 | E6: -0.14 | F6: 0.14
A7: AFS - Rande da África do Sul (em USD) | B7: H23 | C7: 17873.9 | D7: 17939.1 | E7: 65.2 | F7: 189
B8: J23 | C8: 17923.2 | D8: 17987.8 | E8: 64.6 | F8: 187.26
B9: K23 | C9: 17964 | D9: 18030.2 | E9: 66.2 | F9: 191.89
B10: M23 | C10: 18009.6 | D10: 18079.5 | E10: 69.9 | F10: 202.62
B11: N23 | C11: 18049.8 | D11: 18117.1 | E11: 67.3 | F11: 195.08
A12: ARB - Peso Argentino (em Reais) | B12: H23 | C12: 26.386 | D12: 26.492 | E12: 0.106 | F12: 15.9
B13: J23 | C13: 24.791 | D13: 24.874 | E13: 0.083 | F13: 12.45
B14: K23 | C14: 23.549 | D14: 23.648 | E14: 0.099 | F14: 14.85
B15: M23 | C15: 22.221 | D15: 22.237 | E15: 0.016 | F15: 2.4
B16: N23 | C16: 21.074 | D16: 21.002 | E16: -0.072 | F16: 10.8
A17: ARS - Peso Argentino (em USD) | B17: H23 | C17: 196675.7 | D17: 196924.3 | E17: 248.6 | F17: 67.09
B18: J23 | C18: 210721.5 | D18: 211119 | E18: 397.5 | F18: 107.28
B19: K23 | C19: 222828 | D19: 223057.1 | E19: 229.1 | F19: 61.83
B20: M23 | C20: 237623.8 | D20: 238696.8 | E20: 1073 | F20: 289.59
B21: N23 | C21: 251981 | D21: 254158.6 | E21: 2177.6 | F21: 587.72
A22: AUD - Dólar Australiano (em Reais) | B22: H23 | C22: 3620.355 | D22: 3641.917 | E22: 21.562 | F22: 1293.72
B23: J23 | C23: 3648.577 | D23: 3670.078 | E23: 21.501 | F23: 1290.06
B24: K23 | C24: 3668.38 | D24: 3690.179 | E24: 21.799 | F24: 1307.94
B25: M23 | C25: 3695.346 | D25: 3717.451 | E25: 22.105 | F25: 1326.3
B26: N23 | C26: 3720.024 | D26: 3741.921 | E26: 21.897 | F26: 1313.82
A27: AUS - Dólar Australiano (em USD) | B27: H23 | C27: 697.645 | D27: 698.109 | E27: 0.464 | F27: 24.13
B28: J23 | C28: 698.431 | D28: 698.879 | E28: 0.448 | F28: 23.3
B29: K23 | C29: 699.086 | D29: 699.568 | E29: 0.482 | F29: 25.07
B30: M23 | C30: 699.836 | D30: 700.348 | E30: 0.512 | F30: 26.63
B31: N23 | C31: 700.532 | D31: 701.032 | E31: 0.5 | F31: 26
A32: B3SAO - Contrato Futuro de B3SA3 | B32: G23 | C32: 11.94 | D32: 11.46 | E32: -0.48 | F32: 0.48
B33: H23 | C33: 12.05 | D33: 11.56 | E33: -0.49 | F33: 0.49
B34: J23 | C34: 12.2 | D34: 11.7 | E34: -0.5 | F34: 0.5
A35: BBASO - Contrato Futuro de BBAS3 | B35: G23 | C35: 40.68 | D35: 41.61 | E35: 0.93 | F35: 0.93
B36: H23 | C36: 41.06 | D36: 41.99 | E36: 0.93 | F36: 0.93
B37: J23 | C37: 41.54 | D37: 42.48 | E37: 0.94 | F37: 0.94
A38: BBDCP - Contrato Futuro de BBDC4 | B38: G23 | C38: 13.15 | D38: 13.26 | E38: 0.11 | F38: 0.11
B39: H23 | C39: 13.27 | D39: 13.38 | E39: 0.11 | F39: 0.11
B40: J23 | C40: 13.42 | D40: 13.54 | E40: 0.12 | F40: 0.12
A41: BGI - Boi gordo | B41: G23 | C41: 300.45 | D41: 300.75 | E41: 0.3 | F41: 99
B42: H23 | C42: 305.35 | D42: 305.35 | E42: 0 | F42: 0
B43: J23 | C43: 299.9 | D43: 301.55 | E43: 1.65 | F43: 544.5
B44: K23 | C44: 296.35 | D44: 297.1 | E44: 0.75 | F44: 247.5
B45: M23 | C45: 291.05 | D45: 291.8 | E45: 0.75 | F45: 247.5
B46: N23 | C46: 299.15 | D46: 299.15 | E46: 0 | F46: 0
B47: Q23 | C47: 284.2 | D47: 284.2 | E47: 0 | F47: 0
B48: U23 | C48: 291.9 | D48: 291.9 | E48: 0 | F48: 0
B49: V23 | C49: 300.55 | D49: 300.55 | E49: 0 | F49: 0
B50: X23 | C50: 295.8 | D50: 295.8 | E50: 0 | F50: 0
B51: Z23 | C51: 295.9 | D51: 295.9 | E51: 0 | F51: 0
A52: BRI - Futuro do Índice Brasil 50 | B52: J23 | C52: 18646 | D52: 18488 | E52: -158 | F52: 1580
B53: M23 | C53: 19009 | D53: 18847 | E53: -162 | F53: 1620
A54: CAD - Dólar Canadense (em Reais) | B54: H23 | C54: 3892.498 | D54: 3906.887 | E54: 14.389 | F54: 863.34
B55: J23 | C55: 3919.44 | D55: 3933.79 | E55: 14.35 | F55: 861
B56: K23 | C56: 3938.254 | D56: 3952.678 | E56: 14.424 | F56: 865.44
B57: M23 | C57: 3964.758 | D57: 3979.178 | E57: 14.42 | F57: 865.2
B58: N23 | C58: 3989.178 | D58: 4003.442 | E58: 14.264 | F58: 855.84
A59: CAN - Dólar Canadense (em USD) | B59: H23 | C59: 1333.178 | D59: 1335.292 | E59: 2.114 | F59: 82.02
B60: J23 | C60: 1332.834 | D60: 1334.941 | E60: 2.107 | F60: 81.75
B61: K23 | C61: 1332.416 | D61: 1334.523 | E61: 2.107 | F61: 81.75
B62: M23 | C62: 1331.81 | D62: 1333.945 | E62: 2.135 | F62: 82.84
B63: N23 | C63: 1331.173 | D63: 1333.286 | E63: 2.113 | F63: 81.99
A64: CCM - Milho | B64: H23 | C64: 89.38 | D64: 88.9 | E64: -0.48 | F64: 216
B65: K23 | C65: 90.95 | D65: 90.77 | E65: -0.18 | F65: 81
B66: N23 | C66: 88.42 | D66: 88.78 | E66: 0.36 | F66: 162
B67: U23 | C67: 88.18 | D67: 88.54 | E67: 0.36 | F67: 162
B68: X23 | C68: 89.97 | D68: 90.34 | E68: 0.37 | F68: 166.5
B69: F24 | C69: 93.45 | D69: 93.55 | E69: 0.1 | F69: 45
B70: H24 | C70: 91 | D70: 91.1 | E70: 0.1 | F70: 45
B71: U24 | C71: 87.45 | D71: 88.17 | E71: 0.72 | F71: 324
A72: CCROO - Contrato Futuro de CCRO3 | B72: G23 | C72: 11.27 | D72: 11.08 | E72: -0.19 | F72: 0.19
B73: H23 | C73: 11.37 | D73: 11.18 | E73: -0.19 | F73: 0.19
B74: J23 | C74: 11.5 | D74: 11.3 | E74: -0.2 | F74: 0.2
A75: CHF - Franco Suíço (em Reais) | B75: H23 | C75: 5652.932 | D75: 5669.239 | E75: 16.307 | F75: 815.35
B76: J23 | C76: 5709.874 | D76: 5725.445 | E76: 15.571 | F76: 778.55
B77: K23 | C77: 5751.826 | D77: 5768.113 | E77: 16.287 | F77: 814.35
B78: M23 | C78: 5808.276 | D78: 5824.649 | E78: 16.373 | F78: 818.65
B79: N23 | C79: 5860.595 | D79: 5876.618 | E79: 16.023 | F79: 801.15
A80: CHL - Peso Chileno (em USD) | B80: H23 | C80: 794711.3 | D80: 787518.2 | E80: -7193.1 | F80: 469.35
B81: J23 | C81: 798608.5 | D81: 791315.1 | E81: -7293.4 | F81: 475.9
B82: K23 | C82: 801912.7 | D82: 794782.7 | E82: -7130 | F82: 465.23
B83: M23 | C83: 805640.1 | D83: 798565.8 | E83: -7074.3 | F83: 461.6
B84: N23 | C84: 808453.5 | D84: 801416.5 | E84: -7037 | F84: 459.17
A85: CIELO - Contrato Futuro de CIEL3 | B85: G23 | C85: 5.36 | D85: 5.24 | E85: -0.12 | F85: 0.12
B86: H23 | C86: 5.41 | D86: 5.29 | E86: -0.12 | F86: 0.12
B87: J23 | C87: 5.47 | D87: 5.35 | E87: -0.12 | F87: 0.12
A88: CLP - Peso Chileno (em Reais) | B88: H23 | C88: 6529.9 | D88: 6624.4 | E88: 94.5 | F88: 2362.5
B89: J23 | C89: 6541.3 | D89: 6636.3 | E89: 95 | F89: 2375
B90: K23 | C90: 6543.5 | D90: 6636.9 | E90: 93.4 | F90: 2335
B91: M23 | C91: 6554.1 | D91: 6646.9 | E91: 92.8 | F91: 2320
B92: N23 | C92: 6568.4 | D92: 6660.4 | E92: 92 | F92: 2300
A93: CMIGP - Contrato Futuro de CMIG4 | B93: G23 | C93: 11.03 | D93: 10.93 | E93: -0.1 | F93: 0.1
B94: H23 | C94: 11.13 | D94: 11.03 | E94: -0.1 | F94: 0.1
B95: J23 | C95: 11.26 | D95: 11.16 | E95: -0.1 | F95: 0.1
A96: CNH - Iuan Chinês Offshore (em USD) | B96: H23 | C96: 6814.232 | D96: 6832.073 | E96: 17.841 | F96: 135.29
B97: J23 | C97: 6800.227 | D97: 6818.412 | E97: 18.185 | F97: 137.9
B98: K23 | C98: 6787.858 | D98: 6805.769 | E98: 17.911 | F98: 135.82
B99: M23 | C99: 6772.137 | D99: 6790.115 | E99: 17.978 | F99: 136.33
B100: N23 | C100: 6757.119 | D100: 6775.748 | E100: 18.629 | F100: 141.27
A101: CNY - Iuan Chinês Onshore (em Reais) | B101: H23 | C101: 7614.258 | D101: 7649.92 | E101: 35.662 | F101: 1248.17
...

Sheet DAP Futuro
A1: DATA: | B1: 44971
A3: VENCTO | B3: CONTR. ABERT.(1) | C3: CONTR. FECH.(2) | D3: NÚM. NEGOC. | E3: CONTR. NEGOC. | F3: VOL. | G3: AJUSTE ANTER. (3) | H3: AJUSTE ANTER. CORRIG. (4) | I3: PREÇO ABERT. | J3: PREÇO MÍN. | K3: PREÇO MÁX. | L3: PREÇO MÉD. | M3: ÚLT. PREÇO | N3: AJUSTE | O3: VAR. PTOS. | P3: ÚLT. OF. COMPRA | Q3: ÚLT. OF. VENDA | R3: Vencimento | S3: DU | T3: Taxa de Ajuste | U3: Valor do Ajuste Por Contrato
A4: Q24 | B4: 230328 | C4: 229645 | D4: 32 | E4: 3095 | F4: 460282202 | G4: 91324.64 | H4: 91324.64 | I4: 6.29 | J4: 6.16 | K4: 6.29 | L4: 6.21 | M4: 6.16 | N4: 91463.11 | O4: 138,47+ | P4: 0 | Q4: 6.2 | R4: 45519 | S4: 375 | T4: =+ROUND(((100000/N4)^(252/S4)-1)*100,2) -> 6.18 | U4: =+'Ajustes B3'!F117 -> 225.25
A5: Q28 | B5: 137372 | C5: 139105 | D5: 47 | E5: 12582 | F5: 1489801232 | G5: 72591.61 | H5: 72591.61 | I5: 5.9 | J5: 5.9 | K5: 6.02 | L5: 5.96 | M5: 5.99 | N5: 72664.09 | O5: 72,48+ | P5: 5.9 | Q5: 0 | R5: 46980 | S5: 1381 | T5: =+ROUND(((100000/N5)^(252/S5)-1)*100,2) -> 6 | U5: =+'Ajustes B3'!F122 -> 117.9
A6: K35 | B6: 74060 | C6: 74290 | D6: 17 | E6: 1800 | F6: 140870364 | G6: 48065.56 | H6: 48065.56 | I6: 6.18 | J6: 6.18 | K6: 6.19 | L6: 6.18 | M6: 6.19 | N6: 48064.15 | O6: 1,41- | P6: 0 | Q6: 0 | R6: 49444 | S6: 3074 | T6: =+ROUND(((100000/N6)^(252/S6)-1)*100,2) -> 6.19 | U6: =+'Ajustes B3'!F126 -> 2.29
A8: Q24 | B8: 230328 | C8: 229645 | D8: 32 | E8: 3095 | F8: =+E8*N4*0.00025*$F$13 -> 4.6048634e+08 | G8: 91300.18 | H8: =TRUNC(+G8*($H$12/$J$13),2) -> 91324.64 | I8: 6.29 | J8: 6.16 | K8: 6.29 | L8: 6.21 | M8: 6.16 | N8: =100000/(1+T8/100)^(S8/252) -> 91463.107 | O8: =+N8-H8 -> 138.46713 | P8: 0 | Q8: 6.2 | R8: 45519 | S8: 375 | T8: 6.18 | U8: =+(O8)*0.00025*$F$13 -> 225.24586
A9: Q28 | B9: 137372 | C9: 139105 | D9: 47 | E9: 12582 | F9: =+E9*N5*0.00025*$F$13 -> 1.4872352e+09 | G9: 72572.17 | H9: =TRUNC(+G9*($H$12/$J$13),2) -> 72591.61 | I9: 5.9 | J9: 5.9 | K9: 6.02 | L9: 5.96 | M9: 5.99 | N9: =100000/(1+T9/100)^(S9/252) -> 72664.09 | O9: =+N9-H9 -> 72.480411 | P9: 5.9 | Q9: 0 | R9: 46980 | S9: 1381 | T9: 6 | U9: =+(O9)*0.00025*$F$13 -> 117.90461
A10: K35 | B10: 74060 | C10: 74290 | D10: 17 | E10: 1800 | F10: =+E10*N6*0.00025*$F$13 -> 1.4073558e+08 | G10: 48052.69 | H10: =TRUNC(+G10*($H$12/$J$13),2) -> 48065.56 | I10: 6.18 | J10: 6.18 | K10: 6.19 | L10: 6.18 | M10: 6.19 | N10: =100000/(1+T10/100)^(S10/252) -> 48064.146 | O10: =+N10-H10 -> -1.4141555 | P10: 0 | Q10: 0 | R10: 49444 | S10: 3074 | T10: 6.19 | U10: =+(O10)*0.00025*$F$13 -> -2.300421
E12: CDI | F12: 13.65 | G12: FC DI→ | H12: =TRUNC((F12/100+1)^(1/252),7) -> 1.0005078
E13: PRT d0 | F13: 6506.84 | G13: PRT d-1 | H13: 6505.28 | I13: FC IPCA→ | J13: =TRUNC(F13/H13,7) -> 1.0002398
C16: Comprado em Taxa Real | F16: ↑
C17: Vendido em PU
C18: Tomado em Juros Reais
C19: Ativo em CDI
C20: Passivo em IPCA+
C21: Contra o IPCA+
C23: Vendido em Taxa Real | F23: ↓
C24: Comprado em PU
C25: Doado em Juros Reais
C26: Ativo em IPCA+
C27: Passivo em CDI
C28: IPCA+

Sheet Simular PRT
I1: Antes 15 do mês | N1: Após 15 do mês
A2: Data Referência | B2: PRT Calculado | C2: IPCA a.m | D2: Retorno a.d | E2: Fator Acum | F2: Retorno Acum | G2: Data 15 Mês Ant. | H2: VNA Mês Ant 15 | I2: du1 | J2: du2 | K2: Data 15 Mês Atual | L2: VNA atual 15 | M2: Data 15 Mês Post | N2: du1 | O2: du2 | P2: Critério | Q2: VNA Calculado
A3: 44819 | B3: 6388.87 | C3: -0.36 | D3: 0 | E3: 1 | F3: 0
A4: 44820 | B4: =ROUND(+Q4,2) -> 6388.5 | C4: -0.12 | D4: =+(B4/B3-1)*100 -> -0.0057913215 | E4: =+(D4/100+1)*E3 -> 0.99994209 | F4: =(+E4-1)*100 -> -0.0057913215 | K4: =WORKDAY(WORKDAY(DATEVALUE(CONCATENATE("15/"&MONTH(A4)&"/"&YEAR(A4))),-1,Feriados!$A$2:$A$1037),1,Feriados!$A$2:$A$1037) -> 44819 | L4: =VLOOKUP(K4,$A$2:$B$76,2,FALSE) -> 6388.87 | M4: =WORKDAY(WORKDAY(DATEVALUE(CONCATENATE("15/"&MONTH(EDATE(A4,1))&"/"&YEAR(EDATE(A4,1)))),-1,Feriados!$A$2:$A$1037),1,Feriados!$A$2:$A$1037) -> 44851 | N4: =IF(P4="antes","",NETWORKDAYS(K4,A4-1,Feriados!$A$2:$A$1037)) -> 1 | O4: =IF(P4="antes","",NETWORKDAYS(K4,M4-1,Feriados!$A$2:$A$1037)) -> 21 | P4: =IF(A4>K4,"Após","Antes") -> Após | Q4: =IF(A4>K4,TRUNC(+L4*((1+C4/100)^(N4/O4)),6),TRUNC(+H4*((1+C4/100)^(I4/J4)),6)) -> 6388.5047
A5: 44823 | B5: =ROUND(+Q5,2) -> 6388.14 | C5: -0.12 | D5: =+(B5/B4-1)*100 -> -0.0056351256 | E5: =+(D5/100+1)*E4 -> 0.99988574 | F5: =(+E5-1)*100 -> -0.011426121 | K5: =WORKDAY(WORKDAY(DATEVALUE(CONCATENATE("15/"&MONTH(A5)&"/"&YEAR(A5))),-1,Feriados!$A$2:$A$1037),1,Feriados!$A$2:$A$1037) -> 44819 | L5: =VLOOKUP(K5,$A$2:$B$76,2,FALSE) -> 6388.87 | M5: =WORKDAY(WORKDAY(DATEVALUE(CONCATENATE("15/"&MONTH(EDATE(A5,1))&"/"&YEAR(EDATE(A5,1)))),-1,Feriados!$A$2:$A$1037),1,Feriados!$A$2:$A$1037) -> 44851 | N5: =IF(P5="antes","",NETWORKDAYS(K5,A5-1,Feriados!$A$2:$A$1037)) -> 2 | O5: =IF(P5="antes","",NETWORKDAYS(K5,M5-1,Feriados!$A$2:$A$1037)) -> 21 | P5: =IF(A5>K5,"Após","Antes") -> Após | Q5: =IF(A5>K5,TRUNC(+L5*((1+C5/100)^(N5/O5)),6),TRUNC(+H5*((1+C5/100)^(I5/J5)),6)) -> 6388.1394
A6: 44824 | B6: =ROUND(+Q6,2) -> 6387.77 | C6: -0.12 | D6: =+(B6/B5-1)*100 -> -0.0057919833 | E6: =+(D6/100+1)*E5 -> 0.99982783 | F6: =(+E6-1)*100 -> -0.017217442 | K6: =WORKDAY(WORKDAY(DATEVALUE(CONCATENATE("15/"&MONTH(A6)&"/"&YEAR(A6))),-1,Feriados!$A$2:$A$1037),1,Feriados!$A$2:$A$1037) -> 44819 | L6: =VLOOKUP(K6,$A$2:$B$76,2,FALSE) -> 6388.87 | M6: =WORKDAY(WORKDAY(DATEVALUE(CONCATENATE("15/"&MONTH(EDATE(A6,1))&"/"&YEAR(EDATE(A6,1)))),-1,Feriados!$A$2:$A$1037),1,Feriados!$A$2:$A$1037) -> 44851 | N6: =IF(P6="antes","",NETWORKDAYS(K6,A6-1,Feriados!$A$2:$A$1037)) -> 3 | O6: =IF(P6="antes","",NETWORKDAYS(K6,M6-1,Feriados!$A$2:$A$1037)) -> 21 | P6: =IF(A6>K6,"Após","Antes") -> Após | Q6: =IF(A6>K6,TRUNC(+L6*((1+C6/100)^(N6/O6)),6),TRUNC(+H6*((1+C6/100)^(I6/J6)),6)) -> 6387.7742
A7: 44825 | B7: =ROUND(+Q7,2) -> 6387.41 | C7: -0.12 | D7: =+(B7/B6-1)*100 -> -0.0056357696 | E7: =+(D7/100+1)*E6 -> 0.99977148 | F7: =(+E7-1)*100 -> -0.022852241 | K7: =WORKDAY(WORKDAY(DATEVALUE(CONCATENATE("15/"&MONTH(A7)&"/"&YEAR(A7))),-1,Feriados!$A$2:$A$1037),1,Feriados!$A$2:$A$1037) -> 44819 | L7: =VLOOKUP(K7,$A$2:$B$76,2,FALSE) -> 6388.87 | M7: =WORKDAY(WORKDAY(DATEVALUE(CONCATENATE("15/"&MONTH(EDATE(A7,1))&"/"&YEAR(EDATE(A7,1)))),-1,Feriados!$A$2:$A$1037),1,Feriados!$A$2:$A$1037) -> 44851 | N7: =IF(P7="antes","",NETWORKDAYS(K7,A7-1,Feriados!$A$2:$A$1037)) -> 4 | O7: =IF(P7="antes","",NETWORKDAYS(K7,M7-1,Feriados!$A$2:$A$1037)) -> 21 | P7: =IF(A7>K7,"Após","Antes") -> Após | Q7: =IF(A7>K7,TRUNC(+L7*((1+C7/100)^(N7/O7)),6),TRUNC(+H7*((1+C7/100)^(I7/J7)),6)) -> 6387.409
A8: 44826 | B8: =ROUND(+Q8,2) -> 6387.04 | C8: -0.12 | D8: =+(B8/B7-1)*100 -> -0.0057926452 | E8: =+(D8/100+1)*E7 -> 0.99971356 | F8: =(+E8-1)*100 -> -0.028643563 | K8: =WORKDAY(WORKDAY(DATEVALUE(CONCATENATE("15/"&MONTH(A8)&"/"&YEAR(A8))),-1,Feriados!$A$2:$A$1037),1,Feriados!$A$2:$A$1037) -> 44819 | L8: =VLOOKUP(K8,$A$2:$B$76,2,FALSE) -> 6388.87 | M8: =WORKDAY(WORKDAY(DATEVALUE(CONCATENATE("15/"&MONTH(EDATE(A8,1))&"/"&YEAR(EDATE(A8,1)))),-1,Feriados!$A$2:$A$1037),1,Feriados!$A$2:$A$1037) -> 44851 | N8: =IF(P8="antes","",NETWORKDAYS(K8,A8-1,Feriados!$A$2:$A$1037)) -> 5 | O8: =IF(P8="antes","",NETWORKDAYS(K8,M8-1,Feriados!$A$2:$A$1037)) -> 21 | P8: =IF(A8>K8,"Após","Antes") -> Após | Q8: =IF(A8>K8,TRUNC(+L8*((1+C8/100)^(N8/O8)),6),TRUNC(+H8*((1+C8/100)^(I8/J8)),6)) -> 6387.0438
A9: 44827 | B9: =ROUND(+Q9,2) -> 6386.68 | C9: -0.12 | D9: =+(B9/B8-1)*100 -> -0.0056364137 | E9: =+(D9/100+1)*E8 -> 0.99965722 | F9: =(+E9-1)*100 -> -0.034278362 | K9: =WORKDAY(WORKDAY(DATEVALUE(CONCATENATE("15/"&MONTH(A9)&"/"&YEAR(A9))),-1,Feriados!$A$2:$A$1037),1,Feriados!$A$2:$A$1037) -> 44819 | L9: =VLOOKUP(K9,$A$2:$B$76,2,FALSE) -> 6388.87 | M9: =WORKDAY(WORKDAY(DATEVALUE(CONCATENATE("15/"&MONTH(EDATE(A9,1))&"/"&YEAR(EDATE(A9,1)))),-1,Feriados!$A$2:$A$1037),1,Feriados!$A$2:$A$1037) -> 44851 | N9: =IF(P9="antes","",NETWORKDAYS(K9,A9-1,Feriados!$A$2:$A$1037)) -> 6 | O9: =IF(P9="antes","",NETWORKDAYS(K9,M9-1,Feriados!$A$2:$A$1037)) -> 21 | P9: =IF(A9>K9,"Após","Antes") -> Após | Q9: =IF(A9>K9,TRUNC(+L9*((1+C9/100)^(N9/O9)),6),TRUNC(+H9*((1+C9/100)^(I9/J9)),6)) -> 6386.6786
A10: 44830 | B10: =ROUND(+Q10,2) -> 6386.31 | C10: -0.12 | D10: =+(B10/B9-1)*100 -> -0.0057933073 | E10: =+(D10/100+1)*E9 -> 0.9995993 | F10: =(+E10-1)*100 -> -0.040069684 | K10: =WORKDAY(WORKDAY(DATEVALUE(CONCATENATE("15/"&MONTH(A10)&"/"&YEAR(A10))),-1,Feriados!$A$2:$A$1037),1,Feriados!$A$2:$A$1037) -> 44819 | L10: =VLOOKUP(K10,$A$2:$B$76,2,FALSE) -> 6388.87 | M10: =WORKDAY(WORKDAY(DATEVALUE(CONCATENATE("15/"&MONTH(EDATE(A10,1))&"/"&YEAR(EDATE(A10,1)))),-1,Feriados!$A$2:$A$1037),1,Feriados!$A$2:$A$1037) -> 44851 | N10: =IF(P10="antes","",NETWORKDAYS(K10,A10-1,Feriados!$A$2:$A$1037)) -> 7 | O10: =IF(P10="antes","",NETWORKDAYS(K10,M10-1,Feriados!$A$2:$A$1037)) -> 21 | P10: =IF(A10>K10,"Após","Antes") -> Após | Q10: =IF(A10>K10,TRUNC(+L10*((1+C10/100)^(N10/O10)),6),TRUNC(+H10*((1+C10/100)^(I10/J10)),6)) -> 6386.3134
A11: 44831 | B11: =ROUND(+Q11,2) -> 6385.95 | C11: -0.12 | D11: =+(B11/B10-1)*100 -> -0.005637058 | E11: =+(D11/100+1)*E10 -> 0.99954296 | F11: =(+E11-1)*100 -> -0.045704483 | K11: =WORKDAY(WORKDAY(DATEVALUE(CONCATENATE("15/"&MONTH(A11)&"/"&YEAR(A11))),-1,Feriados!$A$2:$A$1037),1,Feriados!$A$2:$A$1037) -> 44819 | L11: =VLOOKUP(K11,$A$2:$B$76,2,FALSE) -> 6388.87 | M11: =WORKDAY(WORKDAY(DATEVALUE(CONCATENATE("15/"&MONTH(EDATE(A11,1))&"/"&YEAR(EDATE(A11,1)))),-1,Feriados!$A$2:$A$1037),1,Feriados!$A$2:$A$1037) -> 44851 | N11: =IF(P11="antes","",NETWORKDAYS(K11,A11-1,Feriados!$A$2:$A$1037)) -> 8 | O11: =IF(P11="antes","",NETWORKDAYS(K11,M11-1,Feriados!$A$2:$A$1037)) -> 21 | P11: =IF(A11>K11,"Após","Antes") -> Após | Q11: =IF(A11>K11,TRUNC(+L11*((1+C11/100)^(N11/O11)),6),TRUNC(+H11*((1+C11/100)^(I11/J11)),6)) -> 6385.9483
A12: 44832 | B12: =ROUND(+Q12,2) -> 6380.1 | C12: -0.32 | D12: =+(B12/B11-1)*100 -> -0.091607357 | E12: =+(D12/100+1)*E11 -> 0.9986273 | F12: =(+E12-1)*100 -> -0.13726997 | K12: =WORKDAY(WORKDAY(DATEVALUE(CONCATENATE("15/"&MONTH(A12)&"/"&YEAR(A12))),-1,Feriados!$A$2:$A$1037),1,Feriados!$A$2:$A$1037) -> 44819 | L12: =VLOOKUP(K12,$A$2:$B$76,2,FALSE) -> 6388.87 | M12: =WORKDAY(WORKDAY(DATEVALUE(CONCATENATE("15/"&MONTH(EDATE(A12,1))&"/"&YEAR(EDATE(A12,1)))),-1,Feriados!$A$2:$A$1037),1,Feriados!$A$2:$A$1037) -> 44851 | N12: =IF(P12="antes","",NETWORKDAYS(K12,A12-1,Feriados!$A$2:$A$1037)) -> 9 | O12: =IF(P12="antes","",NETWORKDAYS(K12,M12-1,Feriados!$A$2:$A$1037)) -> 21 | P12: =IF(A12>K12,"Após","Antes") -> Após | Q12: =IF(A12>K12,TRUNC(+L12*((1+C12/100)^(N12/O12)),6),TRUNC(+H12*((1+C12/100)^(I12/J12)),6)) -> 6380.1001
A13: 44833 | B13: =ROUND(+Q13,2) -> 6379.13 | C13: -0.32 | D13: =+(B13/B12-1)*100 -> -0.015203523 | E13: =+(D13/100+1)*E12 -> 0.99847547 | F13: =(+E13-1)*100 -> -0.15245262 | K13: =WORKDAY(WORKDAY(DATEVALUE(CONCATENATE("15/"&MONTH(A13)&"/"&YEAR(A13))),-1,Feriados!$A$2:$A$1037),1,Feriados!$A$2:$A$1037) -> 44819 | L13: =VLOOKUP(K13,$A$2:$B$76,2,FALSE) -> 6388.87 | M13: =WORKDAY(WORKDAY(DATEVALUE(CONCATENATE("15/"&MONTH(EDATE(A13,1))&"/"&YEAR(EDATE(A13,1)))),-1,Feriados!$A$2:$A$1037),1,Feriados!$A$2:$A$1037) -> 44851 | N13: =IF(P13="antes","",NETWORKDAYS(K13,A13-1,Feriados!$A$2:$A$1037)) -> 10 | O13: =IF(P13="antes","",NETWORKDAYS(K13,M13-1,Feriados!$A$2:$A$1037)) -> 21 | P13: =IF(A13>K13,"Após","Antes") -> Após | Q13: =IF(A13>K13,TRUNC(+L13*((1+C13/100)^(N13/O13)),6),TRUNC(+H13*((1+C13/100)^(I13/J13)),6)) -> 6379.1264
A14: 44834 | B14: =ROUND(+Q14,2) -> 6378.15 | C14: -0.32 | D14: =+(B14/B13-1)*100 -> -0.015362596 | E14: =+(D14/100+1)*E13 -> 0.99832208 | F14: =(+E14-1)*100 -> -0.1677918 | K14: =WORKDAY(WORKDAY(DATEVALUE(CONCATENATE("15/"&MONTH(A14)&"/"&YEAR(A14))),-1,Feriados!$A$2:$A$1037),1,Feriados!$A$2:$A$1037) -> 44819 | L14: =VLOOKUP(K14,$A$2:$B$76,2,FALSE) -> 6388.87 | M14: =WORKDAY(WORKDAY(DATEVALUE(CONCATENATE("15/"&MONTH(EDATE(A14,1))&"/"&YEAR(EDATE(A14,1)))),-1,Feriados!$A$2:$A$1037),1,Feriados!$A$2:$A$1037) -> 44851 | N14: =IF(P14="antes","",NETWORKDAYS(K14,A14-1,Feriados!$A$2:$A$1037)) -> 11 | O14: =IF(P14="antes","",NETWORKDAYS(K14,M14-1,Feriados!$A$2:$A$1037)) -> 21 | P14: =IF(A14>K14,"Após","Antes") -> Após | Q14: =IF(A14>K14,TRUNC(+L14*((1+C14/100)^(N14/O14)),6),TRUNC(+H14*((1+C14/100)^(I14/J14)),6)) -> 6378.1529
A15: 44837 | B15: =ROUND(+Q15,2) -> 6377.18 | C15: -0.32 | D15: =+(B15/B14-1)*100 -> -0.015208172 | E15: =+(D15/100+1)*E14 -> 0.99817026 | F15: =(+E15-1)*100 -> -0.18297445 | G15: =WORKDAY(WORKDAY(DATEVALUE(CONCATENATE("15/"&MONTH(EDATE($A15,-1))&"/"&YEAR(EDATE(A15,-1)))),-1,Feriados!$A$2:$A$1037),1,Feriados!$A$2:$A$1037) -> 44819 | H15: =VLOOKUP(G15,$A$2:$B$76,2,FALSE) -> 6388.87 | I15: =IF(P15="após","",NETWORKDAYS(G15,A15-1,Feriados!$A$2:$A$1037)) -> 12 | J15: =IF(P15="após","",NETWORKDAYS(G15,K15-1,Feriados!$A$2:$A$1037)) -> 21 | K15: =WORKDAY(WORKDAY(DATEVALUE(CONCATENATE("15/"&MONTH(A15)&"/"&YEAR(A15))),-1,Feriados!$A$2:$A$1037),1,Feriados!$A$2:$A$1037) -> 44851 | L15: =VLOOKUP(K15,$A$2:$B$76,2,FALSE) -> 6370.34 | M15: =WORKDAY(WORKDAY(DATEVALUE(CONCATENATE("15/"&MONTH(EDATE(A15,1))&"/"&YEAR(EDATE(A15,1)))),-1,Feriados!$A$2:$A$1037),1,Feriados!$A$2:$A$1037) -> 44881 | N15: =IF(P15="antes","",NETWORKDAYS(K15,A15-1,Feriados!$A$2:$A$1037)) | O15: =IF(P15="antes","",NETWORKDAYS(K15,M15-1,Feriados!$A$2:$A$1037)) | P15: =IF(A15>K15,"Após","Antes") -> Antes | Q15: =IF(A15>K15,TRUNC(+L15*((1+C15/100)^(N15/O15)),6),TRUNC(+H15*((1+C15/100)^(I15/J15)),6)) -> 6377.1795
A16: 44838 | B16: =ROUND(+Q16,2) -> 6376.21 | C16: -0.32 | D16: =+(B16/B15-1)*100 -> -0.015210485 | E16: =+(D16/100+1)*E15 -> 0.99801843 | F16: =(+E16-1)*100 -> -0.19815711 | G16: =WORKDAY(WORKDAY(DATEVALUE(CONCATENATE("15/"&MONTH(EDATE($A16,-1))&"/"&YEAR(EDATE(A16,-1)))),-1,Feriados!$A$2:$A$1037),1,Feriados!$A$2:$A$1037) -> 44819 | H16: =VLOOKUP(G16,$A$2:$B$76,2,FALSE) -> 6388.87 | I16: =IF(P16="após","",NETWORKDAYS(G16,A16-1,Feriados!$A$2:$A$1037)) -> 13 | J16: =IF(P16="após","",NETWORKDAYS(G16,K16-1,Feriados!$A$2:$A$1037)) -> 21 | K16: =WORKDAY(WORKDAY(DATEVALUE(CONCATENATE("15/"&MONTH(A16)&"/"&YEAR(A16))),-1,Feriados!$A$2:$A$1037),1,Feriados!$A$2:$A$1037) -> 44851 | L16: =VLOOKUP(K16,$A$2:$B$76,2,FALSE) -> 6370.34 | M16: =WORKDAY(WORKDAY(DATEVALUE(CONCATENATE("15/"&MONTH(EDATE(A16,1))&"/"&YEAR(EDATE(A16,1)))),-1,Feriados!$A$2:$A$1037),1,Feriados!$A$2:$A$1037) -> 44881 | N16: =IF(P16="antes","",NETWORKDAYS(K16,A16-1,Feriados!$A$2:$A$1037)) | O16: =IF(P16="antes","",NETWORKDAYS(K16,M16-1,Feriados!$A$2:$A$1037)) | P16: =IF(A16>K16,"Após","Antes") -> Antes | Q16: =IF(A16>K16,TRUNC(+L16*((1+C16/100)^(N16/O16)),6),TRUNC(+H16*((1+C16/100)^(I16/J16)),6)) -> 6376.2062
A17: 44839 | B17: =ROUND(+Q17,2) -> 6375.23 | C17: -0.32 | D17: =+(B17/B16-1)*100 -> -0.015369632 | E17: =+(D17/100+1)*E16 -> 0.99786504 | F17: =(+E17-1)*100 -> -0.21349628 | G17: =WORKDAY(WORKDAY(DATEVALUE(CONCATENATE("15/"&MONTH(EDATE($A17,-1))&"/"&YEAR(EDATE(A17,-1)))),-1,Feriados!$A$2:$A$1037),1,Feriados!$A$2:$A$1037) -> 44819 | H17: =VLOOKUP(G17,$A$2:$B$76,2,FALSE) -> 6388.87 | I17: =IF(P17="após","",NETWORKDAYS(G17,A17-1,Feriados!$A$2:$A$1037)) -> 14 | J17: =IF(P17="após","",NETWORKDAYS(G17,K17-1,Feriados!$A$2:$A$1037)) -> 21 | K17: =WORKDAY(WORKDAY(DATEVALUE(CONCATENATE("15/"&MONTH(A17)&"/"&YEAR(A17))),-1,Feriados!$A$2:$A$1037),1,Feriados!$A$2:$A$1037) -> 44851 | L17: =VLOOKUP(K17,$A$2:$B$76,2,FALSE) -> 6370.34 | M17: =WORKDAY(WORKDAY(DATEVALUE(CONCATENATE("15/"&MONTH(EDATE(A17,1))&"/"&YEAR(EDATE(A17,1)))),-1,Feriados!$A$2:$A$1037),1,Feriados!$A$2:$A$1037) -> 44881 | N17: =IF(P17="antes","",NETWORKDAYS(K17,A17-1,Feriados!$A$2:$A$1037)) | O17: =IF(P17="antes","",NETWORKDAYS(K17,M17-1,Feriados!$A$2:$A$1037)) | P17: =IF(A17>K17,"Após","Antes") -> Antes | Q17: =IF(A17>K17,TRUNC(+L17*((1+C17/100)^(N17/O17)),6),TRUNC(+H17*((1+C17/100)^(I17/J17)),6)) -> 6375.2331
A18: 44840 | B18: =ROUND(+Q18,2) -> 6374.26 | C18: -0.32 | D18: =+(B18/B17-1)*100 -> -0.015215137 | E18: =+(D18/100+1)*E17 -> 0.99771321 | F18: =(+E18-1)*100 -> -0.22867894 | G18: =WORKDAY(WORKDAY(DATEVALUE(CONCATENATE("15/"&MONTH(EDATE($A18,-1))&"/"&YEAR(EDATE(A18,-1)))),-1,Feriados!$A$2:$A$1037),1,Feriados!$A$2:$A$1037) -> 44819 | H18: =VLOOKUP(G18,$A$2:$B$76,2,FALSE) -> 6388.87 | I18: =IF(P18="após","",NETWORKDAYS(G18,A18-1,Feriados!$A$2:$A$1037)) -> 15 | J18: =IF(P18="após","",NETWORKDAYS(G18,K18-1,Feriados!$A$2:$A$1037)) -> 21 | K18: =WORKDAY(WORKDAY(DATEVALUE(CONCATENATE("15/"&MONTH(A18)&"/"&YEAR(A18))),-1,Feriados!$A$2:$A$1037),1,Feriados!$A$2:$A$1037) -> 44851 | L18: =VLOOKUP(K18,$A$2:$B$76,2,FALSE) -> 6370.34 | M18: =WORKDAY(WORKDAY(DATEVALUE(CONCATENATE("15/"&MONTH(EDATE(A18,1))&"/"&YEAR(EDATE(A18,1)))),-1,Feriados!$A$2:$A$1037),1,Feriados!$A$2:$A$1037) -> 44881 | N18: =IF(P18="antes","",NETWORKDAYS(K18,A18-1,Feriados!$A$2:$A$1037)) | O18: =IF(P18="antes","",NETWORKDAYS(K18,M18-1,Feriados!$A$2:$A$1037)) | P18: =IF(A18>K18,"Após","Antes") -> Antes | Q18: =IF(A18>K18,TRUNC(+L18*((1+C18/100)^(N18/O18)),6),TRUNC(+H18*((1+C18/100)^(I18/J18)),6)) -> 6374.2602
A19: 44841 | B19: =ROUND(+Q19,2) -> 6373.29 | C19: -0.32 | D19: =+(B19/B18-1)*100 -> -0.015217453 | E19: =+(D19/100+1)*E18 -> 0.99756138 | F19: =(+E19-1)*100 -> -0.24386159 | G19: =WORKDAY(WORKDAY(DATEVALUE(CONCATENATE("15/"&MONTH(EDATE($A19,-1))&"/"&YEAR(EDATE(A19,-1)))),-1,Feriados!$A$2:$A$1037),1,Feriados!$A$2:$A$1037) -> 44819 | H19: =VLOOKUP(G19,$A$2:$B$76,2,FALSE) -> 6388.87 | I19: =IF(P19="após","",NETWORKDAYS(G19,A19-1,Feriados!$A$2:$A$1037)) -> 16 | J19: =IF(P19="após","",NETWORKDAYS(G19,K19-1,Feriados!$A$2:$A$1037)) -> 21 | K19: =WORKDAY(WORKDAY(DATEVALUE(CONCATENATE("15/"&MONTH(A19)&"/"&YEAR(A19))),-1,Feriados!$A$2:$A$1037),1,Feriados!$A$2:$A$1037) -> 44851 | L19: =VLOOKUP(K19,$A$2:$B$76,2,FALSE) -> 6370.34 | M19: =WORKDAY(WORKDAY(DATEVALUE(CONCATENATE("15/"&MONTH(EDATE(A19,1))&"/"&YEAR(EDATE(A19,1)))),-1,Feriados!$A$2:$A$1037),1,Feriados!$A$2:$A$1037) -> 44881 | N19: =IF(P19="antes","",NETWORKDAYS(K19,A19-1,Feriados!$A$2:$A$1037)) | O19: =IF(P19="antes","",NETWORKDAYS(K19,M19-1,Feriados!$A$2:$A$1037)) | P19: =IF(A19>K19,"Após","Antes") -> Antes | Q19: =IF(A19>K19,TRUNC(+L19*((1+C19/100)^(N19/O19)),6),TRUNC(+H19*((1+C19/100)^(I19/J19)),6)) -> 6373.2874
A20: 44844 | B20: =ROUND(+Q20,2) -> 6372.31 | C20: -0.32 | D20: =+(B20/B19-1)*100 -> -0.015376674 | E20: =+(D20/100+1)*E19 -> 0.99740799 | F20: =(+E20-1)*100 -> -0.25920077 | G20: =WORKDAY(WORKDAY(DATEVALUE(CONCATENATE("15/"&MONTH(EDATE($A20,-1))&"/"&YEAR(EDATE(A20,-1)))),-1,Feriados!$A$2:$A$1037),1,Feriados!$A$2:$A$1037) -> 44819 | H20: =VLOOKUP(G20,$A$2:$B$76,2,FALSE) -> 6388.87 | I20: =IF(P20="após","",NETWORKDAYS(G20,A20-1,Feriados!$A$2:$A$1037)) -> 17 | J20: =IF(P20="após","",NETWORKDAYS(G20,K20-1,Feriados!$A$2:$A$1037)) -> 21 | K20: =WORKDAY(WORKDAY(DATEVALUE(CONCATENATE("15/"&MONTH(A20)&"/"&YEAR(A20))),-1,Feriados!$A$2:$A$1037),1,Feriados!$A$2:$A$1037) -> 44851 | L20: =VLOOKUP(K20,$A$2:$B$76,2,FALSE) -> 6370.34 | M20: =WORKDAY(WORKDAY(DATEVALUE(CONCATENATE("15/"&MONTH(EDATE(A20,1))&"/"&YEAR(EDATE(A20,1)))),-1,Feriados!$A$2:$A$1037),1,Feriados!$A$2:$A$1037) -> 44881 | N20: =IF(P20="antes","",NETWORKDAYS(K20,A20-1,Feriados!$A$2:$A$1037)) | O20: =IF(P20="antes","",NETWORKDAYS(K20,M20-1,Feriados!$A$2:$A$1037)) | P20: =IF(A20>K20,"Após","Antes") -> Antes | Q20: =IF(A20>K20,TRUNC(+L20*((1+C20/100)^(N20/O20)),6),TRUNC(+H20*((1+C20/100)^(I20/J20)),6)) -> 6372.3147
A21: 44845 | B21: =ROUND(+Q21,2) -> 6372.98 | C21: -0.29003563 | D21: =+(B21/B20-1)*100 -> 0.010514241 | E21: =+(D21/100+1)*E20 -> 0.99751286 | F21: =(+E21-1)*100 -> -0.24871378 | G21: =WORKDAY(WORKDAY(DATEVALUE(CONCATENATE("15/"&MONTH(EDATE($A21,-1))&"/"&YEAR(EDATE(A21,-1)))),-1,Feriados!$A$2:$A$1037),1,Feriados!$A$2:$A$1037) -> 44819 | H21: =VLOOKUP(G21,$A$2:$B$76,2,FALSE) -> 6388.87 | I21: =IF(P21="após","",NETWORKDAYS(G21,A21-1,Feriados!$A$2:$A$1037)) -> 18 | J21: =IF(P21="após","",NETWORKDAYS(G21,K21-1,Feriados!$A$2:$A$1037)) -> 21 | K21: =WORKDAY(WORKDAY(DATEVALUE(CONCATENATE("15/"&MONTH(A21)&"/"&YEAR(A21))),-1,Feriados!$A$2:$A$1037),1,Feriados!$A$2:$A$1037) -> 44851 | L21: =VLOOKUP(K21,$A$2:$B$76,2,FALSE) -> 6370.34 | M21: =WORKDAY(WORKDAY(DATEVALUE(CONCATENATE("15/"&MONTH(EDATE(A21,1))&"/"&YEAR(EDATE(A21,1)))),-1,Feriados!$A$2:$A$1037),1,Feriados!$A$2:$A$1037) -> 44881 | N21: =IF(P21="antes","",NETWORKDAYS(K21,A21-1,Feriados!$A$2:$A$1037)) | O21: =IF(P21="antes","",NETWORKDAYS(K21,M21-1,Feriados!$A$2:$A$1037)) | P21: =IF(A21>K21,"Após","Antes") -> Antes | Q21: =IF(A21>K21,TRUNC(+L21*((1+C21/100)^(N21/O21)),6),TRUNC(+H21*((1+C21/100)^(I21/J21)),6)) -> 6372.9838
A22: 44847 | B22: =ROUND(+Q22,2) -> 6372.1 | C22: -0.29003563 | D22: =+(B22/B21-1)*100 -> -0.013808297 | E22: =+(D22/100+1)*E21 -> 0.99737512 | F22: =(+E22-1)*100 -> -0.26248773 | G22: =WORKDAY(WORKDAY(DATEVALUE(CONCATENATE("15/"&MONTH(EDATE($A22,-1))&"/"&YEAR(EDATE(A22,-1)))),-1,Feriados!$A$2:$A$1037),1,Feriados!$A$2:$A$1037) -> 44819 | H22: =VLOOKUP(G22,$A$2:$B$76,2,FALSE) -> 6388.87 | I22: =IF(P22="após","",NETWORKDAYS(G22,A22-1,Feriados!$A$2:$A$1037)) -> 19 | J22: =IF(P22="após","",NETWORKDAYS(G22,K22-1,Feriados!$A$2:$A$1037)) -> 21 | K22: =WORKDAY(WORKDAY(DATEVALUE(CONCATENATE("15/"&MONTH(A22)&"/"&YEAR(A22))),-1,Feriados!$A$2:$A$1037),1,Feriados!$A$2:$A$1037) -> 44851 | L22: =VLOOKUP(K22,$A$2:$B$76,2,FALSE) -> 6370.34 | M22: =WORKDAY(WORKDAY(DATEVALUE(CONCATENATE("15/"&MONTH(EDATE(A22,1))&"/"&YEAR(EDATE(A22,1)))),-1,Feriados!$A$2:$A$1037),1,Feriados!$A$2:$A$1037) -> 44881 | N22: =IF(P22="antes","",NETWORKDAYS(K22,A22-1,Feriados!$A$2:$A$1037)) | O22: =IF(P22="antes","",NETWORKDAYS(K22,M22-1,Feriados!$A$2:$A$1037)) | P22: =IF(A22>K22,"Após","Antes") -> Antes | Q22: =IF(A22>K22,TRUNC(+L22*((1+C22/100)^(N22/O22)),6),TRUNC(+H22*((1+C22/100)^(I22/J22)),6)) -> 6372.1024
A23: 44848 | B23: =ROUND(+Q23,2) -> 6371.22 | C23: -0.29003563 | D23: =+(B23/B22-1)*100 -> -0.013810204 | E23: =+(D23/100+1)*E22 -> 0.99723738 | F23: =(+E23-1)*100 -> -0.27626169 | G23: =WORKDAY(WORKDAY(DATEVALUE(CONCATENATE("15/"&MONTH(EDATE($A23,-1))&"/"&YEAR(EDATE(A23,-1)))),-1,Feriados!$A$2:$A$1037),1,Feriados!$A$2:$A$1037) -> 44819 | H23: =VLOOKUP(G23,$A$2:$B$76,2,FALSE) -> 6388.87 | I23: =IF(P23="após","",NETWORKDAYS(G23,A23-1,Feriados!$A$2:$A$1037)) -> 20 | J23: =IF(P23="após","",NETWORKDAYS(G23,K23-1,Feriados!$A$2:$A$1037)) -> 21 | K23: =WORKDAY(WORKDAY(DATEVALUE(CONCATENATE("15/"&MONTH(A23)&"/"&YEAR(A23))),-1,Feriados!$A$2:$A$1037),1,Feriados!$A$2:$A$1037) -> 44851 | L23: =VLOOKUP(K23,$A$2:$B$76,2,FALSE) -> 6370.34 | M23: =WORKDAY(WORKDAY(DATEVALUE(CONCATENATE("15/"&MONTH(EDATE(A23,1))&"/"&YEAR(EDATE(A23,1)))),-1,Feriados!$A$2:$A$1037),1,Feriados!$A$2:$A$1037) -> 44881 | N23: =IF(P23="antes","",NETWORKDAYS(K23,A23-1,Feriados!$A$2:$A$1037)) | O23: =IF(P23="antes","",NETWORKDAYS(K23,M23-1,Feriados!$A$2:$A$1037)) | P23: =IF(A23>K23,"Após","Antes") -> Antes | Q23: =IF(A23>K23,TRUNC(+L23*((1+C23/100)^(N23/O23)),6),TRUNC(+H23*((1+C23/100)^(I23/J23)),6)) -> 6371.2212
A24: 44851 | B24: =ROUND(+Q24,2) -> 6370.34 | C24: -0.29003563 | D24: =+(B24/B23-1)*100 -> -0.013812111 | E24: =+(D24/100+1)*E23 -> 0.99709964 | F24: =(+E24-1)*100 -> -0.29003564 | G24: =WORKDAY(WORKDAY(DATEVALUE(CONCATENATE("15/"&MONTH(EDATE($A24,-1))&"/"&YEAR(EDATE(A24,-1)))),-1,Feriados!$A$2:$A$1037),1,Feriados!$A$2:$A$1037) -> 44819 | H24: =VLOOKUP(G24,$A$2:$B$76,2,FALSE) -> 6388.87 | I24: =IF(P24="após","",NETWORKDAYS(G24,A24-1,Feriados!$A$2:$A$1037)) -> 21 | J24: =IF(P24="após","",NETWORKDAYS(G24,K24-1,Feriados!$A$2:$A$1037)) -> 21 | K24: =WORKDAY(WORKDAY(DATEVALUE(CONCATENATE("15/"&MONTH(A24)&"/"&YEAR(A24))),-1,Feriados!$A$2:$A$1037),1,Feriados!$A$2:$A$1037) -> 44851 | L24: =VLOOKUP(K24,$A$2:$B$76,2,FALSE) -> 6370.34 | M24: =WORKDAY(WORKDAY(DATEVALUE(CONCATENATE("15/"&MONTH(EDATE(A24,1))&"/"&YEAR(EDATE(A24,1)))),-1,Feriados!$A$2:$A$1037),1,Feriados!$A$2:$A$1037) -> 44881 | N24: =IF(P24="antes","",NETWORKDAYS(K24,A24-1,Feriados!$A$2:$A$1037)) | O24: =IF(P24="antes","",NETWORKDAYS(K24,M24-1,Feriados!$A$2:$A$1037)) | P24: =IF(A24>K24,"Após","Antes") -> Antes | Q24: =IF(A24>K24,TRUNC(+L24*((1+C24/100)^(N24/O24)),6),TRUNC(+H24*((1+C24/100)^(I24/J24)),6)) -> 6370.34
A25: 44852 | B25: =ROUND(+Q25,2) -> 6369.41 | C25: =+C24 -> -0.29003563 | D25: =+(B25/B24-1)*100 -> -0.014598907 | E25: =+(D25/100+1)*E24 -> 0.99695408 | F25: =(+E25-1)*100 -> -0.3045922 | G25: =WORKDAY(WORKDAY(DATEVALUE(CONCATENATE("15/"&MONTH(EDATE($A25,-1))&"/"&YEAR(EDATE(A25,-1)))),-1,Feriados!$A$2:$A$1037),1,Feriados!$A$2:$A$1037) -> 44819 | H25: =VLOOKUP(G25,$A$2:$B$76,2,FALSE) -> 6388.87 | I25: =IF(P25="após","",NETWORKDAYS(G25,A25-1,Feriados!$A$2:$A$1037)) | J25: =IF(P25="após","",NETWORKDAYS(G25,K25-1,Feriados!$A$2:$A$1037)) | K25: =WORKDAY(WORKDAY(DATEVALUE(CONCATENATE("15/"&MONTH(A25)&"/"&YEAR(A25))),-1,Feriados!$A$2:$A$1037),1,Feriados!$A$2:$A$1037) -> 44851 | L25: =VLOOKUP(K25,$A$2:$B$76,2,FALSE) -> 6370.34 | M25: =WORKDAY(WORKDAY(DATEVALUE(CONCATENATE("15/"&MONTH(EDATE(A25,1))&"/"&YEAR(EDATE(A25,1)))),-1,Feriados!$A$2:$A$1037),1,Feriados!$A$2:$A$1037) -> 44881 | N25: =IF(P25="antes","",NETWORKDAYS(K25,A25-1,Feriados!$A$2:$A$1037)) -> 1 | O25: =IF(P25="antes","",NETWORKDAYS(K25,M25-1,Feriados!$A$2:$A$1037)) -> 20 | P25: =IF(A25>K25,"Após","Antes") -> Após | Q25: =IF(A25>K25,TRUNC(+L25*((1+C25/100)^(N25/O25)),6),TRUNC(+H25*((1+C25/100)^(I25/J25)),6)) -> 6369.4149
A26: 44853 | B26: =ROUND(+Q26,2) -> 6368.49 | C26: =+C25 -> -0.29003563 | D26: =+(B26/B25-1)*100 -> -0.014444038 | E26: =+(D26/100+1)*E25 -> 0.99681008 | F26: =(+E26-1)*100 -> -0.31899225 | G26: =WORKDAY(WORKDAY(DATEVALUE(CONCATENATE("15/"&MONTH(EDATE($A26,-1))&"/"&YEAR(EDATE(A26,-1)))),-1,Feriados!$A$2:$A$1037),1,Feriados!$A$2:$A$1037) -> 44819 | H26: =VLOOKUP(G26,$A$2:$B$76,2,FALSE) -> 6388.87 | I26: =IF(P26="após","",NETWORKDAYS(G26,A26-1,Feriados!$A$2:$A$1037)) | J26: =IF(P26="após","",NETWORKDAYS(G26,K26-1,Feriados!$A$2:$A$1037)) | K26: =WORKDAY(WORKDAY(DATEVALUE(CONCATENATE("15/"&MONTH(A26)&"/"&YEAR(A26))),-1,Feriados!$A$2:$A$1037),1,Feriados!$A$2:$A$1037) -> 44851 | L26: =VLOOKUP(K26,$A$2:$B$76,2,FALSE) -> 6370.34 | M26: =WORKDAY(WORKDAY(DATEVALUE(CONCATENATE("15/"&MONTH(EDATE(A26,1))&"/"&YEAR(EDATE(A26,1)))),-1,Feriados!$A$2:$A$1037),1,Feriados!$A$2:$A$1037) -> 44881 | N26: =IF(P26="antes","",NETWORKDAYS(K26,A26-1,Feriados!$A$2:$A$1037)) -> 2 | O26: =IF(P26="antes","",NETWORKDAYS(K26,M26-1,Feriados!$A$2:$A$1037)) -> 20 | P26: =IF(A26>K26,"Após","Antes") -> Após | Q26: =IF(A26>K26,TRUNC(+L26*((1+C26/100)^(N26/O26)),6),TRUNC(+H26*((1+C26/100)^(I26/J26)),6)) -> 6368.49
A27: 44854 | B27: =ROUND(+Q27,2) -> 6367.57 | C27: =+C26 -> -0.29003563 | D27: =+(B27/B26-1)*100 -> -0.014446125 | E27: =+(D27/100+1)*E26 -> 0.99666608 | F27: =(+E27-1)*100 -> -0.33339229 | G27: =WORKDAY(WORKDAY(DATEVALUE(CONCATENATE("15/"&MONTH(EDATE($A27,-1))&"/"&YEAR(EDATE(A27,-1)))),-1,Feriados!$A$2:$A$1037),1,Feriados!$A$2:$A$1037) -> 44819 | H27: =VLOOKUP(G27,$A$2:$B$76,2,FALSE) -> 6388.87 | I27: =IF(P27="após","",NETWORKDAYS(G27,A27-1,Feriados!$A$2:$A$1037)) | J27: =IF(P27="após","",NETWORKDAYS(G27,K27-1,Feriados!$A$2:$A$1037)) | K27: =WORKDAY(WORKDAY(DATEVALUE(CONCATENATE("15/"&MONTH(A27)&"/"&YEAR(A27))),-1,Feriados!$A$2:$A$1037),1,Feriados!$A$2:$A$1037) -> 44851 | L27: =VLOOKUP(K27,$A$2:$B$76,2,FALSE) -> 6370.34 | M27: =WORKDAY(WORKDAY(DATEVALUE(CONCATENATE("15/"&MONTH(EDATE(A27,1))&"/"&YEAR(EDATE(A27,1)))),-1,Feriados!$A$2:$A$1037),1,Feriados!$A$2:$A$1037) -> 44881 | N27: =IF(P27="antes","",NETWORKDAYS(K27,A27-1,Feriados!$A$2:$A$1037)) -> 3 | O27: =IF(P27="antes","",NETWORKDAYS(K27,M27-1,Feriados!$A$2:$A$1037)) -> 20 | P27: =IF(A27>K27,"Após","Antes") -> Após | Q27: =IF(A27>K27,TRUNC(+L27*((1+C27/100)^(N27/O27)),6),TRUNC(+H27*((1+C27/100)^(I27/J27)),6)) -> 6367.5651
A28: 44855 | B28: =ROUND(+Q28,2) -> 6366.64 | C28: =+C27 -> -0.29003563 | D28: =+(B28/B27-1)*100 -> -0.014605258 | E28: =+(D28/100+1)*E27 -> 0.99652051 | F28: =(+E28-1)*100 -> -0.34794885 | G28: =WORKDAY(WORKDAY(DATEVALUE(CONCATENATE("15/"&MONTH(EDATE($A28,-1))&"/"&YEAR(EDATE(A28,-1)))),-1,Feriados!$A$2:$A$1037),1,Feriados!$A$2:$A$1037) -> 44819 | H28: =VLOOKUP(G28,$A$2:$B$76,2,FALSE) -> 6388.87 | I28: =IF(P28="após","",NETWORKDAYS(G28,A28-1,Feriados!$A$2:$A$1037)) | J28: =IF(P28="após","",NETWORKDAYS(G28,K28-1,Feriados!$A$2:$A$1037)) | K28: =WORKDAY(WORKDAY(DATEVALUE(CONCATENATE("15/"&MONTH(A28)&"/"&YEAR(A28))),-1,Feriados!$A$2:$A$1037),1,Feriados!$A$2:$A$1037) -> 44851 | L28: =VLOOKUP(K28,$A$2:$B$76,2,FALSE) -> 6370.34 | M28: =WORKDAY(WORKDAY(DATEVALUE(CONCATENATE("15/"&MONTH(EDATE(A28,1))&"/"&YEAR(EDATE(A28,1)))),-1,Feriados!$A$2:$A$1037),1,Feriados!$A$2:$A$1037) -> 44881 | N28: =IF(P28="antes","",NETWORKDAYS(K28,A28-1,Feriados!$A$2:$A$1037)) -> 4 | O28: =IF(P28="antes","",NETWORKDAYS(K28,M28-1,Feriados!$A$2:$A$1037)) -> 20 | P28: =IF(A28>K28,"Após","Antes") -> Após | Q28: =IF(A28>K28,TRUNC(+L28*((1+C28/100)^(N28/O28)),6),TRUNC(+H28*((1+C28/100)^(I28/J28)),6)) -> 6366.6405
A29: 44858 | B29: =ROUND(+Q29,2) -> 6365.72 | C29: =+C28 -> -0.29003563 | D29: =+(B29/B28-1)*100 -> -0.014450322 | E29: =+(D29/100+1)*E28 -> 0.99637651 | F29: =(+E29-1)*100 -> -0.3623489 | G29: =WORKDAY(WORKDAY(DATEVALUE(CONCATENATE("15/"&MONTH(EDATE($A29,-1))&"/"&YEAR(EDATE(A29,-1)))),-1,Feriados!$A$2:$A$1037),1,Feriados!$A$2:$A$1037) -> 44819 | H29: =VLOOKUP(G29,$A$2:$B$76,2,FALSE) -> 6388.87 | I29: =IF(P29="após","",NETWORKDAYS(G29,A29-1,Feriados!$A$2:$A$1037)) | J29: =IF(P29="após","",NETWORKDAYS(G29,K29-1,Feriados!$A$2:$A$1037)) | K29: =WORKDAY(WORKDAY(DATEVALUE(CONCATENATE("15/"&MONTH(A29)&"/"&YEAR(A29))),-1,Feriados!$A$2:$A$1037),1,Feriados!$A$2:$A$1037) -> 44851 | L29: =VLOOKUP(K29,$A$2:$B$76,2,FALSE) -> 6370.34 | M29: =WORKDAY(WORKDAY(DATEVALUE(CONCATENATE("15/"&MONTH(EDATE(A29,1))&"/"&YEAR(EDATE(A29,1)))),-1,Feriados!$A$2:$A$1037),1,Feriados!$A$2:$A$1037) -> 44881 | N29: =IF(P29="antes","",NETWORKDAYS(K29,A29-1,Feriados!$A$2:$A$1037)) -> 5 | O29: =IF(P29="antes","",NETWORKDAYS(K29,M29-1,Feriados!$A$2:$A$1037)) -> 20 | P29: =IF(A29>K29,"Após","Antes") -> Após | Q29: =IF(A29>K29,TRUNC(+L29*((1+C29/100)^(N29/O29)),6),TRUNC(+H29*((1+C29/100)^(I29/J29)),6)) -> 6365.7159
A30: 44859 | B30: =ROUND(+Q30,2) -> 6364.79 | C30: =+C29 -> -0.29003563 | D30: =+(B30/B29-1)*100 -> -0.014609502 | E30: =+(D30/100+1)*E29 -> 0.99623095 | F30: =(+E30-1)*100 -> -0.37690546 | G30: =WORKDAY(WORKDAY(DATEVALUE(CONCATENATE("15/"&MONTH(EDATE($A30,-1))&"/"&YEAR(EDATE(A30,-1)))),-1,Feriados!$A$2:$A$1037),1,Feriados!$A$2:$A$1037) -> 44819 | H30: =VLOOKUP(G30,$A$2:$B$76,2,FALSE) -> 6388.87 | I30: =IF(P30="após","",NETWORKDAYS(G30,A30-1,Feriados!$A$2:$A$1037)) | J30: =IF(P30="após","",NETWORKDAYS(G30,K30-1,Feriados!$A$2:$A$1037)) | K30: =WORKDAY(WORKDAY(DATEVALUE(CONCATENATE("15/"&MONTH(A30)&"/"&YEAR(A30))),-1,Feriados!$A$2:$A$1037),1,Feriados!$A$2:$A$1037) -> 44851 | L30: =VLOOKUP(K30,$A$2:$B$76,2,FALSE) -> 6370.34 | M30: =WORKDAY(WORKDAY(DATEVALUE(CONCATENATE("15/"&MONTH(EDATE(A30,1))&"/"&YEAR(EDATE(A30,1)))),-1,Feriados!$A$2:$A$1037),1,Feriados!$A$2:$A$1037) -> 44881 | N30: =IF(P30="antes","",NETWORKDAYS(K30,A30-1,Feriados!$A$2:$A$1037)) -> 6 | O30: =IF(P30="antes","",NETWORKDAYS(K30,M30-1,Feriados!$A$2:$A$1037)) -> 20 | P30: =IF(A30>K30,"Após","Antes") -> Após | Q30: =IF(A30>K30,TRUNC(+L30*((1+C30/100)^(N30/O30)),6),TRUNC(+H30*((1+C30/100)^(I30/J30)),6)) -> 6364.7915
A31: 44860 | B31: =ROUND(+Q31,2) -> 6363.87 | C31: =+C30 -> -0.29003563 | D31: =+(B31/B30-1)*100 -> -0.014454522 | E31: =+(D31/100+1)*E30 -> 0.99608694 | F31: =(+E31-1)*100 -> -0.3913055 | G31: =WORKDAY(WORKDAY(DATEVALUE(CONCATENATE("15/"&MONTH(EDATE($A31,-1))&"/"&YEAR(EDATE(A31,-1)))),-1,Feriados!$A$2:$A$1037),1,Feriados!$A$2:$A$1037) -> 44819 | H31: =VLOOKUP(G31,$A$2:$B$76,2,FALSE) -> 6388.87 | I31: =IF(P31="após","",NETWORKDAYS(G31,A31-1,Feriados!$A$2:$A$1037)) | J31: =IF(P31="após","",NETWORKDAYS(G31,K31-1,Feriados!$A$2:$A$1037)) | K31: =WORKDAY(WORKDAY(DATEVALUE(CONCATENATE("15/"&MONTH(A31)&"/"&YEAR(A31))),-1,Feriados!$A$2:$A$1037),1,Feriados!$A$2:$A$1037) -> 44851 | L31: =VLOOKUP(K31,$A$2:$B$76,2,FALSE) -> 6370.34 | M31: =WORKDAY(WORKDAY(DATEVALUE(CONCATENATE("15/"&MONTH(EDATE(A31,1))&"/"&YEAR(EDATE(A31,1)))),-1,Feriados!$A$2:$A$1037),1,Feriados!$A$2:$A$1037) -> 44881 | N31: =IF(P31="antes","",NETWORKDAYS(K31,A31-1,Feriados!$A$2:$A$1037)) -> 7 | O31: =IF(P31="antes","",NETWORKDAYS(K31,M31-1,Feriados!$A$2:$A$1037)) -> 20 | P31: =IF(A31>K31,"Após","Antes") -> Após | Q31: =IF(A31>K31,TRUNC(+L31*((1+C31/100)^(N31/O31)),6),TRUNC(+H31*((1+C31/100)^(I31/J31)),6)) -> 6363.8672
A32: 44861 | B32: =ROUND(+Q32,2) -> 6362.94 | C32: =+C31 -> -0.29003563 | D32: =+(B32/B31-1)*100 -> -0.014613749 | E32: =+(D32/100+1)*E31 -> 0.99594138 | F32: =(+E32-1)*100 -> -0.40586207 | G32: =WORKDAY(WORKDAY(DATEVALUE(CONCATENATE("15/"&MONTH(EDATE($A32,-1))&"/"&YEAR(EDATE(A32,-1)))),-1,Feriados!$A$2:$A$1037),1,Feriados!$A$2:$A$1037) -> 44819 | H32: =VLOOKUP(G32,$A$2:$B$76,2,FALSE) -> 6388.87 | I32: =IF(P32="após","",NETWORKDAYS(G32,A32-1,Feriados!$A$2:$A$1037)) | J32: =IF(P32="após","",NETWORKDAYS(G32,K32-1,Feriados!$A$2:$A$1037)) | K32: =WORKDAY(WORKDAY(DATEVALUE(CONCATENATE("15/"&MONTH(A32)&"/"&YEAR(A32))),-1,Feriados!$A$2:$A$1037),1,Feriados!$A$2:$A$1037) -> 44851 | L32: =VLOOKUP(K32,$A$2:$B$76,2,FALSE) -> 6370.34 | M32: =WORKDAY(WORKDAY(DATEVALUE(CONCATENATE("15/"&MONTH(EDATE(A32,1))&"/"&YEAR(EDATE(A32,1)))),-1,Feriados!$A$2:$A$1037),1,Feriados!$A$2:$A$1037) -> 44881 | N32: =IF(P32="antes","",NETWORKDAYS(K32,A32-1,Feriados!$A$2:$A$1037)) -> 8 | O32: =IF(P32="antes","",NETWORKDAYS(K32,M32-1,Feriados!$A$2:$A$1037)) -> 20 | P32: =IF(A32>K32,"Após","Antes") -> Após | Q32: =IF(A32>K32,TRUNC(+L32*((1+C32/100)^(N32/O32)),6),TRUNC(+H32*((1+C32/100)^(I32/J32)),6)) -> 6362.9431
A33: 44862 | B33: =ROUND(+Q33,2) -> 6398.93 | C33: 1 | D33: =+(B33/B32-1)*100 -> 0.56561904 | E33: =+(D33/100+1)*E32 -> 1.0015746 | F33: =(+E33-1)*100 -> 0.15746134 | G33: =WORKDAY(WORKDAY(DATEVALUE(CONCATENATE("15/"&MONTH(EDATE($A33,-1))&"/"&YEAR(EDATE(A33,-1)))),-1,Feriados!$A$2:$A$1037),1,Feriados!$A$2:$A$1037) -> 44819 | H33: =VLOOKUP(G33,$A$2:$B$76,2,FALSE) -> 6388.87 | I33: =IF(P33="após","",NETWORKDAYS(G33,A33-1,Feriados!$A$2:$A$1037)) | J33: =IF(P33="após","",NETWORKDAYS(G33,K33-1,Feriados!$A$2:$A$1037)) | K33: =WORKDAY(WORKDAY(DATEVALUE(CONCATENATE("15/"&MONTH(A33)&"/"&YEAR(A33))),-1,Feriados!$A$2:$A$1037),1,Feriados!$A$2:$A$1037) -> 44851 | L33: =VLOOKUP(K33,$A$2:$B$76,2,FALSE) -> 6370.34 | M33: =WORKDAY(WORKDAY(DATEVALUE(CONCATENATE("15/"&MONTH(EDATE(A33,1))&"/"&YEAR(EDATE(A33,1)))),-1,Feriados!$A$2:$A$1037),1,Feriados!$A$2:$A$1037) -> 44881 | N33: =IF(P33="antes","",NETWORKDAYS(K33,A33-1,Feriados!$A$2:$A$1037)) -> 9 | O33: =IF(P33="antes","",NETWORKDAYS(K33,M33-1,Feriados!$A$2:$A$1037)) -> 20 | P33: =IF(A33>K33,"Após","Antes") -> Após | Q33: =IF(A33>K33,TRUNC(+L33*((1+C33/100)^(N33/O33)),6),TRUNC(+H33*((1+C33/100)^(I33/J33)),6)) -> 6398.9281
A34: 44865 | B34: =ROUND(+Q34,2) -> 6406.86 | C34: 1.15 | D34: =+(B34/B33-1)*100 -> 0.12392697 | E34: =+(D34/100+1)*E33 -> 1.0028158 | F34: =(+E34-1)*100 -> 0.28158344 | G34: =WORKDAY(WORKDAY(DATEVALUE(CONCATENATE("15/"&MONTH(EDATE($A34,-1))&"/"&YEAR(EDATE(A34,-1)))),-1,Feriados!$A$2:$A$1037),1,Feriados!$A$2:$A$1037) -> 44819 | H34: =VLOOKUP(G34,$A$2:$B$76,2,FALSE) -> 6388.87 | I34: =IF(P34="após","",NETWORKDAYS(G34,A34-1,Feriados!$A$2:$A$1037)) | J34: =IF(P34="após","",NETWORKDAYS(G34,K34-1,Feriados!$A$2:$A$1037)) | K34: =WORKDAY(WORKDAY(DATEVALUE(CONCATENATE("15/"&MONTH(A34)&"/"&YEAR(A34))),-1,Feriados!$A$2:$A$1037),1,Feriados!$A$2:$A$1037) -> 44851 | L34: =VLOOKUP(K34,$A$2:$B$76,2,FALSE) -> 6370.34 | M34: =WORKDAY(WORKDAY(DATEVALUE(CONCATENATE("15/"&MONTH(EDATE(A34,1))&"/"&YEAR(EDATE(A34,1)))),-1,Feriados!$A$2:$A$1037),1,Feriados!$A$2:$A$1037) -> 44881 | N34: =IF(P34="antes","",NETWORKDAYS(K34,A34-1,Feriados!$A$2:$A$1037)) -> 10 | O34: =IF(P34="antes","",NETWORKDAYS(K34,M34-1,Feriados!$A$2:$A$1037)) -> 20 | P34: =IF(A34>K34,"Após","Antes") -> Após | Q34: =IF(A34>K34,TRUNC(+L34*((1+C34/100)^(N34/O34)),6),TRUNC(+H34*((1+C34/100)^(I34/J34)),6)) -> 6406.8647
A35: 44866 | B35: =ROUND(+Q35,2) -> 6410.53 | C35: =+C34 -> 1.15 | D35: =+(B35/B34-1)*100 -> 0.05728235 | E35: =+(D35/100+1)*E34 -> 1.0033903 | F35: =(+E35-1)*100 -> 0.33902709 | G35: =WORKDAY(WORKDAY(DATEVALUE(CONCATENATE("15/"&MONTH(EDATE($A35,-1))&"/"&YEAR(EDATE(A35,-1)))),-1,Feriados!$A$2:$A$1037),1,Feriados!$A$2:$A$1037) -> 44851 | H35: =VLOOKUP(G35,$A$2:$B$76,2,FALSE) -> 6370.34 | I35: =IF(P35="após","",NETWORKDAYS(G35,A35-1,Feriados!$A$2:$A$1037)) -> 11 | J35: =IF(P35="após","",NETWORKDAYS(G35,K35-1,Feriados!$A$2:$A$1037)) -> 20 | K35: =WORKDAY(WORKDAY(DATEVALUE(CONCATENATE("15/"&MONTH(A35)&"/"&YEAR(A35))),-1,Feriados!$A$2:$A$1037),1,Feriados!$A$2:$A$1037) -> 44881 | L35: =VLOOKUP(K35,$A$2:$B$76,2,FALSE) -> 6443.6 | M35: =WORKDAY(WORKDAY(DATEVALUE(CONCATENATE("15/"&MONTH(EDATE(A35,1))&"/"&YEAR(EDATE(A35,1)))),-1,Feriados!$A$2:$A$1037),1,Feriados!$A$2:$A$1037) -> 44910 | N35: =IF(P35="antes","",NETWORKDAYS(K35,A35-1,Feriados!$A$2:$A$1037)) | O35: =IF(P35="antes","",NETWORKDAYS(K35,M35-1,Feriados!$A$2:$A$1037)) | P35: =IF(A35>K35,"Após","Antes") -> Antes | Q35: =IF(A35>K35,TRUNC(+L35*((1+C35/100)^(N35/O35)),6),TRUNC(+H35*((1+C35/100)^(I35/J35)),6)) -> 6410.5287
A36: 44868 | B36: =ROUND(+Q36,2) -> 6414.19 | C36: =+C35 -> 1.15 | D36: =+(B36/B35-1)*100 -> 0.057093563 | E36: =+(D36/100+1)*E35 -> 1.0039631 | F36: =(+E36-1)*100 -> 0.39631422 | G36: =WORKDAY(WORKDAY(DATEVALUE(CONCATENATE("15/"&MONTH(EDATE($A36,-1))&"/"&YEAR(EDATE(A36,-1)))),-1,Feriados!$A$2:$A$1037),1,Feriados!$A$2:$A$1037) -> 44851 | H36: =VLOOKUP(G36,$A$2:$B$76,2,FALSE) -> 6370.34 | I36: =IF(P36="após","",NETWORKDAYS(G36,A36-1,Feriados!$A$2:$A$1037)) -> 12 | J36: =IF(P36="após","",NETWORKDAYS(G36,K36-1,Feriados!$A$2:$A$1037)) -> 20 | K36: =WORKDAY(WORKDAY(DATEVALUE(CONCATENATE("15/"&MONTH(A36)&"/"&YEAR(A36))),-1,Feriados!$A$2:$A$1037),1,Feriados!$A$2:$A$1037) -> 44881 | L36: =VLOOKUP(K36,$A$2:$B$76,2,FALSE) -> 6443.6 | M36: =WORKDAY(WORKDAY(DATEVALUE(CONCATENATE("15/"&MONTH(EDATE(A36,1))&"/"&YEAR(EDATE(A36,1)))),-1,Feriados!$A$2:$A$1037),1,Feriados!$A$2:$A$1037) -> 44910 | N36: =IF(P36="antes","",NETWORKDAYS(K36,A36-1,Feriados!$A$2:$A$1037)) | O36: =IF(P36="antes","",NETWORKDAYS(K36,M36-1,Feriados!$A$2:$A$1037)) | P36: =IF(A36>K36,"Após","Antes") -> Antes | Q36: =IF(A36>K36,TRUNC(+L36*((1+C36/100)^(N36/O36)),6),TRUNC(+H36*((1+C36/100)^(I36/J36)),6)) -> 6414.1948
A37: 44869 | B37: =ROUND(+Q37,2) -> 6417.86 | C37: =+C36 -> 1.15 | D37: =+(B37/B36-1)*100 -> 0.057216889 | E37: =+(D37/100+1)*E36 -> 1.0045376 | F37: =(+E37-1)*100 -> 0.45375786 | G37: =WORKDAY(WORKDAY(DATEVALUE(CONCATENATE("15/"&MONTH(EDATE($A37,-1))&"/"&YEAR(EDATE(A37,-1)))),-1,Feriados!$A$2:$A$1037),1,Feriados!$A$2:$A$1037) -> 44851 | H37: =VLOOKUP(G37,$A$2:$B$76,2,FALSE) -> 6370.34 | I37: =IF(P37="após","",NETWORKDAYS(G37,A37-1,Feriados!$A$2:$A$1037)) -> 13 | J37: =IF(P37="após","",NETWORKDAYS(G37,K37-1,Feriados!$A$2:$A$1037)) -> 20 | K37: =WORKDAY(WORKDAY(DATEVALUE(CONCATENATE("15/"&MONTH(A37)&"/"&YEAR(A37))),-1,Feriados!$A$2:$A$1037),1,Feriados!$A$2:$A$1037) -> 44881 | L37: =VLOOKUP(K37,$A$2:$B$76,2,FALSE) -> 6443.6 | M37: =WORKDAY(WORKDAY(DATEVALUE(CONCATENATE("15/"&MONTH(EDATE(A37,1))&"/"&YEAR(EDATE(A37,1)))),-1,Feriados!$A$2:$A$1037),1,Feriados!$A$2:$A$1037) -> 44910 | N37: =IF(P37="antes","",NETWORKDAYS(K37,A37-1,Feriados!$A$2:$A$1037)) | O37: =IF(P37="antes","",NETWORKDAYS(K37,M37-1,Feriados!$A$2:$A$1037)) | P37: =IF(A37>K37,"Após","Antes") -> Antes | Q37: =IF(A37>K37,TRUNC(+L37*((1+C37/100)^(N37/O37)),6),TRUNC(+H37*((1+C37/100)^(I37/J37)),6)) -> 6417.863
A38: 44872 | B38: =ROUND(+Q38,2) -> 6421.53 | C38: =+C37 -> 1.15 | D38: =+(B38/B37-1)*100 -> 0.05718417 | E38: =+(D38/100+1)*E37 -> 1.005112 | F38: =(+E38-1)*100 -> 0.51120151 | G38: =WORKDAY(WORKDAY(DATEVALUE(CONCATENATE("15/"&MONTH(EDATE($A38,-1))&"/"&YEAR(EDATE(A38,-1)))),-1,Feriados!$A$2:$A$1037),1,Feriados!$A$2:$A$1037) -> 44851 | H38: =VLOOKUP(G38,$A$2:$B$76,2,FALSE) -> 6370.34 | I38: =IF(P38="após","",NETWORKDAYS(G38,A38-1,Feriados!$A$2:$A$1037)) -> 14 | J38: =IF(P38="após","",NETWORKDAYS(G38,K38-1,Feriados!$A$2:$A$1037)) -> 20 | K38: =WORKDAY(WORKDAY(DATEVALUE(CONCATENATE("15/"&MONTH(A38)&"/"&YEAR(A38))),-1,Feriados!$A$2:$A$1037),1,Feriados!$A$2:$A$1037) -> 44881 | L38: =VLOOKUP(K38,$A$2:$B$76,2,FALSE) -> 6443.6 | M38: =WORKDAY(WORKDAY(DATEVALUE(CONCATENATE("15/"&MONTH(EDATE(A38,1))&"/"&YEAR(EDATE(A38,1)))),-1,Feriados!$A$2:$A$1037),1,Feriados!$A$2:$A$1037) -> 44910 | N38: =IF(P38="antes","",NETWORKDAYS(K38,A38-1,Feriados!$A$2:$A$1037)) | O38: =IF(P38="antes","",NETWORKDAYS(K38,M38-1,Feriados!$A$2:$A$1037)) | P38: =IF(A38>K38,"Após","Antes") -> Antes | Q38: =IF(A38>K38,TRUNC(+L38*((1+C38/100)^(N38/O38)),6),TRUNC(+H38*((1+C38/100)^(I38/J38)),6)) -> 6421.5332
A39: 44873 | B39: =ROUND(+Q39,2) -> 6425.21 | C39: =+C38 -> 1.15 | D39: =+(B39/B38-1)*100 -> 0.057307215 | E39: =+(D39/100+1)*E38 -> 1.005688 | F39: =(+E39-1)*100 -> 0.56880168 | G39: =WORKDAY(WORKDAY(DATEVALUE(CONCATENATE("15/"&MONTH(EDATE($A39,-1))&"/"&YEAR(EDATE(A39,-1)))),-1,Feriados!$A$2:$A$1037),1,Feriados!$A$2:$A$1037) -> 44851 | H39: =VLOOKUP(G39,$A$2:$B$76,2,FALSE) -> 6370.34 | I39: =IF(P39="após","",NETWORKDAYS(G39,A39-1,Feriados!$A$2:$A$1037)) -> 15 | J39: =IF(P39="após","",NETWORKDAYS(G39,K39-1,Feriados!$A$2:$A$1037)) -> 20 | K39: =WORKDAY(WORKDAY(DATEVALUE(CONCATENATE("15/"&MONTH(A39)&"/"&YEAR(A39))),-1,Feriados!$A$2:$A$1037),1,Feriados!$A$2:$A$1037) -> 44881 | L39: =VLOOKUP(K39,$A$2:$B$76,2,FALSE) -> 6443.6 | M39: =WORKDAY(WORKDAY(DATEVALUE(CONCATENATE("15/"&MONTH(EDATE(A39,1))&"/"&YEAR(EDATE(A39,1)))),-1,Feriados!$A$2:$A$1037),1,Feriados!$A$2:$A$1037) -> 44910 | N39: =IF(P39="antes","",NETWORKDAYS(K39,A39-1,Feriados!$A$2:$A$1037)) | O39: =IF(P39="antes","",NETWORKDAYS(K39,M39-1,Feriados!$A$2:$A$1037)) | P39: =IF(A39>K39,"Após","Antes") -> Antes | Q39: =IF(A39>K39,TRUNC(+L39*((1+C39/100)^(N39/O39)),6),TRUNC(+H39*((1+C39/100)^(I39/J39)),6)) -> 6425.2056
A40: 44874 | B40: =ROUND(+Q40,2) -> 6428.88 | C40: =+C39 -> 1.15 | D40: =+(B40/B39-1)*100 -> 0.057118756 | E40: =+(D40/100+1)*E39 -> 1.0062625 | F40: =(+E40-1)*100 -> 0.62624533 | G40: =WORKDAY(WORKDAY(DATEVALUE(CONCATENATE("15/"&MONTH(EDATE($A40,-1))&"/"&YEAR(EDATE(A40,-1)))),-1,Feriados!$A$2:$A$1037),1,Feriados!$A$2:$A$1037) -> 44851 | H40: =VLOOKUP(G40,$A$2:$B$76,2,FALSE) -> 6370.34 | I40: =IF(P40="após","",NETWORKDAYS(G40,A40-1,Feriados!$A$2:$A$1037)) -> 16 | J40: =IF(P40="após","",NETWORKDAYS(G40,K40-1,Feriados!$A$2:$A$1037)) -> 20 | K40: =WORKDAY(WORKDAY(DATEVALUE(CONCATENATE("15/"&MONTH(A40)&"/"&YEAR(A40))),-1,Feriados!$A$2:$A$1037),1,Feriados!$A$2:$A$1037) -> 44881 | L40: =VLOOKUP(K40,$A$2:$B$76,2,FALSE) -> 6443.6 | M40: =WORKDAY(WORKDAY(DATEVALUE(CONCATENATE("15/"&MONTH(EDATE(A40,1))&"/"&YEAR(EDATE(A40,1)))),-1,Feriados!$A$2:$A$1037),1,Feriados!$A$2:$A$1037) -> 44910 | N40: =IF(P40="antes","",NETWORKDAYS(K40,A40-1,Feriados!$A$2:$A$1037)) | O40: =IF(P40="antes","",NETWORKDAYS(K40,M40-1,Feriados!$A$2:$A$1037)) | P40: =IF(A40>K40,"Após","Antes") -> Antes | Q40: =IF(A40>K40,TRUNC(+L40*((1+C40/100)^(N40/O40)),6),TRUNC(+H40*((1+C40/100)^(I40/J40)),6)) -> 6428.88
A41: 44875 | B41: =ROUND(+Q41,2) -> 6432.56 | C41: =+C40 -> 1.15 | D41: =+(B41/B40-1)*100 -> 0.057241697 | E41: =+(D41/100+1)*E40 -> 1.0068385 | F41: =(+E41-1)*100 -> 0.6838455 | G41: =WORKDAY(WORKDAY(DATEVALUE(CONCATENATE("15/"&MONTH(EDATE($A41,-1))&"/"&YEAR(EDATE(A41,-1)))),-1,Feriados!$A$2:$A$1037),1,Feriados!$A$2:$A$1037) -> 44851 | H41: =VLOOKUP(G41,$A$2:$B$76,2,FALSE) -> 6370.34 | I41: =IF(P41="após","",NETWORKDAYS(G41,A41-1,Feriados!$A$2:$A$1037)) -> 17 | J41: =IF(P41="após","",NETWORKDAYS(G41,K41-1,Feriados!$A$2:$A$1037)) -> 20 | K41: =WORKDAY(WORKDAY(DATEVALUE(CONCATENATE("15/"&MONTH(A41)&"/"&YEAR(A41))),-1,Feriados!$A$2:$A$1037),1,Feriados!$A$2:$A$1037) -> 44881 | L41: =VLOOKUP(K41,$A$2:$B$76,2,FALSE) -> 6443.6 | M41: =WORKDAY(WORKDAY(DATEVALUE(CONCATENATE("15/"&MONTH(EDATE(A41,1))&"/"&YEAR(EDATE(A41,1)))),-1,Feriados!$A$2:$A$1037),1,Feriados!$A$2:$A$1037) -> 44910 | N41: =IF(P41="antes","",NETWORKDAYS(K41,A41-1,Feriados!$A$2:$A$1037)) | O41: =IF(P41="antes","",NETWORKDAYS(K41,M41-1,Feriados!$A$2:$A$1037)) | P41: =IF(A41>K41,"Após","Antes") -> Antes | Q41: =IF(A41>K41,TRUNC(+L41*((1+C41/100)^(N41/O41)),6),TRUNC(+H41*((1+C41/100)^(I41/J41)),6)) -> 6432.5566
A42: 44876 | B42: =ROUND(+Q42,2) -> 6436.24 | C42: =+C41 -> 1.15 | D42: =+(B42/B41-1)*100 -> 0.057208949 | E42: =+(D42/100+1)*E41 -> 1.0074145 | F42: =(+E42-1)*100 -> 0.74144567 | G42: =WORKDAY(WORKDAY(DATEVALUE(CONCATENATE("15/"&MONTH(EDATE($A42,-1))&"/"&YEAR(EDATE(A42,-1)))),-1,Feriados!$A$2:$A$1037),1,Feriados!$A$2:$A$1037) -> 44851 | H42: =VLOOKUP(G42,$A$2:$B$76,2,FALSE) -> 6370.34 | I42: =IF(P42="após","",NETWORKDAYS(G42,A42-1,Feriados!$A$2:$A$1037)) -> 18 | J42: =IF(P42="após","",NETWORKDAYS(G42,K42-1,Feriados!$A$2:$A$1037)) -> 20 | K42: =WORKDAY(WORKDAY(DATEVALUE(CONCATENATE("15/"&MONTH(A42)&"/"&YEAR(A42))),-1,Feriados!$A$2:$A$1037),1,Feriados!$A$2:$A$1037) -> 44881 | L42: =VLOOKUP(K42,$A$2:$B$76,2,FALSE) -> 6443.6 | M42: =WORKDAY(WORKDAY(DATEVALUE(CONCATENATE("15/"&MONTH(EDATE(A42,1))&"/"&YEAR(EDATE(A42,1)))),-1,Feriados!$A$2:$A$1037),1,Feriados!$A$2:$A$1037) -> 44910 | N42: =IF(P42="antes","",NETWORKDAYS(K42,A42-1,Feriados!$A$2:$A$1037)) | O42: =IF(P42="antes","",NETWORKDAYS(K42,M42-1,Feriados!$A$2:$A$1037)) | P42: =IF(A42>K42,"Após","Antes") -> Antes | Q42: =IF(A42>K42,TRUNC(+L42*((1+C42/100)^(N42/O42)),6),TRUNC(+H42*((1+C42/100)^(I42/J42)),6)) -> 6436.2353
A43: 44879 | B43: =ROUND(+Q43,2) -> 6439.92 | C43: =+C42 -> 1.15 | D43: =+(B43/B42-1)*100 -> 0.05717624 | E43: =+(D43/100+1)*E42 -> 1.0079905 | F43: =(+E43-1)*100 -> 0.79904584 | G43: =WORKDAY(WORKDAY(DATEVALUE(CONCATENATE("15/"&MONTH(EDATE($A43,-1))&"/"&YEAR(EDATE(A43,-1)))),-1,Feriados!$A$2:$A$1037),1,Feriados!$A$2:$A$1037) -> 44851 | H43: =VLOOKUP(G43,$A$2:$B$76,2,FALSE) -> 6370.34 | I43: =IF(P43="após","",NETWORKDAYS(G43,A43-1,Feriados!$A$2:$A$1037)) -> 19 | J43: =IF(P43="após","",NETWORKDAYS(G43,K43-1,Feriados!$A$2:$A$1037)) -> 20 | K43: =WORKDAY(WORKDAY(DATEVALUE(CONCATENATE("15/"&MONTH(A43)&"/"&YEAR(A43))),-1,Feriados!$A$2:$A$1037),1,Feriados!$A$2:$A$1037) -> 44881 | L43: =VLOOKUP(K43,$A$2:$B$76,2,FALSE) -> 6443.6 | M43: =WORKDAY(WORKDAY(DATEVALUE(CONCATENATE("15/"&MONTH(EDATE(A43,1))&"/"&YEAR(EDATE(A43,1)))),-1,Feriados!$A$2:$A$1037),1,Feriados!$A$2:$A$1037) -> 44910 | N43: =IF(P43="antes","",NETWORKDAYS(K43,A43-1,Feriados!$A$2:$A$1037)) | O43: =IF(P43="antes","",NETWORKDAYS(K43,M43-1,Feriados!$A$2:$A$1037)) | P43: =IF(A43>K43,"Após","Antes") -> Antes | Q43: =IF(A43>K43,TRUNC(+L43*((1+C43/100)^(N43/O43)),6),TRUNC(+H43*((1+C43/100)^(I43/J43)),6)) -> 6439.916
A44: 44881 | B44: =ROUND(+Q44,2) -> 6443.6 | C44: =+C43 -> 1.15 | D44: =+(B44/B43-1)*100 -> 0.057143567 | E44: =+(D44/100+1)*E43 -> 1.0085665 | F44: =(+E44-1)*100 -> 0.85664601 | G44: =WORKDAY(WORKDAY(DATEVALUE(CONCATENATE("15/"&MONTH(EDATE($A44,-1))&"/"&YEAR(EDATE(A44,-1)))),-1,Feriados!$A$2:$A$1037),1,Feriados!$A$2:$A$1037) -> 44851 | H44: =VLOOKUP(G44,$A$2:$B$76,2,FALSE) -> 6370.34 | I44: =IF(P44="após","",NETWORKDAYS(G44,A44-1,Feriados!$A$2:$A$1037)) -> 20 | J44: =IF(P44="após","",NETWORKDAYS(G44,K44-1,Feriados!$A$2:$A$1037)) -> 20 | K44: =WORKDAY(WORKDAY(DATEVALUE(CONCATENATE("15/"&MONTH(A44)&"/"&YEAR(A44))),-1,Feriados!$A$2:$A$1037),1,Feriados!$A$2:$A$1037) -> 44881 | L44: =VLOOKUP(K44,$A$2:$B$76,2,FALSE) -> 6443.6 | M44: =WORKDAY(WORKDAY(DATEVALUE(CONCATENATE("15/"&MONTH(EDATE(A44,1))&"/"&YEAR(EDATE(A44,1)))),-1,Feriados!$A$2:$A$1037),1,Feriados!$A$2:$A$1037) -> 44910 | N44: =IF(P44="antes","",NETWORKDAYS(K44,A44-1,Feriados!$A$2:$A$1037)) | O44: =IF(P44="antes","",NETWORKDAYS(K44,M44-1,Feriados!$A$2:$A$1037)) | P44: =IF(A44>K44,"Após","Antes") -> Antes | Q44: =IF(A44>K44,TRUNC(+L44*((1+C44/100)^(N44/O44)),6),TRUNC(+H44*((1+C44/100)^(I44/J44)),6)) -> 6443.5989
A45: 44882 | B45: =ROUND(+Q45,2) -> 6447.11 | C45: =+C44 -> 1.15 | D45: =+(B45/B44-1)*100 -> 0.054472655 | E45: =+(D45/100+1)*E44 -> 1.0091159 | F45: =(+E45-1)*100 -> 0.9115853 | G45: =WORKDAY(WORKDAY(DATEVALUE(CONCATENATE("15/"&MONTH(EDATE($A45,-1))&"/"&YEAR(EDATE(A45,-1)))),-1,Feriados!$A$2:$A$1037),1,Feriados!$A$2:$A$1037) -> 44851 | H45: =VLOOKUP(G45,$A$2:$B$76,2,FALSE) -> 6370.34 | I45: =IF(P45="após","",NETWORKDAYS(G45,A45-1,Feriados!$A$2:$A$1037)) | J45: =IF(P45="após","",NETWORKDAYS(G45,K45-1,Feriados!$A$2:$A$1037)) | K45: =WORKDAY(WORKDAY(DATEVALUE(CONCATENATE("15/"&MONTH(A45)&"/"&YEAR(A45))),-1,Feriados!$A$2:$A$1037),1,Feriados!$A$2:$A$1037) -> 44881 | L45: =VLOOKUP(K45,$A$2:$B$76,2,FALSE) -> 6443.6 | M45: =WORKDAY(WORKDAY(DATEVALUE(CONCATENATE("15/"&MONTH(EDATE(A45,1))&"/"&YEAR(EDATE(A45,1)))),-1,Feriados!$A$2:$A$1037),1,Feriados!$A$2:$A$1037) -> 44910 | N45: =IF(P45="antes","",NETWORKDAYS(K45,A45-1,Feriados!$A$2:$A$1037)) -> 1 | O45: =IF(P45="antes","",NETWORKDAYS(K45,M45-1,Feriados!$A$2:$A$1037)) -> 21 | P45: =IF(A45>K45,"Após","Antes") -> Após | Q45: =IF(A45>K45,TRUNC(+L45*((1+C45/100)^(N45/O45)),6),TRUNC(+H45*((1+C45/100)^(I45/J45)),6)) -> 6447.1095
A46: 44883 | B46: =ROUND(+Q46,2) -> 6450.62 | C46: =+C45 -> 1.15 | D46: =+(B46/B45-1)*100 -> 0.054442998 | E46: =+(D46/100+1)*E45 -> 1.0096652 | F46: =(+E46-1)*100 -> 0.9665246 | G46: =WORKDAY(WORKDAY(DATEVALUE(CONCATENATE("15/"&MONTH(EDATE($A46,-1))&"/"&YEAR(EDATE(A46,-1)))),-1,Feriados!$A$2:$A$1037),1,Feriados!$A$2:$A$1037) -> 44851 | H46: =VLOOKUP(G46,$A$2:$B$76,2,FALSE) -> 6370.34 | I46: =IF(P46="após","",NETWORKDAYS(G46,A46-1,Feriados!$A$2:$A$1037)) | J46: =IF(P46="após","",NETWORKDAYS(G46,K46-1,Feriados!$A$2:$A$1037)) | K46: =WORKDAY(WORKDAY(DATEVALUE(CONCATENATE("15/"&MONTH(A46)&"/"&YEAR(A46))),-1,Feriados!$A$2:$A$1037),1,Feriados!$A$2:$A$1037) -> 44881 | L46: =VLOOKUP(K46,$A$2:$B$76,2,FALSE) -> 6443.6 | M46: =WORKDAY(WORKDAY(DATEVALUE(CONCATENATE("15/"&MONTH(EDATE(A46,1))&"/"&YEAR(EDATE(A46,1)))),-1,Feriados!$A$2:$A$1037),1,Feriados!$A$2:$A$1037) -> 44910 | N46: =IF(P46="antes","",NETWORKDAYS(K46,A46-1,Feriados!$A$2:$A$1037)) -> 2 | O46: =IF(P46="antes","",NETWORKDAYS(K46,M46-1,Feriados!$A$2:$A$1037)) -> 21 | P46: =IF(A46>K46,"Após","Antes") -> Após | Q46: =IF(A46>K46,TRUNC(+L46*((1+C46/100)^(N46/O46)),6),TRUNC(+H46*((1+C46/100)^(I46/J46)),6)) -> 6450.6208
... A76: 44925 | B76: =ROUND(+Q76,2) -> 6555.07 | C76: =+C75 -> 1.15 | D76: =+(B76/B75-1)*100 -> 0.052047878 | E76: =+(D76/100+1)*E75 -> 1.026014 | F76: =(+E76-1)*100 -> 2.601399 | G76: =WORKDAY(WORKDAY(DATEVALUE(CONCATENATE("15/"&MONTH(EDATE($A76,-1))&"/"&YEAR(EDATE(A76,-1)))),-1,Feriados!$A$2:$A$1037),1,Feriados!$A$2:$A$1037) -> 44881 | H76: =VLOOKUP(G76,$A$2:$B$76,2,FALSE) -> 6443.6 | I76: =IF(P76="após","",NETWORKDAYS(G76,A76-1,Feriados!$A$2:$A$1037)) | J76: =IF(P76="após","",NETWORKDAYS(G76,K76-1,Feriados!$A$2:$A$1037)) | K76: =WORKDAY(WORKDAY(DATEVALUE(CONCATENATE("15/"&MONTH(A76)&"/"&YEAR(A76))),-1,Feriados!$A$2:$A$1037),1,Feriados!$A$2:$A$1037) -> 44910 | L76: =VLOOKUP(K76,$A$2:$B$76,2,FALSE) -> 6517.7 | M76: =WORKDAY(WORKDAY(DATEVALUE(CONCATENATE("15/"&MONTH(EDATE(A76,1))&"/"&YEAR(EDATE(A76,1)))),-1,Feriados!$A$2:$A$1037),1,Feriados!$A$2:$A$1037) -> 44942 | N76: =IF(P76="antes","",NETWORKDAYS(K76,A76-1,Feriados!$A$2:$A$1037)) -> 11 | O76: =IF(P76="antes","",NETWORKDAYS(K76,M76-1,Feriados!$A$2:$A$1037)) -> 22 | P76: =IF(A76>K76,"Após","Antes") -> Após | Q76: =IF(A76>K76,TRUNC(+L76*((1+C76/100)^(N76/O76)),6),TRUNC(+H76*((1+C76/100)^(I76/J76)),6)) -> 6555.0696

Sheet VNA e PRT
A1: Código Selic | B1: Data Ref | C1: VNA | D1: IPCA | E1: P/F | F1: Válido a partir de | G1: PRT
A2: 760199 | B2: 43830 | C2: 3274.6415 | D2: 1.05 | E2: P | F2: 43822
A3: 760199 | B3: 43832 | C3: 3276.3522 | D3: 1.05 | E3: P | F3: 43822 | G3: 5290.06
A4: 760199 | B4: 43833 | C4: 3278.0637 | D4: 1.05 | E4: P | F4: 43822 | G4: =+C4/C3*G3 -> 5292.8235
A5: 760199 | B5: 43836 | C5: 3279.7762 | D5: 1.05 | E5: P | F5: 43822 | G5: =+C5/C4*G4 -> 5295.5885
A6: 760199 | B6: 43837 | C6: 3281.4895 | D6: 1.05 | E6: P | F6: 43822 | G6: =+C6/C5*G5 -> 5298.3549
A7: 760199 | B7: 43838 | C7: 3283.2038 | D7: 1.05 | E7: P | F7: 43822 | G7: =+C7/C6*G6 -> 5301.1228
A8: 760199 | B8: 43839 | C8: 3284.9189 | D8: 1.05 | E8: P | F8: 43822 | G8: =+C8/C7*G7 -> 5303.8921
A9: 760199 | B9: 43840 | C9: 3289.4008 | D9: 1.15 | E9: F | F9: 43840 | G9: =+C9/C8*G8 -> 5311.1286
A10: 760199 | B10: 43843 | C10: 3291.282 | D10: 1.15 | E10: F | F10: 43840 | G10: =+C10/C9*G9 -> 5314.1661
A11: 760199 | B11: 43844 | C11: 3293.1644 | D11: 1.15 | E11: F | F11: 43840 | G11: =+C11/C10*G10 -> 5317.2053
A12: 760199 | B12: 43845 | C12: 3295.0478 | D12: 1.15 | E12: F | F12: 43840 | G12: =+C12/C11*G11 -> 5320.2463
A13: 760199 | B13: 43846 | C13: 3295.5341 | D13: 0.34 | E13: P | F13: 43846 | G13: =+C13/C12*G12 -> 5321.0315
A14: 760199 | B14: 43847 | C14: 3296.0204 | D14: 0.34 | E14: P | F14: 43846 | G14: =+C14/C13*G13 -> 5321.8168
A15: 760199 | B15: 43850 | C15: 3296.5069 | D15: 0.34 | E15: P | F15: 43846 | G15: =+C15/C14*G14 -> 5322.6022
... A755: 760199 | B755: 44925 | C755: 3993.5209 | D755: 0.43 | E755: P | F755: 44921 | G755: =+C755/C754*G754 -> 6448.0142

Sheet Histórico DAP Futuro
A1: Data do pregão | B1: Data do vencimento | C1: Cotação do ajuste - dia atual | D1: Cotação do ajuste - dia anterior | E1: Cotação do ajuste - dia anterior corrigido | F1: Valor de ajuste por contrato | G1: du | H1: taxa | I1: CDI d-1 | J1: FC CDI | K1: PRT | L1: IPCA % a.m | M1: FC PRT | N1: FC | P1: taxa | Q1: CDI d-1 | R1: PRT | S1: IPCA % a.m | T1: PU
A2: 44865 | K2: 6384.34 | L2: 0.44 | R2: 6384.34 | S2: 0.44
A3: 44866 | B3: 45519 | C3: =+ROUND((100000/(1+H3/100)^(G3/252)),2) -> 90538.83 | G3: =NETWORKDAYS(A3,B3-1,Feriados!$A$2:$A$2000) -> 448 | H3: 5.75 | I3: 13.65 | J3: =TRUNC(+(1+I3/100)^(1/252),7) -> 1.0005078 | K3: 6385.74 | L3: 0.44 | M3: =TRUNC(K3/K2,7) -> 1.0002192 | N3: =+J3/M3 -> 1.0002885 | P3: 5.75 | Q3: 13.65 | R3: 6385.74 | S3: 0.44 | T3: =(100000/((1+P3/100)^(G3/252))) -> 90538.832
A4: 44868 | B4: 45519 | C4: =+ROUND((100000/(1+H4/100)^(G4/252)),2) -> 90543.73 | D4: =+C3 -> 90538.83 | E4: =D4*N4 -> 90564.954 | F4: =TRUNC((C4-E4)*0.00025*K4,2) -> -33.88 | G4: =NETWORKDAYS(A4,B4-1,Feriados!$A$2:$A$2000) -> 447 | H4: 5.76 | I4: 13.65 | J4: =TRUNC(+(1+I4/100)^(1/252),7) -> 1.0005078 | K4: 6387.14 | L4: 0.44 | M4: =TRUNC(K4/K3,7) -> 1.0002192 | N4: =+J4/M4 -> 1.0002885 | P4: 5.76 | Q4: 13.65 | R4: 6387.14 | S4: 0.44 | T4: =(100000/((1+P4/100)^(G4/252))) -> 90543.733
A5: 44869 | B5: 45519 | C5: =+ROUND((100000/(1+H5/100)^(G5/252)),2) -> 90639.68 | D5: =+C4 -> 90543.73 | E5: =D5*N5 -> 90569.719 | F5: =TRUNC((C5-E5)*0.00025*K5,2) -> 111.73 | G5: =NETWORKDAYS(A5,B5-1,Feriados!$A$2:$A$2000) -> 446 | H5: 5.71 | I5: 13.65 | J5: =TRUNC(+(1+I5/100)^(1/252),7) -> 1.0005078 | K5: 6388.55 | L5: 0.44 | M5: =TRUNC(K5/K4,7) -> 1.0002207 | N5: =+J5/M5 -> 1.000287 | P5: 5.71 | Q5: 13.65 | R5: 6388.55 | S5: 0.44 | T5: =(100000/((1+P5/100)^(G5/252))) -> 90639.683
A6: 44872 | B6: 45519 | C6: =+ROUND((100000/(1+H6/100)^(G6/252)),2) -> 90553.74 | D6: =+C5 -> 90639.68 | E6: =D6*N6 -> 90665.842 | F6: =TRUNC((C6-E6)*0.00025*K6,2) -> -179.08 | G6: =NETWORKDAYS(A6,B6-1,Feriados!$A$2:$A$2000) -> 445 | H6: 5.78 | I6: 13.65 | J6: =TRUNC(+(1+I6/100)^(1/252),7) -> 1.0005078 | K6: 6389.95 | L6: 0.44 | M6: =TRUNC(K6/K5,7) -> 1.0002191 | N6: =+J6/M6 -> 1.0002886 | P6: 5.78 | Q6: 13.65 | R6: 6389.95 | S6: 0.44 | T6: =(100000/((1+P6/100)^(G6/252))) -> 90553.743
A7: 44873 | B7: 45519 | C7: =+ROUND((100000/(1+H7/100)^(G7/252)),2) -> 90558.85 | D7: =+C6 -> 90553.74 | E7: =D7*N7 -> 90579.886 | F7: =TRUNC((C7-E7)*0.00025*K7,2) -> -33.61 | G7: =NETWORKDAYS(A7,B7-1,Feriados!$A$2:$A$2000) -> 444 | H7: 5.79 | I7: 13.65 | J7: =TRUNC(+(1+I7/100)^(1/252),7) -> 1.0005078 | K7: 6391.35 | L7: 0.44 | M7: =TRUNC(K7/K6,7) -> 1.000219 | N7: =+J7/M7 -> 1.0002887 | P7: 5.79 | Q7: 13.65 | R7: 6391.35 | S7: 0.44 | T7: =(100000/((1+P7/100)^(G7/252))) -> 90558.853
A8: 44874 | B8: 45519 | C8: =+ROUND((100000/(1+H8/100)^(G8/252)),2) -> 90443.78 | D8: =+C7 -> 90558.85 | E8: =D8*N8 -> 90584.998 | F8: =TRUNC((C8-E8)*0.00025*K8,2) -> -225.69 | G8: =NETWORKDAYS(A8,B8-1,Feriados!$A$2:$A$2000) -> 443 | H8: 5.88 | I8: 13.65 | J8: =TRUNC(+(1+I8/100)^(1/252),7) -> 1.0005078 | K8: 6392.75 | L8: 0.44 | M8: =TRUNC(K8/K7,7) -> 1.000219 | N8: =+J8/M8 -> 1.0002887 | P8: 5.88 | Q8: 13.65 | R8: 6392.75 | S8: 0.44 | T8: =(100000/((1+P8/100)^(G8/252))) -> 90443.775
A9: 44875 | B9: 45519 | C9: =+ROUND((100000/(1+H9/100)^(G9/252)),2) -> 89793.84 | D9: =+C8 -> 90443.78 | E9: =D9*N9 -> 90355.159 | F9: =TRUNC((C9-E9)*0.00025*K9,2) -> -898.42 | G9: =NETWORKDAYS(A9,B9-1,Feriados!$A$2:$A$2000) -> 442 | H9: 6.33 | I9: 13.65 | J9: =TRUNC(+(1+I9/100)^(1/252),7) -> 1.0005078 | K9: 6402.27 | L9: 0.59 | M9: =TRUNC(K9/K8,7) -> 1.0014891 | N9: =+J9/M9 -> 0.99902016 | P9: 6.33 | Q9: 13.65 | R9: 6402.27 | S9: 0.59 | T9: =(100000/((1+P9/100)^(G9/252))) -> 89793.841
A10: 44876 | B10: 45519 | C10: =+ROUND((100000/(1+H10/100)^(G10/252)),2) -> 89550.25 | D10: =+C9 -> 89793.84 | E10: =D10*N10 -> 89812.925 | F10: =TRUNC((C10-E10)*0.00025*K10,2) -> -420.55 | G10: =NETWORKDAYS(A10,B10-1,Feriados!$A$2:$A$2000) -> 441 | H10: 6.51 | I10: 13.65 | J10: =TRUNC(+(1+I10/100)^(1/252),7) -> 1.0005078 | K10: 6404.16 | L10: 0.59 | M10: =TRUNC(K10/K9,7) -> 1.0002952 | N10: =+J10/M10 -> 1.0002125 | P10: 6.51 | Q10: 13.65 | R10: 6404.16 | S10: 0.59 | T10: =(100000/((1+P10/100)^(G10/252))) -> 89550.255
A11: 44879 | B11: 45519 | C11: =+ROUND((100000/(1+H11/100)^(G11/252)),2) -> 89822.84 | D11: =+C10 -> 89550.25 | E11: =D11*N11 -> 89569.435 | F11: =TRUNC((C11-E11)*0.00025*K11,2) -> 405.83 | G11: =NETWORKDAYS(A11,B11-1,Feriados!$A$2:$A$2000) -> 440 | H11: 6.34 | I11: 13.65 | J11: =TRUNC(+(1+I11/100)^(1/252),7) -> 1.0005078 | K11: 6406.04 | L11: 0.59 | M11: =TRUNC(K11/K10,7) -> 1.0002935 | N11: =+J11/M11 -> 1.0002142 | P11: 6.34 | Q11: 13.65 | R11: 6406.04 | S11: 0.59 | T11: =(100000/((1+P11/100)^(G11/252))) -> 89822.842
A12: 44881 | B12: 45519 | C12: =+ROUND((100000/(1+H12/100)^(G12/252)),2) -> 89609.75 | D12: =+C11 -> 89822.84 | E12: =D12*N12 -> 89841.949 | F12: =TRUNC((C12-E12)*0.00025*K12,2) -> -371.97 | G12: =NETWORKDAYS(A12,B12-1,Feriados!$A$2:$A$2000) -> 439 | H12: 6.5 | I12: 13.65 | J12: =TRUNC(+(1+I12/100)^(1/252),7) -> 1.0005078 | K12: 6407.93 | L12: 0.59 | M12: =TRUNC(K12/K11,7) -> 1.000295 | N12: =+J12/M12 -> 1.0002127 | P12: 6.5 | Q12: 13.65 | R12: 6407.93 | S12: 0.59 | T12: =(100000/((1+P12/100)^(G12/252))) -> 89609.746
A13: 44882 | B13: 45519 | C13: =+ROUND((100000/(1+H13/100)^(G13/252)),2) -> 89471.46 | D13: =+C12 -> 89609.75 | E13: =D13*N13 -> 89636.099 | F13: =TRUNC((C13-E13)*0.00025*K13,2) -> -263.8 | G13: =NETWORKDAYS(A13,B13-1,Feriados!$A$2:$A$2000) -> 438 | H13: 6.61 | I13: 13.65 | J13: =TRUNC(+(1+I13/100)^(1/252),7) -> 1.0005078 | K13: 6409.3 | L13: 0.45 | M13: =TRUNC(K13/K12,7) -> 1.0002137 | N13: =+J13/M13 -> 1.000294 | P13: 6.61 | Q13: 13.65 | R13: 6409.3 | S13: 0.45 | T13: =(100000/((1+P13/100)^(G13/252))) -> 89471.461
A14: 44883 | B14: 45519 | C14: =+ROUND((100000/(1+H14/100)^(G14/252)),2) -> 89450.53 | D14: =+C13 -> 89471.46 | E14: =D14*N14 -> 89497.768 | F14: =TRUNC((C14-E14)*0.00025*K14,2) -> -75.7 | G14: =NETWORKDAYS(A14,B14-1,Feriados!$A$2:$A$2000) -> 437 | H14: 6.64 | I14: 13.65 | J14: =TRUNC(+(1+I14/100)^(1/252),7) -> 1.0005078 | K14: 6410.67 | L14: 0.45 | M14: =TRUNC(K14/K13,7) -> 1.0002137 | N14: =+J14/M14 -> 1.000294 | P14: 6.64 | Q14: 13.65 | R14: 6410.67 | S14: 0.45 | T14: =(100000/((1+P14/100)^(G14/252))) -> 89450.534
A15: 44886 | B15: 45519 | C15: =+ROUND((100000/(1+H15/100)^(G15/252)),2) -> 89516.92 | D15: =+C14 -> 89450.53 | E15: =D15*N15 -> 89476.832 | F15: =TRUNC((C15-E15)*0.00025*K15,2) -> 64.26 | G15: =NETWORKDAYS(A15,B15-1,Feriados!$A$2:$A$2000) -> 436 | H15: 6.61 | I15: 13.65 | J15: =TRUNC(+(1+I15/100)^(1/252),7) -> 1.0005078 | K15: 6412.04 | L15: 0.45 | M15: =TRUNC(K15/K14,7) -> 1.0002137 | N15: =+J15/M15 -> 1.000294 | P15: 6.61 | Q15: 13.65 | R15: 6412.04 | S15: 0.45 | T15: =(100000/((1+P15/100)^(G15/252))) -> 89516.923
... A22: 44895 | B22: 45519 | C22: =+ROUND((100000/(1+H22/100)^(G22/252)),2) -> 89476.1 | D22: =+C21 -> 89210.36 | E22: =D22*N22 -> 89232.327 | F22: =TRUNC((C22-E22)*0.00025*K22,2) -> 391.54 | G22: =NETWORKDAYS(A22,B22-1,Feriados!$A$2:$A$2000) -> 429 | H22: 6.75 | I22: 13.65 | J22: =TRUNC(+(1+I22/100)^(1/252),7) -> 1.0005078 | K22: 6424.69 | L22: 0.55 | M22: =TRUNC(K22/K21,7) -> 1.0002615 | N22: =+J22/M22 -> 1.0002462 | P22: 6.75 | Q22: 13.65 | R22: 6424.69 | S22: 0.55 | T22: =(100000/((1+P22/100)^(G22/252))) -> 89476.102
F23: =SUM(F4:F22) -> -2211.62 | H23: =+H22-H3 -> 1 | I23: =+I22-I3 -> 0
I25: a.a. | J25: Fator | K25: a.a. | L25: Fator | M25: a.a. | N25: Fator
I26: =+((J26)^(252/20)-1)*100 -> 13.647699 | J26: =PRODUCT(J3:J22) -> 1.0102051 | K26: =+((K22/K2)^(252/20)-1)*100 -> 8.2619235 | L26: =PRODUCT(M3:M22) -> 1.0063191 | M26: =+((N26)^(252/20)-1)*100 -> 4.9761321 | N26: =PRODUCT(N3:N22) -> 1.0038616
J27: =(+J26-1)*100 -> 1.0205143 | L27: =(+L26-1)*100 -> 0.63191117
G28: 20 DU | K28: =+H3 -> 5.75 | L28: =+(1+K28/100)^(20/252) -> 1.004447
L29: =(+L28-1)*100 -> 0.44469722
K30: =+((L30)^(252/20)-1)*100 -> 14.485493 | L30: =+L28*L26 -> 1.0107942
L31: =(+L30-1)*100 -> 1.0794185

Sheet Comprado X Vendido DAP
A1: Data do pregão | B1: Data do vencimento | C1: Cotação do ajuste - dia atual | D1: Cotação do ajuste - dia anterior | E1: Cotação do ajuste - dia anterior corrigido | F1: Valor de ajuste por contrato | G1: du | H1: taxa | I1: CDI d-1 | J1: FC CDI | K1: PRT | L1: IPCA % a.m | M1: FC PRT | N1: FC | O1: 100% CDI | P1: Comprado | Q1: Vendido
A2: 44865 | I2: 13.65 | J2: =TRUNC(+(1+I2/100)^(1/252),7) -> 1.0005078 | K2: 6406.86 | L2: 1.15 | O2: =+C3*0.00025*K3 -> 145100.47 | P2: =+O2 -> 145100.47 | Q2: =+P2 -> 145100.47
A3: 44866 | B3: 45519 | C3: =+ROUND((100000/(1+H3/100)^(G3/252)),2) -> 90538.83 | G3: =NETWORKDAYS(A3,B3-1,Feriados!$A$2:$A$2000) -> 448 | H3: 5.75 | I3: 13.65 | J3: =TRUNC(+(1+I3/100)^(1/252),7) -> 1.0005078 | K3: 6410.53 | L3: 1.15 | M3: =TRUNC(K3/K2,7) -> 1.0005728 | N3: =+J3/M3 -> 0.99993504 | O3: =+O2*J2 -> 145174.15 | P3: =+(P2*J2)-F3 -> 145174.15 | Q3: =+(Q2*J2)+F3 -> 145174.15
A4: 44868 | B4: 45519 | C4: =+ROUND((100000/(1+H4/100)^(G4/252)),2) -> 90528.55 | D4: =+C3 -> 90538.83 | E4: =D4*N4 -> 90533.12 | F4: =TRUNC((C4-E4)*0.00025*K4,2) -> -7.32 | G4: =NETWORKDAYS(A4,B4-1,Feriados!$A$2:$A$2000) -> 447 | H4: =+H3+0.02 -> 5.77 | I4: 13.65 | J4: =TRUNC(+(1+I4/100)^(1/252),7) -> 1.0005078 | K4: 6414.19 | L4: 1.15 | M4: =TRUNC(K4/K3,7) -> 1.0005709 | N4: =+J4/M4 -> 0.99993694 | O4: =+O3*J3 -> 145247.87 | P4: =+(P3*J3)-F4 -> 145255.19 | Q4: =+(Q3*J3)+F4 -> 145240.55
A5: 44869 | B5: 45519 | C5: =+ROUND((100000/(1+H5/100)^(G5/252)),2) -> 90518.41 | D5: =+C4 -> 90528.55 | E5: =D5*N5 -> 90522.732 | F5: =TRUNC((C5-E5)*0.00025*K5,2) -> -6.93 | G5: =NETWORKDAYS(A5,B5-1,Feriados!$A$2:$A$2000) -> 446 | H5: =+H4+0.02 -> 5.79 | I5: 13.65 | J5: =TRUNC(+(1+I5/100)^(1/252),7) -> 1.0005078 | K5: 6417.86 | L5: 1.15 | M5: =TRUNC(K5/K4,7) -> 1.0005721 | N5: =+J5/M5 -> 0.99993574 | O5: =+O4*J4 -> 145321.63 | P5: =+(P4*J4)-F5 -> 145335.88 | Q5: =+(Q4*J4)+F5 -> 145307.38
A6: 44872 | B6: 45519 | C6: =+ROUND((100000/(1+H6/100)^(G6/252)),2) -> 90508.41 | D6: =+C5 -> 90518.41 | E6: =D6*N6 -> 90512.62 | F6: =TRUNC((C6-E6)*0.00025*K6,2) -> -6.75 | G6: =NETWORKDAYS(A6,B6-1,Feriados!$A$2:$A$2000) -> 445 | H6: =+H5+0.02 -> 5.81 | I6: 13.65 | J6: =TRUNC(+(1+I6/100)^(1/252),7) -> 1.0005078 | K6: 6421.53 | L6: 1.15 | M6: =TRUNC(K6/K5,7) -> 1.0005718 | N6: =+J6/M6 -> 0.99993604 | O6: =+O5*J5 -> 145395.42 | P6: =+(P5*J5)-F6 -> 145416.44 | Q6: =+(Q5*J5)+F6 -> 145374.41
A7: 44873 | B7: 45519 | C7: =+ROUND((100000/(1+H7/100)^(G7/252)),2) -> 90498.56 | D7: =+C6 -> 90508.41 | E7: =D7*N7 -> 90502.512 | F7: =TRUNC((C7-E7)*0.00025*K7,2) -> -6.34 | G7: =NETWORKDAYS(A7,B7-1,Feriados!$A$2:$A$2000) -> 444 | H7: =+H6+0.02 -> 5.83 | I7: 13.65 | J7: =TRUNC(+(1+I7/100)^(1/252),7) -> 1.0005078 | K7: 6425.21 | L7: 1.15 | M7: =TRUNC(K7/K6,7) -> 1.000573 | N7: =+J7/M7 -> 0.99993484 | O7: =+O6*J6 -> 145469.26 | P7: =+(P6*J6)-F7 -> 145496.62 | Q7: =+(Q6*J6)+F7 -> 145441.89
A8: 44874 | B8: 45519 | C8: =+ROUND((100000/(1+H8/100)^(G8/252)),2) -> 90488.84 | D8: =+C7 -> 90498.56 | E8: =D8*N8 -> 90492.835 | F8: =TRUNC((C8-E8)*0.00025*K8,2) -> -6.42 | G8: =NETWORKDAYS(A8,B8-1,Feriados!$A$2:$A$2000) -> 443 | H8: =+H7+0.02 -> 5.85 | I8: 13.65 | J8: =TRUNC(+(1+I8/100)^(1/252),7) -> 1.0005078 | K8: 6428.88 | L8: 1.15 | M8: =TRUNC(K8/K7,7) -> 1.0005711 | N8: =+J8/M8 -> 0.99993674 | O8: =+O7*J7 -> 145543.13 | P8: =+(P7*J7)-F8 -> 145576.92 | Q8: =+(Q7*J7)+F8 -> 145509.33
A9: 44875 | B9: 45519 | C9: =+ROUND((100000/(1+H9/100)^(G9/252)),2) -> 90479.27 | D9: =+C8 -> 90488.84 | E9: =D9*N9 -> 90482.998 | F9: =TRUNC((C9-E9)*0.00025*K9,2) -> -5.99 | G9: =NETWORKDAYS(A9,B9-1,Feriados!$A$2:$A$2000) -> 442 | H9: =+H8+0.02 -> 5.87 | I9: 13.65 | J9: =TRUNC(+(1+I9/100)^(1/252),7) -> 1.0005078 | K9: 6432.56 | L9: 1.15 | M9: =TRUNC(K9/K8,7) -> 1.0005724 | N9: =+J9/M9 -> 0.99993544 | O9: =+O8*J8 -> 145617.03 | P9: =+(P8*J8)-F9 -> 145656.83 | Q9: =+(Q8*J8)+F9 -> 145577.23
A10: 44876 | B10: 45519 | C10: =+ROUND((100000/(1+H10/100)^(G10/252)),2) -> 90469.84 | D10: =+C9 -> 90479.27 | E10: =D10*N10 -> 90473.465 | F10: =TRUNC((C10-E10)*0.00025*K10,2) -> -5.83 | G10: =NETWORKDAYS(A10,B10-1,Feriados!$A$2:$A$2000) -> 441 | H10: =+H9+0.02 -> 5.89 | I10: 13.65 | J10: =TRUNC(+(1+I10/100)^(1/252),7) -> 1.0005078 | K10: 6436.24 | L10: 1.15 | M10: =TRUNC(K10/K9,7) -> 1.000572 | N10: =+J10/M10 -> 0.99993584 | O10: =+O9*J9 -> 145690.98 | P10: =+(P9*J9)-F10 -> 145736.63 | Q10: =+(Q9*J9)+F10 -> 145645.32
A11: 44879 | B11: 45519 | C11: =+ROUND((100000/(1+H11/100)^(G11/252)),2) -> 90460.56 | D11: =+C10 -> 90469.84 | E11: =D11*N11 -> 90464.062 | F11: =TRUNC((C11-E11)*0.00025*K11,2) -> -5.63 | G11: =NETWORKDAYS(A11,B11-1,Feriados!$A$2:$A$2000) -> 440 | H11: =+H10+0.02 -> 5.91 | I11: 13.65 | J11: =TRUNC(+(1+I11/100)^(1/252),7) -> 1.0005078 | K11: 6439.92 | L11: 1.15 | M11: =TRUNC(K11/K10,7) -> 1.0005717 | N11: =+J11/M11 -> 0.99993614 | O11: =+O10*J10 -> 145764.96 | P11: =+(P10*J10)-F11 -> 145816.26 | Q11: =+(Q10*J10)+F11 -> 145713.65
A12: 44881 | B12: 45519 | C12: =+ROUND((100000/(1+H12/100)^(G12/252)),2) -> 90451.41 | D12: =+C11 -> 90460.56 | E12: =D12*N12 -> 90454.81 | F12: =TRUNC((C12-E12)*0.00025*K12,2) -> -5.47 | G12: =NETWORKDAYS(A12,B12-1,Feriados!$A$2:$A$2000) -> 439 | H12: =+H11+0.02 -> 5.93 | I12: 13.65 | J12: =TRUNC(+(1+I12/100)^(1/252),7) -> 1.0005078 | K12: 6443.6 | L12: 1.15 | M12: =TRUNC(K12/K11,7) -> 1.0005714 | N12: =+J12/M12 -> 0.99993644 | O12: =+O11*J11 -> 145838.98 | P12: =+(P11*J11)-F12 -> 145895.78 | Q12: =+(Q11*J11)+F12 -> 145782.18
A13: 44882 | B13: 45519 | C13: =+ROUND((100000/(1+H13/100)^(G13/252)),2) -> 90442.41 | D13: =+C12 -> 90451.41 | E13: =D13*N13 -> 90448.074 | F13: =TRUNC((C13-E13)*0.00025*K13,2) -> -9.12 | G13: =NETWORKDAYS(A13,B13-1,Feriados!$A$2:$A$2000) -> 438 | H13: =+H12+0.02 -> 5.95 | I13: 13.65 | J13: =TRUNC(+(1+I13/100)^(1/252),7) -> 1.0005078 | K13: 6447.11 | L13: 1.15 | M13: =TRUNC(K13/K12,7) -> 1.0005447 | N13: =+J13/M13 -> 0.99996312 | O13: =+O12*J12 -> 145913.03 | P13: =+(P12*J12)-F13 -> 145978.99 | Q13: =+(Q12*J12)+F13 -> 145847.08
A14: 44883 | B14: 45519 | C14: =+ROUND((100000/(1+H14/100)^(G14/252)),2) -> 90433.55 | D14: =+C13 -> 90442.41 | E14: =D14*N14 -> 90439.102 | F14: =TRUNC((C14-E14)*0.00025*K14,2) -> -8.95 | G14: =NETWORKDAYS(A14,B14-1,Feriados!$A$2:$A$2000) -> 437 | H14: =+H13+0.02 -> 5.97 | I14: 13.65 | J14: =TRUNC(+(1+I14/100)^(1/252),7) -> 1.0005078 | K14: 6450.62 | L14: 1.15 | M14: =TRUNC(K14/K13,7) -> 1.0005444 | N14: =+J14/M14 -> 0.99996342 | O14: =+O13*J13 -> 145987.13 | P14: =+(P13*J13)-F14 -> 146062.06 | Q14: =+(Q13*J13)+F14 -> 145912.19
A15: 44886 | B15: 45519 | C15: =+ROUND((100000/(1+H15/100)^(G15/252)),2) -> 90424.84 | D15: =+C14 -> 90433.55 | E15: =D15*N15 -> 90430.269 | F15: =TRUNC((C15-E15)*0.00025*K15,2) -> -8.75 | G15: =NETWORKDAYS(A15,B15-1,Feriados!$A$2:$A$2000) -> 436 | H15: =+H14+0.02 -> 5.99 | I15: 13.65 | J15: =TRUNC(+(1+I15/100)^(1/252),7) -> 1.0005078 | K15: 6454.13 | L15: 1.15 | M15: =TRUNC(K15/K14,7) -> 1.0005441 | N15: =+J15/M15 -> 0.99996372 | O15: =+O14*J14 -> 146061.26 | P15: =+(P14*J14)-F15 -> 146144.98 | Q15: =+(Q14*J14)+F15 -> 145977.54
... A22: 44895 | B22: 45519 | C22: =+ROUND((100000/(1+H22/100)^(G22/252)),2) -> 90367.78 | D22: =+C21 -> 90375.5 | E22: =D22*N22 -> 90372.131 | F22: =TRUNC((C22-E22)*0.00025*K22,2) -> -7.04 | G22: =NETWORKDAYS(A22,B22-1,Feriados!$A$2:$A$2000) -> 429 | H22: =+H21+0.02 -> 6.13 | I22: 13.65 | J22: =TRUNC(+(1+I22/100)^(1/252),7) -> 1.0005078 | K22: 6478.78 | L22: 1.15 | M22: =TRUNC(K22/K21,7) -> 1.0005451 | N22: =+J22/M22 -> 0.99996272 | O22: =+O21*J21 -> 146581.24 | P22: =+(P21*J21)-F22 -> 146719.89 | Q22: =+(Q21*J21)+F22 -> 146442.6
F23: =SUM(F4:F22) -> -138.04 | H23: =+H22-H3 -> 0.38 | I23: =+I22-I3 -> 0 | O23: =+O22-O2 -> 1480.7711 | P23: =+P22-P2 -> 1619.4178 | Q23: =+Q22-Q2 -> 1342.1244
O24: =+O22/O2-1 -> 0.010205143 | P24: =+P22/P2-1 -> 0.011160665 | Q24: =+Q22/Q2-1 -> 0.0092496211
H25: a.a. | I25: Fator | J25: a.a. | K25: Fator | L25: a.a. | M25: Fator
H26: =+((I26)^(252/20)-1)*100 -> 13.647699 | I26: =PRODUCT(J3:J22) -> 1.0102051 | J26: =+((K22/K2)^(252/20)-1)*100 -> 15.102507 | K26: =PRODUCT(M3:M22) -> 1.0112244 | L26: =+((M26)^(252/20)-1)*100 -> -1.2626215 | M26: =PRODUCT(N3:N22) -> 0.99899205 | O26: =+P24-O24 -> 0.00095552204 | P26: ← :: → | Q26: =+Q24-O24 -> -0.00095552204
I27: =(+I26-1)*100 -> 1.0205143 | K27: =(+K26-1)*100 -> 1.1224409 | M27: =(+M26-1)*100 -> -0.10079523
O28: a.a. | P28: a.a. | Q28: a.a.
F29: 20 DU | J29: =+H3 -> 5.75 | K29: =+(1+J29/100)^(20/252) -> 1.004447 | O29: =(((O24+1)^(252/20))-1) -> 0.13647699 | P29: =(((P24+1)^(252/20))-1) -> 0.15009603 | Q29: =(((Q24+1)^(252/20))-1) -> 0.12300657
K30: =(+K29-1)*100 -> 0.44469722
J31: =+((K31)^(252/20)-1)*100 -> 21.719296 | K31: =+K29*K26 -> 1.0157213 | O31: =(((O26+1)^(252/20))-1) -> 0.012106527 | Q31: =(((Q26+1)^(252/20))-1) -> -0.011973079
K32: =(+K31-1)*100 -> 1.5721296

Sheet DAP até o Vencimento
A1: Data do pregão | B1: Data do vencimento | C1: Cotação do ajuste - dia atual | D1: Cotação do ajuste - dia anterior | E1: Cotação do ajuste - dia anterior corrigido | F1: Valor de ajuste por contrato | G1: du | H1: taxa | I1: CDI d-1 | J1: FC CDI | K1: PRT | L1: IPCA % a.m | M1: FC PRT | N1: FC | O1: 100% CDI | P1: Comprado | Q1: Vendido | S1: taxa | T1: CDI d-1
A2: 44421 | B2: 44788 | C2: =+ROUND((100000/(1+H2/100)^(G2/252)),2) -> 97828.21 | G2: =NETWORKDAYS(A2,B2-1,Feriados!$A$2:$A$2000) -> 252 | H2: 2.22 | I2: 5.15 | J2: =ROUND(+(1+I2/100)^(1/252),100) -> 1.0001993 | K2: =ROUND(VLOOKUP(A2,'VNA e PRT'!B:G,6,FALSE),2) -> 5822.84 | L2: =ROUND(VLOOKUP(A2,'VNA e PRT'!B:G,3,FALSE),2) -> 0.96 | O2: =+C2*0.00025*K2 -> 142409.5 | P2: =+O2 -> 142409.5 | Q2: =+P2 -> 142409.5 | S2: 2.22 | T2: 5.15
A3: 44424 | B3: 44788 | C3: =+ROUND((100000/(1+H3/100)^(G3/252)),2) -> 97884.43 | D3: =+C2 -> 97828.21 | E3: =D3*N3 -> 97805.211 | F3: =TRUNC((C3-E3)*0.00025*K3,2) -> 115.37 | G3: =NETWORKDAYS(A3,B3-1,Feriados!$A$2:$A$2000) -> 251 | H3: =+H2-0.05 -> 2.17 | I3: 5.15 | J3: =ROUND(+(1+I3/100)^(1/252),100) -> 1.0001993 | K3: =ROUND(VLOOKUP(A3,'VNA e PRT'!B:G,6,FALSE),2) -> 5825.37 | L3: =ROUND(VLOOKUP(A3,'VNA e PRT'!B:G,3,FALSE),2) -> 0.96 | M3: =ROUND(K3/K2,100) -> 1.0004345 | N3: =+J3/M3 -> 0.9997649 | O3: =+O2*J2 -> 142437.89 | P3: =+(P2*J2)-F3 -> 142322.52 | Q3: =+(Q2*J2)+F3 -> 142553.26 | S3: 2.28 | T3: 5.15
A4: 44425 | B4: 44788 | C4: =+ROUND((100000/(1+H4/100)^(G4/252)),2) -> 97873.76 | D4: =+C3 -> 97884.43 | E4: =D4*N4 -> 97878.399 | F4: =TRUNC((C4-E4)*0.00025*K4,2) -> -6.75 | G4: =NETWORKDAYS(A4,B4-1,Feriados!$A$2:$A$2000) -> 250 | H4: 2.19 | I4: 5.15 | J4: =ROUND(+(1+I4/100)^(1/252),100) -> 1.0001993 | K4: =ROUND(VLOOKUP(A4,'VNA e PRT'!B:G,6,FALSE),2) -> 5826.89 | L4: =ROUND(VLOOKUP(A4,'VNA e PRT'!B:G,3,FALSE),2) -> 0.55 | M4: =ROUND(K4/K3,100) -> 1.0002609 | N4: =+J4/M4 -> 0.99993838 | O4: =+O3*J3 -> 142466.27 | P4: =+(P3*J3)-F4 -> 142357.63 | Q4: =+(Q3*J3)+F4 -> 142574.92 | S4: 2.19 | T4: 5.15
A5: 44426 | B5: 44788 | C5: =+ROUND((100000/(1+H5/100)^(G5/252)),2) -> 97806.52 | D5: =+C4 -> 97873.76 | E5: =D5*N5 -> 97867.736 | F5: =TRUNC((C5-E5)*0.00025*K5,2) -> -89.19 | G5: =NETWORKDAYS(A5,B5-1,Feriados!$A$2:$A$2000) -> 249 | H5: 2.27 | I5: 5.15 | J5: =ROUND(+(1+I5/100)^(1/252),100) -> 1.0001993 | K5: =ROUND(VLOOKUP(A5,'VNA e PRT'!B:G,6,FALSE),2) -> 5828.41 | L5: =ROUND(VLOOKUP(A5,'VNA e PRT'!B:G,3,FALSE),2) -> 0.55 | M5: =ROUND(K5/K4,100) -> 1.0002609 | N5: =+J5/M5 -> 0.99993845 | O5: =+O4*J4 -> 142494.67 | P5: =+(P4*J4)-F5 -> 142475.19 | Q5: =+(Q4*J4)+F5 -> 142514.14 | S5: 2.27 | T5: 5.15
A6: 44427 | B6: 44788 | C6: =+ROUND((100000/(1+H6/100)^(G6/252)),2) -> 97758.79 | D6: =+C5 -> 97806.52 | E6: =D6*N6 -> 97800.507 | F6: =TRUNC((C6-E6)*0.00025*K6,2) -> -60.8 | G6: =NETWORKDAYS(A6,B6-1,Feriados!$A$2:$A$2000) -> 248 | H6: 2.33 | I6: 5.15 | J6: =ROUND(+(1+I6/100)^(1/252),100) -> 1.0001993 | K6: =ROUND(VLOOKUP(A6,'VNA e PRT'!B:G,6,FALSE),2) -> 5829.93 | L6: =ROUND(VLOOKUP(A6,'VNA e PRT'!B:G,3,FALSE),2) -> 0.55 | M6: =ROUND(K6/K5,100) -> 1.0002608 | N6: =+J6/M6 -> 0.99993852 | O6: =+O5*J5 -> 142523.06 | P6: =+(P5*J5)-F6 -> 142564.39 | Q6: =+(Q5*J5)+F6 -> 142481.74 | S6: 2.33 | T6: 5.15
A7: 44428 | B7: 44788 | C7: =+ROUND((100000/(1+H7/100)^(G7/252)),2) -> 97702.21 | D7: =+C6 -> 97758.79 | E7: =D7*N7 -> 97752.619 | F7: =TRUNC((C7-E7)*0.00025*K7,2) -> -73.48 | G7: =NETWORKDAYS(A7,B7-1,Feriados!$A$2:$A$2000) -> 247 | H7: 2.4 | I7: 5.15 | J7: =ROUND(+(1+I7/100)^(1/252),100) -> 1.0001993 | K7: =ROUND(VLOOKUP(A7,'VNA e PRT'!B:G,6,FALSE),2) -> 5831.46 | L7: =ROUND(VLOOKUP(A7,'VNA e PRT'!B:G,3,FALSE),2) -> 0.55 | M7: =ROUND(K7/K6,100) -> 1.0002624 | N7: =+J7/M7 -> 0.99993687 | O7: =+O6*J6 -> 142551.47 | P7: =+(P6*J6)-F7 -> 142666.28 | Q7: =+(Q6*J6)+F7 -> 142436.66 | S7: 2.4 | T7: 5.15
A8: 44431 | B8: 44788 | C8: =+ROUND((100000/(1+H8/100)^(G8/252)),2) -> 97571.89 | D8: =+C7 -> 97702.21 | E8: =D8*N8 -> 97696.217 | F8: =TRUNC((C8-E8)*0.00025*K8,2) -> -181.29 | G8: =NETWORKDAYS(A8,B8-1,Feriados!$A$2:$A$2000) -> 246 | H8: 2.55 | I8: 5.15 | J8: =ROUND(+(1+I8/100)^(1/252),100) -> 1.0001993 | K8: =ROUND(VLOOKUP(A8,'VNA e PRT'!B:G,6,FALSE),2) -> 5832.98 | L8: =ROUND(VLOOKUP(A8,'VNA e PRT'!B:G,3,FALSE),2) -> 0.55 | M8: =ROUND(K8/K7,100) -> 1.0002607 | N8: =+J8/M8 -> 0.99993866 | O8: =+O7*J7 -> 142579.88 | P8: =+(P7*J7)-F8 -> 142876 | Q8: =+(Q7*J7)+F8 -> 142283.76 | S8: 2.55 | T8: 5.15
A9: 44432 | B9: 44788 | C9: =+ROUND((100000/(1+H9/100)^(G9/252)),2) -> 97572.39 | D9: =+C8 -> 97571.89 | E9: =D9*N9 -> 97565.911 | F9: =TRUNC((C9-E9)*0.00025*K9,2) -> 9.44 | G9: =NETWORKDAYS(A9,B9-1,Feriados!$A$2:$A$2000) -> 245 | H9: 2.56 | I9: 5.15 | J9: =ROUND(+(1+I9/100)^(1/252),100) -> 1.0001993 | K9: =ROUND(VLOOKUP(A9,'VNA e PRT'!B:G,6,FALSE),2) -> 5834.5 | L9: =ROUND(VLOOKUP(A9,'VNA e PRT'!B:G,3,FALSE),2) -> 0.55 | M9: =ROUND(K9/K8,100) -> 1.0002606 | N9: =+J9/M9 -> 0.99993873 | O9: =+O8*J8 -> 142608.29 | P9: =+(P8*J8)-F9 -> 142895.04 | Q9: =+(Q8*J8)+F9 -> 142321.55 | S9: 2.56 | T9: 5.15
A10: 44433 | B10: 44788 | C10: =+ROUND((100000/(1+H10/100)^(G10/252)),2) -> 97655.93 | D10: =+C9 -> 97572.39 | E10: =D10*N10 -> 97566.251 | F10: =TRUNC((C10-E10)*0.00025*K10,2) -> 130.84 | G10: =NETWORKDAYS(A10,B10-1,Feriados!$A$2:$A$2000) -> 244 | H10: 2.48 | I10: 5.15 | J10: =ROUND(+(1+I10/100)^(1/252),100) -> 1.0001993 | K10: =ROUND(VLOOKUP(A10,'VNA e PRT'!B:G,6,FALSE),2) -> 5836.03 | L10: =ROUND(VLOOKUP(A10,'VNA e PRT'!B:G,3,FALSE),2) -> 0.55 | M10: =ROUND(K10/K9,100) -> 1.0002622 | N10: =+J10/M10 -> 0.99993708 | O10: =+O9*J9 -> 142636.72 | P10: =+(P9*J9)-F10 -> 142792.67 | Q10: =+(Q9*J9)+F10 -> 142480.76 | S10: 2.48 | T10: 5.15
A11: 44434 | B11: 44788 | C11: =+ROUND((100000/(1+H11/100)^(G11/252)),2) -> 97693 | D11: =+C10 -> 97655.93 | E11: =D11*N11 -> 97609.328 | F11: =TRUNC((C11-E11)*0.00025*K11,2) -> 122.16 | G11: =NETWORKDAYS(A11,B11-1,Feriados!$A$2:$A$2000) -> 243 | H11: 2.45 | I11: 5.15 | J11: =ROUND(+(1+I11/100)^(1/252),100) -> 1.0001993 | K11: =ROUND(VLOOKUP(A11,'VNA e PRT'!B:G,6,FALSE),2) -> 5839.98 | L11: =ROUND(VLOOKUP(A11,'VNA e PRT'!B:G,3,FALSE),2) -> 0.66 | M11: =ROUND(K11/K10,100) -> 1.0006768 | N11: =+J11/M11 -> 0.99952279 | O11: =+O10*J10 -> 142665.14 | P11: =+(P10*J10)-F11 -> 142698.97 | Q11: =+(Q10*J10)+F11 -> 142631.31 | S11: 2.45 | T11: 5.15
A12: 44435 | B12: 44788 | C12: =+ROUND((100000/(1+H12/100)^(G12/252)),2) -> 97757.37 | D12: =+C11 -> 97693 | E12: =D12*N12 -> 97681.861 | F12: =TRUNC((C12-E12)*0.00025*K12,2) -> 110.27 | G12: =NETWORKDAYS(A12,B12-1,Feriados!$A$2:$A$2000) -> 242 | H12: 2.39 | I12: 5.15 | J12: =ROUND(+(1+I12/100)^(1/252),100) -> 1.0001993 | K12: =ROUND(VLOOKUP(A12,'VNA e PRT'!B:G,6,FALSE),2) -> 5841.81 | L12: =ROUND(VLOOKUP(A12,'VNA e PRT'!B:G,3,FALSE),2) -> 0.66 | M12: =ROUND(K12/K11,100) -> 1.0003134 | N12: =+J12/M12 -> 0.99988598 | O12: =+O11*J11 -> 142693.58 | P12: =+(P11*J11)-F12 -> 142617.14 | Q12: =+(Q11*J11)+F12 -> 142770.01 | S12: 2.39 | T12: 5.15
A13: 44438 | B13: 44788 | C13: =+ROUND((100000/(1+H13/100)^(G13/252)),2) -> 97757.4 | D13: =+C12 -> 97757.37 | E13: =D13*N13 -> 97746.233 | F13: =TRUNC((C13-E13)*0.00025*K13,2) -> 16.31 | G13: =NETWORKDAYS(A13,B13-1,Feriados!$A$2:$A$2000) -> 241 | H13: 2.4 | I13: 5.15 | J13: =ROUND(+(1+I13/100)^(1/252),100) -> 1.0001993 | K13: =ROUND(VLOOKUP(A13,'VNA e PRT'!B:G,6,FALSE),2) -> 5843.64 | L13: =ROUND(VLOOKUP(A13,'VNA e PRT'!B:G,3,FALSE),2) -> 0.66 | M13: =ROUND(K13/K12,100) -> 1.0003133 | N13: =+J13/M13 -> 0.99988607 | O13: =+O12*J12 -> 142722.01 | P13: =+(P12*J12)-F13 -> 142629.26 | Q13: =+(Q12*J12)+F13 -> 142814.77 | S13: 2.4 | T13: 5.15
A14: 44439 | B14: 44788 | C14: =+ROUND((100000/(1+H14/100)^(G14/252)),2) -> 97702.99 | D14: =+C13 -> 97757.4 | E14: =D14*N14 -> 97746.272 | F14: =TRUNC((C14-E14)*0.00025*K14,2) -> -63.25 | G14: =NETWORKDAYS(A14,B14-1,Feriados!$A$2:$A$2000) -> 240 | H14: 2.47 | I14: 5.15 | J14: =ROUND(+(1+I14/100)^(1/252),100) -> 1.0001993 | K14: =ROUND(VLOOKUP(A14,'VNA e PRT'!B:G,6,FALSE),2) -> 5845.47 | L14: =ROUND(VLOOKUP(A14,'VNA e PRT'!B:G,3,FALSE),2) -> 0.66 | M14: =ROUND(K14/K13,100) -> 1.0003132 | N14: =+J14/M14 -> 0.99988617 | O14: =+O13*J13 -> 142750.46 | P14: =+(P13*J13)-F14 -> 142720.93 | Q14: =+(Q13*J13)+F14 -> 142779.98 | S14: 2.47 | T14: 5.15
A15: 44440 | B15: 44788 | C15: =+ROUND((100000/(1+H15/100)^(G15/252)),2) -> 97649.19 | D15: =+C14 -> 97702.99 | E15: =D15*N15 -> 97691.878 | F15: =TRUNC((C15-E15)*0.00025*K15,2) -> -62.4 | G15: =NETWORKDAYS(A15,B15-1,Feriados!$A$2:$A$2000) -> 239 | H15: 2.54 | I15: 5.15 | J15: =ROUND(+(1+I15/100)^(1/252),100) -> 1.0001993 | K15: =ROUND(VLOOKUP(A15,'VNA e PRT'!B:G,6,FALSE),2) -> 5847.3 | L15: =ROUND(VLOOKUP(A15,'VNA e PRT'!B:G,3,FALSE),2) -> 0.66 | M15: =ROUND(K15/K14,100) -> 1.0003131 | N15: =+J15/M15 -> 0.99988627 | O15: =+O14*J14 -> 142778.91 | P15: =+(P14*J14)-F15 -> 142811.77 | Q15: =+(Q14*J14)+F15 -> 142746.04 | S15: 2.54 | T15: 5.15
... A92: 44553 | B92: 44788 | C92: =+ROUND((100000/(1+H92/100)^(G92/252)),2) -> 96417.01 | D92: =+C91 -> 96324.67 | E92: =D92*N92 -> 96329.329 | F92: =TRUNC((C92-E92)*0.00025*K92,2) -> 133.41 | G92: =NETWORKDAYS(A92,B92-1,Feriados!$A$2:$A$2000) -> 162 | H92: 5.84 | I92: 9.15 | J92: =ROUND(+(1+I92/100)^(1/252),100) -> 1.0003475 | K92: =ROUND(VLOOKUP(A92,'VNA e PRT'!B:G,6,FALSE),2) -> 6086.59 | L92: =ROUND(VLOOKUP(A92,'VNA e PRT'!B:G,3,FALSE),2) -> 0.69 | M92: =ROUND(K92/K91,100) -> 1.0002991 | N92: =+J92/M92 -> 1.0000484 | O92: =+O91*J91 -> 145690.91 | P92: =+(P91*J91)-F92 -> 144690.81 | Q92: =+(Q91*J91)+F92 -> 146691 | S92: 5.84 | T92: 9.15
A93: 44554 | B93: 44788 | C93: =+ROUND((100000/(1+H93/100)^(G93/252)),2) -> 96438.73 | D93: =+C92 -> 96417.01 | E93: =D93*N93 -> 96441.958 | F93: =TRUNC((C93-E93)*0.00025*K93,2) -> -4.91 | G93: =NETWORKDAYS(A93,B93-1,Feriados!$A$2:$A$2000) -> 161 | H93: =+H92 -> 5.84 | I93: =+I92 -> 9.15 | J93: =ROUND(+(1+I93/100)^(1/252),100) -> 1.0003475 | K93: =ROUND(VLOOKUP(A93,'VNA e PRT'!B:G,6,FALSE),2) -> 6087.13 | L93: =ROUND(VLOOKUP(A93,'VNA e PRT'!B:G,3,FALSE),2) -> 0.62 | M93: =ROUND(K93/K92,100) -> 1.0000887 | N93: =+J93/M93 -> 1.0002587 | O93: =+O92*J92 -> 145741.53 | P93: =+(P92*J92)-F93 -> 144746 | Q93: =+(Q92*J92)+F93 -> 146737.07 | S93: 5.84 | T93: 9.15
A94: 44557 | B94: 44788 | C94: =+ROUND((100000/(1+H94/100)^(G94/252)),2) -> 96466.24 | D94: =+C93 -> 96438.73 | E94: =D94*N94 -> 96446.415 | F94: =TRUNC((C94-E94)*0.00025*K94,2) -> 30.17 | G94: =NETWORKDAYS(A94,B94-1,Feriados!$A$2:$A$2000) -> 160 | H94: 5.83 | I94: 9.15 | J94: =ROUND(+(1+I94/100)^(1/252),100) -> 1.0003475 | K94: =ROUND(VLOOKUP(A94,'VNA e PRT'!B:G,6,FALSE),2) -> 6088.76 | L94: =ROUND(VLOOKUP(A94,'VNA e PRT'!B:G,3,FALSE),2) -> 0.62 | M94: =ROUND(K94/K93,100) -> 1.0002678 | N94: =+J94/M94 -> 1.0000797 | O94: =+O93*J93 -> 145792.18 | P94: =+(P93*J93)-F94 -> 144766.13 | Q94: =+(Q93*J93)+F94 -> 146818.23 | S94: 5.83 | T94: 9.15
A95: 44558 | B95: 44788 | C95: =+ROUND((100000/(1+H95/100)^(G95/252)),2) -> 96539.75 | D95: =+C94 -> 96466.24 | E95: =D95*N95 -> 96473.776 | F95: =TRUNC((C95-E95)*0.00025*K95,2) -> 100.45 | G95: =NETWORKDAYS(A95,B95-1,Feriados!$A$2:$A$2000) -> 159 | H95: 5.74 | I95: 9.15 | J95: =ROUND(+(1+I95/100)^(1/252),100) -> 1.0003475 | K95: =ROUND(VLOOKUP(A95,'VNA e PRT'!B:G,6,FALSE),2) -> 6090.4 | L95: =ROUND(VLOOKUP(A95,'VNA e PRT'!B:G,3,FALSE),2) -> 0.62 | M95: =ROUND(K95/K94,100) -> 1.0002693 | N95: =+J95/M95 -> 1.0000781 | O95: =+O94*J94 -> 145842.84 | P95: =+(P94*J94)-F95 -> 144715.98 | Q95: =+(Q94*J94)+F95 -> 146969.69 | S95: 5.74 | T95: 9.15
A96: 44559 | B96: 44788 | C96: =+ROUND((100000/(1+H96/100)^(G96/252)),2) -> 96566.86 | D96: =+C95 -> 96539.75 | E96: =D96*N96 -> 96547.299 | F96: =TRUNC((C96-E96)*0.00025*K96,2) -> 29.79 | G96: =NETWORKDAYS(A96,B96-1,Feriados!$A$2:$A$2000) -> 158 | H96: 5.73 | I96: 9.15 | J96: =ROUND(+(1+I96/100)^(1/252),100) -> 1.0003475 | K96: =ROUND(VLOOKUP(A96,'VNA e PRT'!B:G,6,FALSE),2) -> 6092.04 | L96: =ROUND(VLOOKUP(A96,'VNA e PRT'!B:G,3,FALSE),2) -> 0.62 | M96: =ROUND(K96/K95,100) -> 1.0002693 | N96: =+J96/M96 -> 1.0000782 | O96: =+O95*J95 -> 145893.52 | P96: =+(P95*J95)-F96 -> 144736.48 | Q96: =+(Q95*J95)+F96 -> 147050.56 | S96: 5.73 | T96: 9.15
A97: 44560 | B97: 44788 | C97: =+ROUND((100000/(1+H97/100)^(G97/252)),2) -> 96662.27 | D97: =+C96 -> 96566.86 | E97: =D97*N97 -> 96574.577 | F97: =TRUNC((C97-E97)*0.00025*K97,2) -> 133.59 | G97: =NETWORKDAYS(A97,B97-1,Feriados!$A$2:$A$2000) -> 157 | H97: 5.6 | I97: 9.15 | J97: =ROUND(+(1+I97/100)^(1/252),100) -> 1.0003475 | K97: =ROUND(VLOOKUP(A97,'VNA e PRT'!B:G,6,FALSE),2) -> 6093.67 | L97: =ROUND(VLOOKUP(A97,'VNA e PRT'!B:G,3,FALSE),2) -> 0.62 | M97: =ROUND(K97/K96,100) -> 1.0002676 | N97: =+J97/M97 -> 1.0000799 | O97: =+O96*J96 -> 145944.22 | P97: =+(P96*J96)-F97 -> 144653.19 | Q97: =+(Q96*J96)+F97 -> 147235.24 | S97: 5.6 | T97: 9.15
A98: 44561 | B98: 44788 | C98: =+ROUND((100000/(1+H98/100)^(G98/252)),2) -> 96683.18 | D98: =+C97 -> 96662.27 | E98: =D98*N98 -> 96669.842 | F98: =TRUNC((C98-E98)*0.00025*K98,2) -> 20.32 | G98: =NETWORKDAYS(A98,B98-1,Feriados!$A$2:$A$2000) -> 156 | H98: =+H97 -> 5.6 | I98: =+I97 -> 9.15 | J98: =ROUND(+(1+I98/100)^(1/252),100) -> 1.0003475 | K98: =ROUND(VLOOKUP(A98,'VNA e PRT'!B:G,6,FALSE),2) -> 6095.31 | L98: =ROUND(VLOOKUP(A98,'VNA e PRT'!B:G,3,FALSE),2) -> 0.62 | M98: =ROUND(K98/K97,100) -> 1.0002691 | N98: =+J98/M98 -> 1.0000783 | O98: =+O97*J97 -> 145994.93 | P98: =+(P97*J97)-F98 -> 144683.13 | Q98: =+(Q97*J97)+F98 -> 147306.73 | S98: 5.6 | T98: 9.15
A99: 44564 | B99: 44788 | C99: =+ROUND((100000/(1+H99/100)^(G99/252)),2) -> 96816.91 | D99: =+C97 -> 96662.27 | E99: =D99*N99 -> 96669.849 | F99: =TRUNC((C99-E99)*0.00025*K99,2) -> 224.15 | G99: =NETWORKDAYS(A99,B99-1,Feriados!$A$2:$A$2000) -> 155 | H99: 5.4 | I99: 9.15 | J99: =ROUND(+(1+I99/100)^(1/252),100) -> 1.0003475 | K99: =ROUND(VLOOKUP(A99,'VNA e PRT'!B:G,6,FALSE),2) -> 6096.95 | L99: =ROUND(VLOOKUP(A99,'VNA e PRT'!B:G,3,FALSE),2) -> 0.62 | M99: =ROUND(K99/K98,100) -> 1.0002691 | N99: =+J99/M99 -> 1.0000784 | O99: =+O98*J98 -> 146045.66 | P99: =+(P98*J98)-F99 -> 144509.26 | Q99: =+(Q98*J98)+F99 -> 147582.07 | S99: 5.4 | T99: 9.15
A100: 44565 | B100: 44788 | C100: =+ROUND((100000/(1+H100/100)^(G100/252)),2) -> 96797.84 | D100: =+C99 -> 96816.91 | E100: =D100*N100 -> 96824.509 | F100: =TRUNC((C100-E100)*0.00025*K100,2) -> -40.66 | G100: =NETWORKDAYS(A100,B100-1,Feriados!$A$2:$A$2000) -> 154 | H100: 5.47 | I100: 9.15 | J100: =ROUND(+(1+I100/100)^(1/252),100) -> 1.0003475 | K100: =ROUND(VLOOKUP(A100,'VNA e PRT'!B:G,6,FALSE),2) -> 6098.59 | L100: =ROUND(VLOOKUP(A100,'VNA e PRT'!B:G,3,FALSE),2) -> 0.62 | M100: =ROUND(K100/K99,100) -> 1.000269 | N100: =+J100/M100 -> 1.0000785 | O100: =+O99*J99 -> 146096.41 | P100: =+(P99*J99)-F100 -> 144600.13 | Q100: =+(Q99*J99)+F100 -> 147592.69 | S100: 5.47 | T100: 9.15
A101: 44566 | B101: 44788 | C101: =+ROUND((100000/(1+H101/100)^(G101/252)),2) -> 96807.15 | D101: =+C100 -> 96797.84 | E101: =D101*N101 -> 96805.444 | F101: =TRUNC((C101-E101)*0.00025*K101,2) -> 2.6 | G101: =NETWORKDAYS(A101,B101-1,Feriados!$A$2:$A$2000) -> 153 | H101: 5.49 | I101: 9.15 | J101: =ROUND(+(1+I101/100)^(1/252),100) -> 1.0003475 | K101: =ROUND(VLOOKUP(A101,'VNA e PRT'!B:G,6,FALSE),2) -> 6100.23 | L101: =ROUND(VLOOKUP(A101,'VNA e PRT'!B:G,3,FALSE),2) -> 0.62 | M101: =ROUND(K101/K100,100) -> 1.0002689 | N101: =+J101/M101 -> 1.0000786 | O101: =+O100*J100 -> 146147.18 | P101: =+(P100*J100)-F101 -> 144647.78 | Q101: =+(Q100*J100)+F101 -> 147646.58 | S101: 5.49 | T101: 9.15
A102: 44567 | B102: 44788 | C102: =+ROUND((100000/(1+H102/100)^(G102/252)),2) -> 96860.92 | D102: =+C101 -> 96807.15 | E102: =D102*N102 -> 96814.762 | F102: =TRUNC((C102-E102)*0.00025*K102,2) -> 70.41 | G102: =NETWORKDAYS(A102,B102-1,Feriados!$A$2:$A$2000) -> 152 | H102: 5.43 | I102: 9.15 | J102: =ROUND(+(1+I102/100)^(1/252),100) -> 1.0003475 | K102: =ROUND(VLOOKUP(A102,'VNA e PRT'!B:G,6,FALSE),2) -> 6101.87 | L102: =ROUND(VLOOKUP(A102,'VNA e PRT'!B:G,3,FALSE),2) -> 0.62 | M102: =ROUND(K102/K101,100) -> 1.0002688 | N102: =+J102/M102 -> 1.0000786 | O102: =+O101*J101 -> 146197.96 | P102: =+(P101*J101)-F102 -> 144627.64 | Q102: =+(Q101*J101)+F102 -> 147768.29 | S102: 5.43 | T102: 9.15
A103: 44568 | B103: 44788 | C103: =+ROUND((100000/(1+H103/100)^(G103/252)),2) -> 96826.22 | D103: =+C102 -> 96860.92 | E103: =D103*N103 -> 96868.543 | F103: =TRUNC((C103-E103)*0.00025*K103,2) -> -64.57 | G103: =NETWORKDAYS(A103,B103-1,Feriados!$A$2:$A$2000) -> 151 | H103: 5.53 | I103: 9.15 | J103: =ROUND(+(1+I103/100)^(1/252),100) -> 1.0003475 | K103: =ROUND(VLOOKUP(A103,'VNA e PRT'!B:G,6,FALSE),2) -> 6103.51 | L103: =ROUND(VLOOKUP(A103,'VNA e PRT'!B:G,3,FALSE),2) -> 0.62 | M103: =ROUND(K103/K102,100) -> 1.0002688 | N103: =+J103/M103 -> 1.0000787 | O103: =+O102*J102 -> 146248.77 | P103: =+(P102*J102)-F103 -> 144742.46 | Q103: =+(Q102*J102)+F103 -> 147755.07 | S103: 5.53 | T103: 9.15
A104: 44571 | B104: 44788 | C104: =+ROUND((100000/(1+H104/100)^(G104/252)),2) -> 97038.6 | D104: =+C103 -> 96826.22 | E104: =D104*N104 -> 96833.847 | F104: =TRUNC((C104-E104)*0.00025*K104,2) -> 312.51 | G104: =NETWORKDAYS(A104,B104-1,Feriados!$A$2:$A$2000) -> 150 | H104: 5.18 | I104: 9.15 | J104: =ROUND(+(1+I104/100)^(1/252),100) -> 1.0003475 | K104: =ROUND(VLOOKUP(A104,'VNA e PRT'!B:G,6,FALSE),2) -> 6105.15 | L104: =ROUND(VLOOKUP(A104,'VNA e PRT'!B:G,3,FALSE),2) -> 0.62 | M104: =ROUND(K104/K103,100) -> 1.0002687 | N104: =+J104/M104 -> 1.0000788 | O104: =+O103*J103 -> 146299.59 | P104: =+(P103*J103)-F104 -> 144480.25 | Q104: =+(Q103*J103)+F104 -> 148118.92 | S104: 5.18 | T104: 9.15
A105: 44572 | B105: 44788 | C105: =+ROUND((100000/(1+H105/100)^(G105/252)),2) -> 96965.42 | D105: =+C104 -> 97038.6 | E105: =D105*N105 -> 96958.768 | F105: =TRUNC((C105-E105)*0.00025*K105,2) -> 10.16 | G105: =NETWORKDAYS(A105,B105-1,Feriados!$A$2:$A$2000) -> 149 | H105: 5.35 | I105: 9.15 | J105: =ROUND(+(1+I105/100)^(1/252),100) -> 1.0003475 | K105: =ROUND(VLOOKUP(A105,'VNA e PRT'!B:G,6,FALSE),2) -> 6112.3 | L105: =ROUND(VLOOKUP(A105,'VNA e PRT'!B:G,3,FALSE),2) -> 0.73 | M105: =ROUND(K105/K104,100) -> 1.0011711 | N105: =+J105/M105 -> 0.99917731 | O105: =+O104*J104 -> 146350.43 | P105: =+(P104*J104)-F105 -> 144520.3 | Q105: =+(Q104*J104)+F105 -> 148180.56 | S105: 11.61 | T105: 9.15
A106: 44573 | B106: 44788 | C106: =+ROUND((100000/(1+H106/100)^(G106/252)),2) -> 96899.07 | D106: =+C105 -> 96965.42 | E106: =D106*N106 -> 96968.496 | F106: =TRUNC((C106-E106)*0.00025*K106,2) -> -106.12 | G106: =NETWORKDAYS(A106,B106-1,Feriados!$A$2:$A$2000) -> 148 | H106: 5.51 | I106: 9.15 | J106: =ROUND(+(1+I106/100)^(1/252),100) -> 1.0003475 | K106: =ROUND(VLOOKUP(A106,'VNA e PRT'!B:G,6,FALSE),2) -> 6114.23 | L106: =ROUND(VLOOKUP(A106,'VNA e PRT'!B:G,3,FALSE),2) -> 0.73 | M106: =ROUND(K106/K105,100) -> 1.0003158 | N106: =+J106/M106 -> 1.0000317 | O106: =+O105*J105 -> 146401.28 | P106: =+(P105*J105)-F106 -> 144676.64 | Q106: =+(Q105*J105)+F106 -> 148125.93 | S106: 5.35 | T106: 9.15
A107: 44574 | B107: 44788 | C107: =+ROUND((100000/(1+H107/100)^(G107/252)),2) -> 96812.69 | D107: =+C106 -> 96899.07 | E107: =D107*N107 -> 96901.995 | F107: =TRUNC((C107-E107)*0.00025*K107,2) -> -136.55 | G107: =NETWORKDAYS(A107,B107-1,Feriados!$A$2:$A$2000) -> 147 | H107: 5.71 | I107: 9.15 | J107: =ROUND(+(1+I107/100)^(1/252),100) -> 1.0003475 | K107: =ROUND(VLOOKUP(A107,'VNA e PRT'!B:G,6,FALSE),2) -> 6116.17 | L107: =ROUND(VLOOKUP(A107,'VNA e PRT'!B:G,3,FALSE),2) -> 0.73 | M107: =ROUND(K107/K106,100) -> 1.0003173 | N107: =+J107/M107 -> 1.0000302 | O107: =+O106*J106 -> 146452.15 | P107: =+(P106*J106)-F107 -> 144863.46 | Q107: =+(Q106*J106)+F107 -> 148040.85 | S107: 5.51 | T107: 9.15
A108: 44575 | B108: 44788 | C108: =+ROUND((100000/(1+H108/100)^(G108/252)),2) -> 96812.8 | D108: =+C107 -> 96812.69 | E108: =D108*N108 -> 96815.781 | F108: =TRUNC((C108-E108)*0.00025*K108,2) -> -4.55 | G108: =NETWORKDAYS(A108,B108-1,Feriados!$A$2:$A$2000) -> 146 | H108: 5.75 | I108: 9.15 | J108: =ROUND(+(1+I108/100)^(1/252),100) -> 1.0003475 | K108: =ROUND(VLOOKUP(A108,'VNA e PRT'!B:G,6,FALSE),2) -> 6118.1 | L108: =ROUND(VLOOKUP(A108,'VNA e PRT'!B:G,3,FALSE),2) -> 0.73 | M108: =ROUND(K108/K107,100) -> 1.0003156 | N108: =+J108/M108 -> 1.0000319 | O108: =+O107*J107 -> 146503.05 | P108: =+(P107*J107)-F108 -> 144918.35 | Q108: =+(Q107*J107)+F108 -> 148087.74 | S108: 5.71 | T108: 9.15
A109: 44578 | B109: 44788 | C109: =+ROUND((100000/(1+H109/100)^(G109/252)),2) -> 96702.81 | D109: =+C108 -> 96812.8 | E109: =D109*N109 -> 96815.742 | F109: =TRUNC((C109-E109)*0.00025*K109,2) -> -172.78 | G109: =NETWORKDAYS(A109,B109-1,Feriados!$A$2:$A$2000) -> 145 | H109: 6 | I109: 9.15 | J109: =ROUND(+(1+I109/100)^(1/252),100) -> 1.0003475 | K109: =ROUND(VLOOKUP(A109,'VNA e PRT'!B:G,6,FALSE),2) -> 6120.04 | L109: =ROUND(VLOOKUP(A109,'VNA e PRT'!B:G,3,FALSE),2) -> 0.73 | M109: =ROUND(K109/K108,100) -> 1.0003171 | N109: =+J109/M109 -> 1.0000304 | O109: =+O108*J108 -> 146553.95 | P109: =+(P108*J108)-F109 -> 145141.49 | Q109: =+(Q108*J108)+F109 -> 147966.42 | S109: 5.75 | T109: 9.15
A110: 44579 | B110: 44788 | C110: =+ROUND((100000/(1+H110/100)^(G110/252)),2) -> 96667.86 | D110: =+C109 -> 96702.81 | E110: =D110*N110 -> 96715.869 | F110: =TRUNC((C110-E110)*0.00025*K110,2) -> -73.47 | G110: =NETWORKDAYS(A110,B110-1,Feriados!$A$2:$A$2000) -> 144 | H110: 6.11 | I110: 9.15 | J110: =ROUND(+(1+I110/100)^(1/252),100) -> 1.0003475 | K110: =ROUND(VLOOKUP(A110,'VNA e PRT'!B:G,6,FALSE),2) -> 6121.34 | L110: =ROUND(VLOOKUP(A110,'VNA e PRT'!B:G,3,FALSE),2) -> 0.45 | M110: =ROUND(K110/K109,100) -> 1.0002124 | N110: =+J110/M110 -> 1.000135 | O110: =+O109*J109 -> 146604.88 | P110: =+(P109*J109)-F110 -> 145265.39 | Q110: =+(Q109*J109)+F110 -> 147944.37 | S110: 6 | T110: 9.15
A111: 44580 | B111: 44788 | C111: =+ROUND((100000/(1+H111/100)^(G111/252)),2) -> 96732 | D111: =+C110 -> 96667.86 | E111: =D111*N111 -> 96680.761 | F111: =TRUNC((C111-E111)*0.00025*K111,2) -> 78.42 | G111: =NETWORKDAYS(A111,B111-1,Feriados!$A$2:$A$2000) -> 143 | H111: 6.03 | I111: 9.15 | J111: =ROUND(+(1+I111/100)^(1/252),100) -> 1.0003475 | K111: =ROUND(VLOOKUP(A111,'VNA e PRT'!B:G,6,FALSE),2) -> 6122.65 | L111: =ROUND(VLOOKUP(A111,'VNA e PRT'!B:G,3,FALSE),2) -> 0.45 | M111: =ROUND(K111/K110,100) -> 1.000214 | N111: =+J111/M111 -> 1.0001335 | O111: =+O110*J110 -> 146655.82 | P111: =+(P110*J110)-F111 -> 145237.45 | Q111: =+(Q110*J110)+F111 -> 148074.2 | S111: 6.11 | T111: 9.15
... A253: 44785 | B253: 44788 | C253: =+ROUND((100000/(1+H253/100)^(G253/252)),2) -> 99916.63 | D253: =+C252 -> 99833.59 | E253: =D253*N253 -> 99916.685 | F253: =TRUNC((C253-E253)*0.00025*K253,2) -> -0.08 | G253: =NETWORKDAYS(A253,B253-1,Feriados!$A$2:$A$2000) -> 1 | H253: 23.39 | I253: 13.65 | J253: =ROUND(+(1+I253/100)^(1/252),100) -> 1.0005079 | K253: =ROUND(VLOOKUP(A253,'VNA e PRT'!B:G,6,FALSE),2) -> 6414.03 | L253: =ROUND(VLOOKUP(A253,'VNA e PRT'!B:G,3,FALSE),2) -> -0.68 | M253: =ROUND(K253/K252,100) -> 0.99967582 | N253: =+J253/M253 -> 1.0008323 | O253: =+O252*J252 -> 156228.7 | P253: =+(P252*J252)-F253 -> 152255.28 | Q253: =+(Q252*J252)+F253 -> 160202.12 | S253: 23.35 | T253: 13.65
A254: 44788 | B254: 44788 | C254: =+ROUND((100000/(1+H254/100)^(G254/252)),2) -> 100000 | D254: =+C253 -> 99916.63 | E254: =D254*N254 -> 99999.805 | F254: =TRUNC((C254-E254)*0.00025*K254,2) -> 0.31 | G254: 0 | H254: =+H253 -> 23.39 | I254: 13.65 | J254: =ROUND(+(1+I254/100)^(1/252),100) -> 1.0005079 | K254: =ROUND(VLOOKUP(A254,'VNA e PRT'!B:G,6,FALSE),2) -> 6411.95 | L254: =ROUND(VLOOKUP(A254,'VNA e PRT'!B:G,3,FALSE),2) -> -0.68 | M254: =ROUND(K254/K253,100) -> 0.99967571 | N254: =+J254/M254 -> 1.0008324 | O254: =+O253*J253 -> 156308.05 | P254: =+(P253*J253)-F254 -> 152332.3 | Q254: =+(Q253*J253)+F254 -> 160283.8 | S254: 23.39 | T254: 13.65
O255: =+O254-O2 -> 13898.545 | P255: =+P254-P2 -> 9922.796 | Q255: =+Q254-Q2 -> 17874.294
F256: =SUM(F3:F255) -> 3700.17 | H256: =+H254-H3 -> 21.22 | I256: =+I254-I3 -> 8.5 | O256: =+O254/O2-1 -> 0.097595627 | P256: =+P254/P2-1 -> 0.069677906 | Q256: =+Q254/Q2-1 -> 0.12551335
H258: a.a. | I258: Fator | J258: a.a. | K258: Fator | L258: a.a. | M258: Fator | O258: =+P256-O256 -> -0.027917721 | P258: ← :: → | Q258: =+Q256-O256 -> 0.027917721
H259: =+((I259)^(252/F262)-1)*100 -> 9.7595627 | I259: =PRODUCT(J2:J253) -> 1.0975956 | J259: =+((K259)^(252/F262)-1)*100 -> 10.117228 | K259: =PRODUCT(M3:M254) -> 1.1011723 | L259: =+((M259)^(252/F262)-1)*100 -> -0.29405209 | M259: =PRODUCT(N3:N254) -> 0.99705948
O260: a.a. | P260: a.a. | Q260: a.a.
F261: 252 D.U. | J261: 5 | K261: =+(1+J261/100)^(252/F262) -> 1.05 | O261: =(((O256+1)^(252/252))-1) -> 0.097595627 | P261: =(((P256+1)^(252/252))-1) -> 0.069677906 | Q261: =(((Q256+1)^(252/252))-1) -> 0.12551335
F262: =NETWORKDAYS(A2,A254-1,Feriados!$A$1:$A$936) -> 252
J263: =+((K263)^(252/F262)-1)*100 -> 15.623089 | K263: =+K261*K259 -> 1.1562309 | O263: =(((O258+1)^(252/252))-1) -> -0.027917721 | Q263: =(((Q258+1)^(252/252))-1) -> 0.027917721

Sheet NTN-B x Dap Fut
A1: Nr. | B1: Data | C1: Vencimento | D1: DU | E1: Taxa B24 Princ C | F1: Dif Taxa | G1: PU B24 Princ | H1: $ | I1: Retorno B24 | J1: Acumul. | K1: Venc DAP | L1: Taxa DAP | M1: Dif Taxa | N1: PU Ajuste DAP | O1: CDI d-1 | P1: PU Ant. Corrigido | Q1: Ajustes DAP | R1: PRT | S1: IPCA a.m | T1: $ DAP | U1: Fator | V1: Carteira | W1: Retorno IPCA+ Sintético | X1: Acumul. | Y1: Spread | Z1: Dif Taxa | AA1: PU NTN-B | AB1: B24 Casada / Travada | AC1: Retorno | AD1: Acumul. | AF1: Dif $ Bola | AG1: Ajustes DAP | AH1: Liq | AJ1: Taxa B24 C | AK1: Taxa DAP | AL1: CDI d-1
A2: 0 | B2: 44804 | C2: 45519 | D2: =NETWORKDAYS(B2,C2-1,Feriados!$A$2:$A$2000) -> 490 | E2: 6.64 | G2: =TRUNC((100/(1+E2/100)^(D2/252)/100)*VLOOKUP(B2,'VNA e PRT'!B:C,2,FALSE),2) -> 3498.22 | H2: =ROUND(100*G2,2) -> 349822 | J2: 1 | K2: 45519 | L2: 6.64 | N2: =ROUND((100000/(L2/100+1)^(D2/252)),2) -> 88249.21 | O2: 13.65 | R2: =VLOOKUP(B2,'VNA e PRT'!B:G,6,FALSE) -> 6400.3953 | S2: =VLOOKUP(B2,'VNA e PRT'!B:G,3,FALSE) -> -0.33 | T2: =+N2*0.00025*R2 -> 141207.46 | U2: =+H2/T2 -> 2.4773621 | V2: =+H2 -> 349822 | X2: 1 | Y2: =+E2-L2 -> 0 | AA2: =+H2 -> 349822 | AB2: PU Trava | AD2: 1 | AJ2: 6.76 | AK2: 6.64 | AL2: 13.65
A3: =+A2+1 -> 1 | B3: 44805 | C3: =+C2 -> 45519 | D3: =NETWORKDAYS(B3,C3-1,Feriados!$A$2:$A$2000) -> 489 | E3: 6.58 | F3: =+E3-E2 -> -0.06 | G3: =TRUNC((100/(1+E3/100)^(D3/252)/100)*VLOOKUP(B3,'VNA e PRT'!B:C,2,FALSE),2) -> 3502.41 | H3: =ROUND(100*G3,2) -> 350241 | I3: =+(G3/G2-1)*100 -> 0.1197752 | J3: =+J2*(1+I3/100) -> 1.0011978 | K3: =+K2 -> 45519 | L3: 6.58 | M3: =+L3-L2 -> -0.06 | N3: =ROUND((100000/(L3/100+1)^(D3/252)),2) -> 88368.18 | O3: 13.65 | P3: =ROUND(N2*(((1+O3/100)^(1/252))/(R3/R2)),2) -> 88307.3 | Q3: =+(N3-P3)*0.00025*R3 -> 97.399382 | R3: =VLOOKUP(B3,'VNA e PRT'!B:G,6,FALSE) -> 6399.4338 | S3: =VLOOKUP(B3,'VNA e PRT'!B:G,3,FALSE) -> -0.33 | T3: =+N3*0.00025*R3 -> 141376.58 | U3: =+H3/T3 -> 2.4773623 | V3: =((1+O2/100)^(1/252)*V2)+(Q3*U3) -> 350240.96 | W3: =+(V3/V2-1)*100 -> 0.11976413 | X3: =+X2*(1+W3/100) -> 1.0011976 | Y3: =+E3-L3 -> 0 | Z3: =+Y3-Y2 -> 0 | AA3: =+H3 -> 350241 | AB3: =+AA3-(Q3*U3) -> 349999.71 | AC3: =+(AB3/AA2-1)*100 -> 0.050799106 | AD3: =+AD2*(1+AC3/100) -> 1.000508 | AF3: =+AA3-AA2 -> 419 | AG3: =-(Q3*U3) -> -241.29355 | AH3: =+AF3+AG3 -> 177.70645 | AJ3: 6.69 | AK3: 6.58 | AL3: 13.65
A4: =+A3+1 -> 2 | B4: 44806 | C4: =+C3 -> 45519 | D4: =NETWORKDAYS(B4,C4-1,Feriados!$A$2:$A$2000) -> 488 | E4: 6.56 | F4: =+E4-E3 -> -0.02 | G4: =TRUNC((100/(1+E4/100)^(D4/252)/100)*VLOOKUP(B4,'VNA e PRT'!B:C,2,FALSE),2) -> 3504.04 | H4: =ROUND(100*G4,2) -> 350404 | I4: =+(G4/G3-1)*100 -> 0.046539383 | J4: =+J3*(1+I4/100) -> 1.0016637 | K4: =+K3 -> 45519 | L4: 6.56 | M4: =+L4-L3 -> -0.02 | N4: =ROUND((100000/(L4/100+1)^(D4/252)),2) -> 88422.66 | O4: 13.65 | P4: =ROUND(N3*(((1+O4/100)^(1/252))/(R4/R3)),2) -> 88426.35 | Q4: =+(N4-P4)*0.00025*R3 -> -5.9034776 | R4: =VLOOKUP(B4,'VNA e PRT'!B:G,6,FALSE) -> 6398.4723 | S4: =VLOOKUP(B4,'VNA e PRT'!B:G,3,FALSE) -> -0.33 | T4: =+N4*0.00025*R4 -> 141442.49 | U4: =+H4/T4 -> 2.4773603 | V4: =((1+O3/100)^(1/252)*V3)+(Q4*U4) -> 350404.22 | W4: =+(V4/V3-1)*100 -> 0.046612329 | X4: =+X3*(1+W4/100) -> 1.0016643 | Y4: =+E4-L4 -> 0 | Z4: =+Y4-Y3 -> 0 | AA4: =+H4 -> 350404 | AB4: =+AA4-(Q4*U4) -> 350418.63 | AC4: =+(AB4/AA3-1)*100 -> 0.050715091 | AD4: =+AD3*(1+AC4/100) -> 1.0010154 | AF4: =+AA4-AA3 -> 163 | AG4: =-(Q4*U4) -> 14.625041 | AH4: =+AF4+AG4 -> 177.62504 | AJ4: 6.6 | AK4: 6.56 | AL4: 13.65
A5: =+A4+1 -> 3 | B5: 44809 | C5: =+C4 -> 45519 | D5: =NETWORKDAYS(B5,C5-1,Feriados!$A$2:$A$2000) -> 487 | E5: 6.57 | F5: =+E5-E4 -> 0.01 | G5: =TRUNC((100/(1+E5/100)^(D5/252)/100)*VLOOKUP(B5,'VNA e PRT'!B:C,2,FALSE),2) -> 3503.76 | H5: =ROUND(100*G5,2) -> 350376 | I5: =+(G5/G4-1)*100 -> -0.0079907764 | J5: =+J4*(1+I5/100) -> 1.0015837 | K5: =+K4 -> 45519 | L5: 6.57 | M5: =+L5-L4 -> 0.01 | N5: =ROUND((100000/(L5/100+1)^(D5/252)),2) -> 88428.92 | O5: 13.65 | P5: =ROUND(N4*(((1+O5/100)^(1/252))/(R5/R4)),2) -> 88480.86 | Q5: =+(N5-P5)*0.00025*R4 -> -83.084163 | R5: =VLOOKUP(B5,'VNA e PRT'!B:G,6,FALSE) -> 6397.511 | S5: =VLOOKUP(B5,'VNA e PRT'!B:G,3,FALSE) -> -0.33 | T5: =+N5*0.00025*R5 -> 141431.25 | U5: =+H5/T5 -> 2.4773592 | V5: =((1+O4/100)^(1/252)*V4)+(Q5*U5) -> 350376.35 | W5: =+(V5/V4-1)*100 -> -0.0079524984 | X5: =+X4*(1+W5/100) -> 1.0015847 | Y5: =+E5-L5 -> 0 | Z5: =+Y5-Y4 -> 0 | AA5: =+H5 -> 350376 | AB5: =+AA5-(Q5*U5) -> 350581.83 | AC5: =+(AB5/AA4-1)*100 -> 0.050749796 | AD5: =+AD4*(1+AC5/100) -> 1.0015234 | AF5: =+AA5-AA4 -> -28 | AG5: =-(Q5*U5) -> 205.82931 | AH5: =+AF5+AG5 -> 177.82931 | AJ5: 6.59 | AK5: 6.57 | AL5: 13.65
A6: =+A5+1 -> 4 | B6: 44810 | C6: =+C5 -> 45519 | D6: =NETWORKDAYS(B6,C6-1,Feriados!$A$2:$A$2000) -> 486 | E6: 6.77 | F6: =+E6-E5 -> 0.2 | G6: =TRUNC((100/(1+E6/100)^(D6/252)/100)*VLOOKUP(B6,'VNA e PRT'!B:C,2,FALSE),2) -> 3491.47 | H6: =ROUND(100*G6,2) -> 349147 | I6: =+(G6/G5-1)*100 -> -0.35076603 | J6: =+J5*(1+I6/100) -> 0.99807045 | K6: =+K5 -> 45519 | L6: 6.77 | M6: =+L6-L5 -> 0.2 | N6: =ROUND((100000/(L6/100+1)^(D6/252)),2) -> 88132 | O6: 13.65 | P6: =ROUND(N5*(((1+O6/100)^(1/252))/(R6/R5)),2) -> 88487.13 | Q6: =+(N6-P6)*0.00025*R5 -> -567.98702 | R6: =VLOOKUP(B6,'VNA e PRT'!B:G,6,FALSE) -> 6396.5499 | S6: =VLOOKUP(B6,'VNA e PRT'!B:G,3,FALSE) -> -0.33 | T6: =+N6*0.00025*R6 -> 140935.18 | U6: =+H6/T6 -> 2.4773587 | V6: =((1+O5/100)^(1/252)*V5)+(Q6*U6) -> 349147.19 | W6: =+(V6/V5-1)*100 -> -0.35081086 | X6: =+X5*(1+W6/100) -> 0.998071 | Y6: =+E6-L6 -> 0 | Z6: =+Y6-Y5 -> 0 | AA6: =+H6 -> 349147 | AB6: =+AA6-(Q6*U6) -> 350554.11 | AC6: =+(AB6/AA5-1)*100 -> 0.05083327 | AD6: =+AD5*(1+AC6/100) -> 1.0020325 | AF6: =+AA6-AA5 -> -1229 | AG6: =-(Q6*U6) -> 1407.1076 | AH6: =+AF6+AG6 -> 178.10758 | AJ6: 6.7 | AK6: 6.77 | AL6: 13.65
A7: =+A6+1 -> 5 | B7: 44812 | C7: =+C6 -> 45519 | D7: =NETWORKDAYS(B7,C7-1,Feriados!$A$2:$A$2000) -> 485 | E7: 6.76 | F7: =+E7-E6 -> -0.01 | G7: =TRUNC((100/(1+E7/100)^(D7/252)/100)*VLOOKUP(B7,'VNA e PRT'!B:C,2,FALSE),2) -> 3492.49 | H7: =ROUND(100*G7,2) -> 349249 | I7: =+(G7/G6-1)*100 -> 0.029214056 | J7: =+J6*(1+I7/100) -> 0.99836202 | K7: =+K6 -> 45519 | L7: 6.76 | M7: =+L7-L6 -> -0.01 | N7: =ROUND((100000/(L7/100+1)^(D7/252)),2) -> 88170.8 | O7: 13.65 | P7: =ROUND(N6*(((1+O7/100)^(1/252))/(R7/R6)),2) -> 88190.01 | Q7: =+(N7-P7)*0.00025*R6 -> -30.719431 | R7: =VLOOKUP(B7,'VNA e PRT'!B:G,6,FALSE) -> 6395.5889 | S7: =VLOOKUP(B7,'VNA e PRT'!B:G,3,FALSE) -> -0.33 | T7: =+N7*0.00025*R7 -> 140976.05 | U7: =+H7/T7 -> 2.4773641 | V7: =((1+O6/100)^(1/252)*V6)+(Q7*U7) -> 349248.41 | W7: =+(V7/V6-1)*100 -> 0.028991151 | X7: =+X6*(1+W7/100) -> 0.99836035 | Y7: =+E7-L7 -> 0 | Z7: =+Y7-Y6 -> 0 | AA7: =+H7 -> 349249 | AB7: =+AA7-(Q7*U7) -> 349325.1 | AC7: =+(AB7/AA6-1)*100 -> 0.051010954 | AD7: =+AD6*(1+AC7/100) -> 1.0025437 | AF7: =+AA7-AA6 -> 102 | AG7: =-(Q7*U7) -> 76.103215 | AH7: =+AF7+AG7 -> 178.10322 | AJ7: 6.76 | AK7: 6.76 | AL7: 13.65
A8: =+A7+1 -> 6 | B8: 44813 | C8: =+C7 -> 45519 | D8: =NETWORKDAYS(B8,C8-1,Feriados!$A$2:$A$2000) -> 484 | E8: 6.68 | F8: =+E8-E7 -> -0.08 | G8: =TRUNC((100/(1+E8/100)^(D8/252)/100)*VLOOKUP(B8,'VNA e PRT'!B:C,2,FALSE),2) -> 3497.04 | H8: =ROUND(100*G8,2) -> 349704 | I8: =+(G8/G7-1)*100 -> 0.13027954 | J8: =+J7*(1+I8/100) -> 0.99966269 | K8: =+K7 -> 45519 | L8: 6.68 | M8: =+L8-L7 -> -0.08 | N8: =ROUND((100000/(L8/100+1)^(D8/252)),2) -> 88320.76 | O8: 13.65 | P8: =ROUND(N7*(((1+O8/100)^(1/252))/(R8/R7)),2) -> 88250.54 | Q8: =+(N8-P8)*0.00025*R7 -> 112.27456 | R8: =VLOOKUP(B8,'VNA e PRT'!B:G,6,FALSE) -> 6393.0557 | S8: =VLOOKUP(B8,'VNA e PRT'!B:G,3,FALSE) -> -0.36 | T8: =+N8*0.00025*R8 -> 141159.88 | U8: =+H8/T8 -> 2.4773611 | V8: =((1+O7/100)^(1/252)*V7)+(Q8*U8) -> 349703.94 | W8: =+(V8/V7-1)*100 -> 0.13042895 | X8: =+X7*(1+W8/100) -> 0.9996625 | Y8: =+E8-L8 -> 0 | Z8: =+Y8-Y7 -> 0 | AA8: =+H8 -> 349704 | AB8: =+AA8-(Q8*U8) -> 349425.86 | AC8: =+(AB8/AA7-1)*100 -> 0.050638762 | AD8: =+AD7*(1+AC8/100) -> 1.0030513 | AF8: =+AA8-AA7 -> 455 | AG8: =-(Q8*U8) -> -278.14463 | AH8: =+AF8+AG8 -> 176.85537 | AJ8: 6.82 | AK8: 6.68 | AL8: 13.65
A9: =+A8+1 -> 7 | B9: 44816 | C9: =+C8 -> 45519 | D9: =NETWORKDAYS(B9,C9-1,Feriados!$A$2:$A$2000) -> 483 | E9: 6.75 | F9: =+E9-E8 -> 0.07 | G9: =TRUNC((100/(1+E9/100)^(D9/252)/100)*VLOOKUP(B9,'VNA e PRT'!B:C,2,FALSE),2) -> 3492.97 | H9: =ROUND(100*G9,2) -> 349297 | I9: =+(G9/G8-1)*100 -> -0.11638414 | J9: =+J8*(1+I9/100) -> 0.99849924 | K9: =+K8 -> 45519 | L9: 6.75 | M9: =+L9-L8 -> 0.07 | N9: =ROUND((100000/(L9/100+1)^(D9/252)),2) -> 88232.43 | O9: 13.65 | P9: =ROUND(N8*(((1+O9/100)^(1/252))/(R9/R8)),2) -> 88380.1 | Q9: =+(N9-P9)*0.00025*R8 -> -236.01563 | R9: =VLOOKUP(B9,'VNA e PRT'!B:G,6,FALSE) -> 6392.0079 | S9: =VLOOKUP(B9,'VNA e PRT'!B:G,3,FALSE) -> -0.36 | T9: =+N9*0.00025*R9 -> 140995.6 | U9: =+H9/T9 -> 2.477361 | V9: =((1+O8/100)^(1/252)*V8)+(Q9*U9) -> 349296.85 | W9: =+(V9/V8-1)*100 -> -0.11640938 | X9: =+X8*(1+W9/100) -> 0.9984988 | Y9: =+E9-L9 -> 0 | Z9: =+Y9-Y8 -> 0 | AA9: =+H9 -> 349297 | AB9: =+AA9-(Q9*U9) -> 349881.7 | AC9: =+(AB9/AA8-1)*100 -> 0.050813241 | AD9: =+AD8*(1+AC9/100) -> 1.003561 | AF9: =+AA9-AA8 -> -407 | AG9: =-(Q9*U9) -> 584.69594 | AH9: =+AF9+AG9 -> 177.69594 | AJ9: 6.71 | AK9: 6.75 | AL9: 13.65
A10: =+A9+1 -> 8 | B10: 44817 | C10: =+C9 -> 45519 | D10: =NETWORKDAYS(B10,C10-1,Feriados!$A$2:$A$2000) -> 482 | E10: 6.74 | F10: =+E10-E9 -> -0.01 | G10: =TRUNC((100/(1+E10/100)^(D10/252)/100)*VLOOKUP(B10,'VNA e PRT'!B:C,2,FALSE),2) -> 3493.93 | H10: =ROUND(100*G10,2) -> 349393 | I10: =+(G10/G9-1)*100 -> 0.027483775 | J10: =+J9*(1+I10/100) -> 0.99877366 | K10: =+K9 -> 45519 | L10: 6.74 | M10: =+L10-L9 -> -0.01 | N10: =ROUND((100000/(L10/100+1)^(D10/252)),2) -> 88271.12 | O10: 13.65 | P10: =ROUND(N9*(((1+O10/100)^(1/252))/(R10/R9)),2) -> 88291.71 | Q10: =+(N10-P10)*0.00025*R9 -> -32.902861 | R10: =VLOOKUP(B10,'VNA e PRT'!B:G,6,FALSE) -> 6390.9603 | S10: =VLOOKUP(B10,'VNA e PRT'!B:G,3,FALSE) -> -0.36 | T10: =+N10*0.00025*R10 -> 141034.3 | U10: =+H10/T10 -> 2.4773618 | V10: =((1+O9/100)^(1/252)*V9)+(Q10*U10) -> 349392.74 | W10: =+(V10/V9-1)*100 -> 0.027451929 | X10: =+X9*(1+W10/100) -> 0.99877291 | Y10: =+E10-L10 -> 0 | Z10: =+Y10-Y9 -> 0 | AA10: =+H10 -> 349393 | AB10: =+AA10-(Q10*U10) -> 349474.51 | AC10: =+(AB10/AA9-1)*100 -> 0.050819873 | AD10: =+AD9*(1+AC10/100) -> 1.004071 | AF10: =+AA10-AA9 -> 96 | AG10: =-(Q10*U10) -> 81.51229 | AH10: =+AF10+AG10 -> 177.51229 | AJ10: 6.86 | AK10: 6.74 | AL10: 13.65
A11: =+A10+1 -> 9 | B11: 44818 | C11: =+C10 -> 45519 | D11: =NETWORKDAYS(B11,C11-1,Feriados!$A$2:$A$2000) -> 481 | E11: 6.6 | F11: =+E11-E10 -> -0.14 | G11: =TRUNC((100/(1+E11/100)^(D11/252)/100)*VLOOKUP(B11,'VNA e PRT'!B:C,2,FALSE),2) -> 3503.03 | H11: =ROUND(100*G11,2) -> 350303 | I11: =+(G11/G10-1)*100 -> 0.2604517 | J11: =+J10*(1+I11/100) -> 1.001375 | K11: =+K10 -> 45519 | L11: 6.6 | M11: =+L11-L10 -> -0.14 | N11: =ROUND((100000/(L11/100+1)^(D11/252)),2) -> 88515.43 | O11: 13.65 | P11: =ROUND(N10*(((1+O11/100)^(1/252))/(R11/R10)),2) -> 88330.43 | Q11: =+(N11-P11)*0.00025*R10 -> 295.58191 | R11: =VLOOKUP(B11,'VNA e PRT'!B:G,6,FALSE) -> 6389.9128 | S11: =VLOOKUP(B11,'VNA e PRT'!B:G,3,FALSE) -> -0.36 | T11: =+N11*0.00025*R11 -> 141401.47 | U11: =+H11/T11 -> 2.4773646 | V11: =((1+O10/100)^(1/252)*V10)+(Q11*U11) -> 350302.45 | W11: =+(V11/V10-1)*100 -> 0.26037001 | X11: =+X10*(1+W11/100) -> 1.0013734 | Y11: =+E11-L11 -> 0 | Z11: =+Y11-Y10 -> 0 | AA11: =+H11 -> 350303 | AB11: =+AA11-(Q11*U11) -> 349570.74 | AC11: =+(AB11/AA10-1)*100 -> 0.050869888 | AD11: =+AD10*(1+AC11/100) -> 1.0045818 | AF11: =+AA11-AA10 -> 910 | AG11: =-(Q11*U11) -> -732.26417 | AH11: =+AF11+AG11 -> 177.73583 | AJ11: 6.85 | AK11: 6.6 | AL11: 13.65
A12: =+A11+1 -> 10 | B12: 44819 | C12: =+C11 -> 45519 | D12: =NETWORKDAYS(B12,C12-1,Feriados!$A$2:$A$2000) -> 480 | E12: 6.77 | F12: =+E12-E11 -> 0.17 | G12: =TRUNC((100/(1+E12/100)^(D12/252)/100)*VLOOKUP(B12,'VNA e PRT'!B:C,2,FALSE),2) -> 3492.72 | H12: =ROUND(100*G12,2) -> 349272 | I12: =+(G12/G11-1)*100 -> -0.29431663 | J12: =+J11*(1+I12/100) -> 0.99842777 | K12: =+K11 -> 45519 | L12: 6.77 | M12: =+L12-L11 -> 0.17 | N12: =ROUND((100000/(L12/100+1)^(D12/252)),2) -> 88269.56 | O12: 13.65 | P12: =ROUND(N11*(((1+O12/100)^(1/252))/(R12/R11)),2) -> 88574.9 | Q12: =+(N12-P12)*0.00025*R11 -> -487.77399 | R12: =VLOOKUP(B12,'VNA e PRT'!B:G,6,FALSE) -> 6388.8655 | S12: =VLOOKUP(B12,'VNA e PRT'!B:G,3,FALSE) -> -0.36 | T12: =+N12*0.00025*R12 -> 140985.59 | U12: =+H12/T12 -> 2.4773596 | V12: =((1+O11/100)^(1/252)*V11)+(Q12*U12) -> 349271.97 | W12: =+(V12/V11-1)*100 -> -0.29416861 | X12: =+X11*(1+W12/100) -> 0.99842769 | Y12: =+E12-L12 -> 0 | Z12: =+Y12-Y11 -> 0 | AA12: =+H12 -> 349272 | AB12: =+AA12-(Q12*U12) -> 350480.39 | AC12: =+(AB12/AA11-1)*100 -> 0.050639474 | AD12: =+AD11*(1+AC12/100) -> 1.0050905 | AF12: =+AA12-AA11 -> -1031 | AG12: =-(Q12*U12) -> 1208.3916 | AH12: =+AF12+AG12 -> 177.39159 | AJ12: 6.7 | AK12: 6.77 | AL12: 13.65
A13: =+A12+1 -> 11 | B13: 44820 | C13: =+C12 -> 45519 | D13: =NETWORKDAYS(B13,C13-1,Feriados!$A$2:$A$2000) -> 479 | E13: 6.66 | F13: =+E13-E12 -> -0.11 | G13: =TRUNC((100/(1+E13/100)^(D13/252)/100)*VLOOKUP(B13,'VNA e PRT'!B:C,2,FALSE),2) -> 3500.28 | H13: =ROUND(100*G13,2) -> 350028 | I13: =+(G13/G12-1)*100 -> 0.21645022 | J13: =+J12*(1+I13/100) -> 1.0005889 | K13: =+K12 -> 45519 | L13: 6.66 | M13: =+L13-L12 -> -0.11 | N13: =ROUND((100000/(L13/100+1)^(D13/252)),2) -> 88465.67 | O13: 13.65 | P13: =ROUND(N12*(((1+O13/100)^(1/252))/(R13/R12)),2) -> 88319.44 | Q13: =+(N13-P13)*0.00025*R12 -> 233.56095 | R13: =VLOOKUP(B13,'VNA e PRT'!B:G,6,FALSE) -> 6388.5002 | S13: =VLOOKUP(B13,'VNA e PRT'!B:G,3,FALSE) -> -0.12 | T13: =+N13*0.00025*R13 -> 141290.74 | U13: =+H13/T13 -> 2.4773598 | V13: =((1+O12/100)^(1/252)*V12)+(Q13*U13) -> 350027.97 | W13: =+(V13/V12-1)*100 -> 0.21645106 | X13: =+X12*(1+W13/100) -> 1.0005888 | Y13: =+E13-L13 -> 0 | Z13: =+Y13-Y12 -> 0 | AA13: =+H13 -> 350028 | AB13: =+AA13-(Q13*U13) -> 349449.39 | AC13: =+(AB13/AA12-1)*100 -> 0.050787203 | AD13: =+AD12*(1+AC13/100) -> 1.005601 | AF13: =+AA13-AA12 -> 756 | AG13: =-(Q13*U13) -> -578.61452 | AH13: =+AF13+AG13 -> 177.38548 | AJ13: 6.81 | AK13: 6.66 | AL13: 13.65
A14: =+A13+1 -> 12 | B14: 44823 | C14: =+C13 -> 45519 | D14: =NETWORKDAYS(B14,C14-1,Feriados!$A$2:$A$2000) -> 478 | E14: 6.74 | F14: =+E14-E13 -> 0.08 | G14: =TRUNC((100/(1+E14/100)^(D14/252)/100)*VLOOKUP(B14,'VNA e PRT'!B:C,2,FALSE),2) -> 3496 | H14: =ROUND(100*G14,2) -> 349600 | I14: =+(G14/G13-1)*100 -> -0.12227593 | J14: =+J13*(1+I14/100) -> 0.99936539 | K14: =+K13 -> 45519 | L14: 6.74 | M14: =+L14-L13 -> 0.08 | N14: =ROUND((100000/(L14/100+1)^(D14/252)),2) -> 88362.55 | O14: 13.65 | P14: =ROUND(N13*(((1+O14/100)^(1/252))/(R14/R13)),2) -> 88515.66 | Q14: =+(N14-P14)*0.00025*R13 -> -244.53582 | R14: =VLOOKUP(B14,'VNA e PRT'!B:G,6,FALSE) -> 6388.135 | S14: =VLOOKUP(B14,'VNA e PRT'!B:G,3,FALSE) -> -0.12 | T14: =+N14*0.00025*R14 -> 141117.97 | U14: =+H14/T14 -> 2.4773598 | V14: =((1+O13/100)^(1/252)*V13)+(Q14*U14) -> 349599.94 | W14: =+(V14/V13-1)*100 -> -0.12228476 | X14: =+X13*(1+W14/100) -> 0.99936523 | Y14: =+E14-L14 -> 0 | Z14: =+Y14-Y13 -> 0 | AA14: =+H14 -> 349600 | AB14: =+AA14-(Q14*U14) -> 350205.8 | AC14: =+(AB14/AA13-1)*100 -> 0.050796854 | AD14: =+AD13*(1+AC14/100) -> 1.0061118 | AF14: =+AA14-AA13 -> -428 | AG14: =-(Q14*U14) -> 605.80321 | AH14: =+AF14+AG14 -> 177.80321 | AJ14: 6.79 | AK14: 6.74 | AL14: 13.65
A15: =+A14+1 -> 13 | B15: 44824 | C15: =+C14 -> 45519 | D15: =NETWORKDAYS(B15,C15-1,Feriados!$A$2:$A$2000) -> 477 | E15: 6.75 | F15: =+E15-E14 -> 0.01 | G15: =TRUNC((100/(1+E15/100)^(D15/252)/100)*VLOOKUP(B15,'VNA e PRT'!B:C,2,FALSE),2) -> 3496.09 | H15: =ROUND(100*G15,2) -> 349609 | I15: =+(G15/G14-1)*100 -> 0.0025743707 | J15: =+J14*(1+I15/100) -> 0.99939112 | K15: =+K14 -> 45519 | L15: 6.75 | M15: =+L15-L14 -> 0.01 | N15: =ROUND((100000/(L15/100+1)^(D15/252)),2) -> 88369.75 | O15: 13.65 | P15: =ROUND(N14*(((1+O15/100)^(1/252))/(R15/R14)),2) -> 88412.48 | Q15: =+(N15-P15)*0.00025*R14 -> -68.241252 | R15: =VLOOKUP(B15,'VNA e PRT'!B:G,6,FALSE) -> 6387.7697 | S15: =VLOOKUP(B15,'VNA e PRT'!B:G,3,FALSE) -> -0.12 | T15: =+N15*0.00025*R15 -> 141121.4 | U15: =+H15/T15 -> 2.4773634 | V15: =((1+O14/100)^(1/252)*V14)+(Q15*U15) -> 349608.44 | W15: =+(V15/V14-1)*100 -> 0.0024303692 | X15: =+X14*(1+W15/100) -> 0.99938951 | Y15: =+E15-L15 -> 0 | Z15: =+Y15-Y14 -> 0 | AA15: =+H15 -> 349609 | AB15: =+AA15-(Q15*U15) -> 349778.06 | AC15: =+(AB15/AA14-1)*100 -> 0.050932031 | AD15: =+AD14*(1+AC15/100) -> 1.0066242 | AF15: =+AA15-AA14 -> 9 | AG15: =-(Q15*U15) -> 169.05838 | AH15: =+AF15+AG15 -> 178.05838 | AJ15: 6.83 | AK15: 6.75 | AL15: 13.65
... A65: =+A64+1 -> 63 | B65: 44897 | C65: =+C64 -> 45519 | D65: =NETWORKDAYS(B65,C65-1,Feriados!$A$2:$A$2000) -> 427 | E65: 6.67 | F65: =+E65-E64 -> -0.15 | G65: =TRUNC((100/(1+E65/100)^(D65/252)/100)*VLOOKUP(B65,'VNA e PRT'!B:C,2,FALSE),2) -> 3568.55 | H65: =ROUND(100*G65,2) -> 356855 | I65: =+(G65/G64-1)*100 -> 0.29087741 | J65: =+J64*(1+I65/100) -> 1.0201045 | K65: =+K64 -> 45519 | L65: 6.67 | M65: =+L65-L64 -> -0.15 | N65: =ROUND((100000/(L65/100+1)^(D65/252)),2) -> 89636.29 | O65: 13.65 | P65: =ROUND(N64*(((1+O65/100)^(1/252))/(R65/R64)),2) -> 89421.76 | Q65: =+(N65-P65)*0.00025*R64 -> 344.66188 | R65: =VLOOKUP(B65,'VNA e PRT'!B:G,6,FALSE) -> 6428.041 | S65: =VLOOKUP(B65,'VNA e PRT'!B:G,3,FALSE) -> 0.55 | T65: =+N65*0.00025*R65 -> 144046.44 | U65: =+H65/T65 -> 2.4773608 | V65: =((1+O64/100)^(1/252)*V64)+(Q65*U65) -> 356858.34 | W65: =+(V65/V64-1)*100 -> 0.29075284 | X65: =+X64*(1+W65/100) -> 1.0201141 | Y65: =+E65-L65 -> 0 | Z65: =+Y65-Y64 -> 0 | AA65: =+H65 -> 356855 | AB65: =+AA65-(Q65*U65) -> 356001.15 | AC65: =+(AB65/AA64-1)*100 -> 0.050910058 | AD65: =+AD64*(1+AC65/100) -> 1.0324959 | AF65: =+AA65-AA64 -> 1035 | AG65: =-(Q65*U65) -> -853.85183 | AH65: =+AF65+AG65 -> 181.14817 | AJ65: 6.78 | AK65: 6.67 | AL65: 13.65
AF66: =SUM(AF3:AF65) -> 7033 | AG66: =SUM(AG3:AG65) -> 4271.1892 | AH66: =SUM(AH3:AH65) -> 11304.189
E67: =+E65-E2 -> 0.03 | G67: =+G65/G2-1 -> 0.02010451 | H67: %CDI | J67: =+J65-1 -> 0.02010451 | K67: %CDI | L67: =+L65-L2 -> 0.03 | O67: =((1+O65/100)^(A65/252))-1 -> 0.032505467 | R67: =+R65/R2-1 -> 0.0043193733 | S67: =AVERAGE(S2:S65) -> 0.093125 | T67: %CDI | X67: =+X65-1 -> 0.020114058 | Y67: =AVERAGE(Y2:Y65) -> 0 | AC67: =+Y2-Y65 -> 0 | AD67: =+AD65-1 -> 0.032495907 | AH67: =+AH66/AA2 -> 0.032314118
G68: =+G67*100 -> 2.010451 | H68: =+G68/O68*100 -> 61.849627 | J68: =+J67*100 -> 2.010451 | K68: =+J68/O68*100 -> 61.849627 | O68: =+O67*100 -> 3.2505467 | R68: =+R67*100 -> 0.43193733 | T68: =+R68/O68*100 -> 13.288144 | X68: =+X67*100 -> 2.0114058 | AD68: =+AD67*100 -> 3.2495907 | AH68: =+AH67*100 -> 3.2314118
X69: =+J68-X68 -> -0.00095479809 | AD69: =+AD68-AD73 -> -0.00095607297
G70: a.a. | J70: a.a. | O70: a.a. | R70: a.a. | X70: a.a. | AD70: a.a.
G71: =+((1+G67)^(252/A65)-1)*100 -> 8.2875857 | J71: =+((J65)^(252/A65)-1)*100 -> 8.2875857 | O71: =+((1+O67)^(252/A65)-1)*100 -> 13.65 | R71: =+((1+R67)^(252/$A$65)-1)*100 -> 1.7389758 | X71: =+((X65)^(252/A65)-1)*100 -> 8.2916399 | Y71: =+G71-X71 -> -0.0040542603 | AD71: =+((AD65)^(252/A65)-1)*100 -> 13.645791 | AE71: =+O71-AD71 -> 0.0042094182
AD73: =+O68 -> 3.2505467 | AE73: 0.2209
O74: =+((1+O67)/(1+R67))-1 -> 0.028064871 | W74: NTN-B Sintético | AB74: LFT Sintética | AD74: =+AD68/AD73 -> 0.99970587
O75: =+O74*100 -> 2.8064871 | AB75: NTN-B Casada / Travada
O77: a.a.
O78: =+((1+O74)^(252/A65)-1)*100 -> 11.707435

Sheet TD IPCA 24 Princ
A1: Vencimento | B1: 15/08/2024
A2: Dia | B2: Taxa Compra Manhã | C2: Taxa Venda Manhã | D2: PU Compra Manhã | E2: PU Venda Manhã | F2: PU Base Manhã
A3: 44564 | B3: 0.0518 | C3: 0.053 | D3: 3312.53 | E3: 3301.38 | F3: 3301.38
A4: 44565 | B4: 0.0518 | C4: 0.053 | D4: 3313.86 | E4: 3302.72 | F4: 3302.72
A5: 44566 | B5: 0.0533 | C5: 0.0545 | D5: 3302.94 | E5: 3291.85 | F5: 3291.85
A6: 44567 | B6: 0.0549 | C6: 0.0561 | D6: 3291.31 | E6: 3280.27 | F6: 3280.27
A7: 44568 | B7: 0.0547 | C7: 0.0559 | D7: 3295.6 | E7: 3283.24 | F7: 3283.24
A8: 44571 | B8: 0.0556 | C8: 0.0568 | D8: 3289.69 | E8: 3278.68 | F8: 3278.68
A9: 44572 | B9: 0.0559 | C9: 0.0571 | D9: 3291.89 | E9: 3280.77 | F9: 3280.77
A10: 44573 | B10: 0.0558 | C10: 0.057 | D10: 3294.18 | E10: 3283.06 | F10: 3283.06
A11: 44574 | B11: 0.0551 | C11: 0.0563 | D11: 3301.29 | E11: 3290.16 | F11: 3290.16
A12: 44575 | B12: 0.055 | C12: 0.0562 | D12: 3304.52 | E12: 3292.46 | F12: 3292.46
A13: 44578 | B13: 0.0553 | C13: 0.0565 | D13: 3303.3 | E13: 3292.49 | F13: 3292.49
A14: 44579 | B14: 0.0559 | C14: 0.0571 | D14: 3299.68 | E14: 3288.9 | F14: 3288.9
... A252: 44924 | B252: 0.0653 | C252: 0.0665 | D252: 3607.82 | E252: 3597.45 | F252: 3597.45

Sheet quantum q22
A1: Nome do Ativo | B1: Data | C1: Cotação de Ajuste de Futuro | D1: Valor do Ajuste por Contrato Futuro
A2: CUPOM DE IPCA - Q22 | B2: 43874 | C2: 96174.63 | D2: 61.953155
A3: CUPOM DE IPCA - Q22 | B3: 43875 | C3: 96416.23 | D3: 313.11276
A4: CUPOM DE IPCA - Q22 | B4: 43878 | C4: 96421.85 | D4: -1.6527402
A5: CUPOM DE IPCA - Q22 | B5: 43879 | C5: 96427.47 | D5: -3.3457233
A6: CUPOM DE IPCA - Q22 | B6: 43880 | C6: 96597.74 | D6: 216.36937
A7: CUPOM DE IPCA - Q22 | B7: 43881 | C7: 96626.62 | D7: 27.63651
A8: CUPOM DE IPCA - Q22 | B8: 43882 | C8: 96608.47 | D8: -31.931817
A9: CUPOM DE IPCA - Q22 | B9: 43887 | C9: 96403.21 | D9: -283.82965
A10: CUPOM DE IPCA - Q22 | B10: 43888 | C10: 96525.66 | D10: 153.15477
A11: CUPOM DE IPCA - Q22 | B11: 43889 | C11: 96624.58 | D11: 122.02737
A12: CUPOM DE IPCA - Q22 | B12: 43892 | C12: 96980.79 | D12: 464.94264
A13: CUPOM DE IPCA - Q22 | B13: 43893 | C13: 97243.63 | D13: 340.63989
... A372: CUPOM DE IPCA - Q22 | B372: 44420 | C372: 97896.61 | D372: -25.027333
A373: CUPOM DE IPCA - Q22 | B373: 44421 | D373: -66.031006
A374: CUPOM DE IPCA - Q22 | B374: 44424 | C374: 97779.57 | D374: -37.340622
A375: CUPOM DE IPCA - Q22 | B375: 44425 | C375: 97873.76 | D375: 145.99273
A376: CUPOM DE IPCA - Q22 | B376: 44426 | C376: 97806.52 | D376: -89.189244
A377: CUPOM DE IPCA - Q22 | B377: 44427 | C377: 97758.79 | D377: -60.543927
A378: CUPOM DE IPCA - Q22 | B378: 44428 | C378: 97702.21 | D378: -73.724233
A379: CUPOM DE IPCA - Q22 | B379: 44431 | C379: 97571.89 | D379: -181.28902
A380: CUPOM DE IPCA - Q22 | B380: 44432 | C380: 97572.39 | D380: 9.7144591
A381: CUPOM DE IPCA - Q22 | B381: 44433 | C381: 97655.93 | D381: 130.61035
A382: CUPOM DE IPCA - Q22 | B382: 44434 | C382: 97693 | D382: 122.36964
A383: CUPOM DE IPCA - Q22 | B383: 44435 | C383: 97757.37 | D383: 110.29356
A384: CUPOM DE IPCA - Q22 | B384: 44438 | C384: 97757.4 | D384: 16.318393
A385: CUPOM DE IPCA - Q22 | B385: 44439 | C385: 97702.99 | D385: -63.248094
... A547: CUPOM DE IPCA - Q22 | B547: 44679 | C547: 98681.28 | D547: 142.20448
A548: CUPOM DE IPCA - Q22 | B548: 44680
A549: CUPOM DE IPCA - Q22 | B549: 44683 | C549: 98743.52 | D549: 71.020856
A550: CUPOM DE IPCA - Q22 | B550: 44684 | C550: 98768.61 | D550: 48.587127
A551: CUPOM DE IPCA - Q22 | B551: 44685 | C551: 98817.85 | D551: 86.664764
A552: CUPOM DE IPCA - Q22 | B552: 44686 | C552: 98850.21 | D552: 60.102786
A553: CUPOM DE IPCA - Q22 | B553: 44687 | C553: 98969.35 | D553: 192.45863
A554: CUPOM DE IPCA - Q22 | B554: 44690 | C554: 98846.06 | D554: -192.91907
A555: CUPOM DE IPCA - Q22 | B555: 44691 | C555: 98768.3 | D555: -120.63774
A556: CUPOM DE IPCA - Q22 | B556: 44692 | C556: 98874.28 | D556: 329.05285
A557: CUPOM DE IPCA - Q22 | B557: 44693 | C557: 98878.59 | D557: 19.924375
A558: CUPOM DE IPCA - Q22 | B558: 44694 | C558: 98934.62 | D558: 102.37246
A559: CUPOM DE IPCA - Q22 | B559: 44697 | C559: 98881.13 | D559: -72.381859
A560: CUPOM DE IPCA - Q22 | B560: 44698 | C560: 98912.71 | D560: 8.6984861
... A584: CUPOM DE IPCA - Q22 | B584: 44733 | C584: 98213.96 | D584: -61.427246
A585: CUPOM DE IPCA - Q22 | B585: 44734 | D585: -68.42
A586: CUPOM DE IPCA - Q22 | B586: 44735 | C586: 98294.5 | D586: 138.9536
A587: CUPOM DE IPCA - Q22 | B587: 44736 | C587: 98512.6 | D587: 320.84353
A588: CUPOM DE IPCA - Q22 | B588: 44739 | C588: 98189.45 | D588: -501.46214
A589: CUPOM DE IPCA - Q22 | B589: 44740 | C589: 98165.43 | D589: -61.493282
A590: CUPOM DE IPCA - Q22 | B590: 44741 | C590: 98171.91 | D590: -12.238592
A591: CUPOM DE IPCA - Q22 | B591: 44742 | C591: 98260.44 | D591: 119.74168
A592: CUPOM DE IPCA - Q22 | B592: 44743 | C592: 97951.86 | D592: -519.33402
A593: CUPOM DE IPCA - Q22 | B593: 44746 | C593: 97771.66 | D593: -312.78699
A594: CUPOM DE IPCA - Q22 | B594: 44747 | C594: 97721.04 | D594: -104.19644
A595: CUPOM DE IPCA - Q22 | B595: 44748 | C595: 97849.58 | D595: 184.39649
A596: CUPOM DE IPCA - Q22 | B596: 44749 | C596: 98004.42 | D596: 226.79625
A597: CUPOM DE IPCA - Q22 | B597: 44750 | C597: 98128.9 | D597: 106.28773
... A623: CUPOM DE IPCA - Q22 | B623: 44788 | C623: 100000 | D623: 0.33662738
A627: As informações foram obtidas a partir de fontes públicas ou privadas consideradas confiáveis, cuja responsabilidade pela correção e veracidade não é assumida pela QUANTUM, pelo titular desta marca ou por
A628: qualquer das empresas de seu grupo empresarial. As informações disponíveis, não devem ser entendidas como colocação, distribuição ou oferta de fundo de investimento ou qualquer outro valor mobiliário.
A629: Fundos de investimento não contam com a garantia do Administrador do fundo, Gestor da carteira, de qualquer mecanismo de seguro ou, ainda, do Fundo Garantidor de Créditos  FGC. Rentabilidade obtida no
A630: passado não representa garantia de rentabilidade futura. As estratégias com derivativos, utilizadas como parte da política de investimento de fundos de investimento, podem resultar em significativas perdas
A631: para seus cotistas superiores ao capital aplicado e a consequente obrigação do cotista de aportar recursos adicionais para cobrir o prejuízo do fundo. Ao investidor é recomendada a leitura cuidadosa do prospecto
A632: e regulamento do fundo de investimento ao aplicar seus recursos. Para avaliação da performance de um fundo de investimento, é recomendável a análise de, no mínimo, 12 (doze) meses.
A633: Os valores exibidos estão em Real (BRL).
A634: Fonte: Quantum Axis.

Sheet quantum q24
A1: Nome do Ativo | B1: Data | C1: Cotação de Ajuste de Futuro | D1: Valor do Ajuste por Contrato Futuro
A2: CUPOM DE IPCA - Q24 | B2: 44246 | C2: 93666.65 | D2: -264.88445
A3: CUPOM DE IPCA - Q24 | B3: 44249 | C3: 93228.15 | D3: -573.75647
A4: CUPOM DE IPCA - Q24 | B4: 44250 | C4: 93362.49 | D4: 225.32971
A5: CUPOM DE IPCA - Q24 | B5: 44251 | C5: 93148.18 | D5: -261.32161
A6: CUPOM DE IPCA - Q24 | B6: 44252 | C6: 92526.88 | D6: -829.96461
A7: CUPOM DE IPCA - Q24 | B7: 44253 | C7: 92005.44 | D7: -691.0095
A8: CUPOM DE IPCA - Q24 | B8: 44256 | C8: 91643.09 | D8: -469.12487
A9: CUPOM DE IPCA - Q24 | B9: 44257 | C9: 91529.12 | D9: -121.95231
A10: CUPOM DE IPCA - Q24 | B10: 44258 | C10: 91569.18 | D10: 93.155085
A11: CUPOM DE IPCA - Q24 | B11: 44259 | C11: 92412.57 | D11: 1217.4765
A12: CUPOM DE IPCA - Q24 | B12: 44260 | C12: 93295.41 | D12: 1273.2243
A13: CUPOM DE IPCA - Q24 | B13: 44263 | C13: 92460.4 | D13: -1131.158
... A297: CUPOM DE IPCA - Q24 | B297: 44679 | C297: 88694.19 | D297: 268.87588
A298: CUPOM DE IPCA - Q24 | B298: 44680
A299: CUPOM DE IPCA - Q24 | B299: 44683 | C299: 88596.43 | D299: -54.336189
A300: CUPOM DE IPCA - Q24 | B300: 44684 | C300: 88787.89 | D300: 311.67484
A301: CUPOM DE IPCA - Q24 | B301: 44685 | C301: 89172.15 | D301: 617.671
A302: CUPOM DE IPCA - Q24 | B302: 44686 | C302: 88939.76 | D302: -361.25205
A303: CUPOM DE IPCA - Q24 | B303: 44687 | C303: 88881.29 | D303: -90.103246
A304: CUPOM DE IPCA - Q24 | B304: 44690 | C304: 88804.06 | D304: -120.00603
A305: CUPOM DE IPCA - Q24 | B305: 44691 | C305: 88594.17 | D305: -331.13342
A306: CUPOM DE IPCA - Q24 | B306: 44692 | C306: 88707.9 | D306: 324.86728
A307: CUPOM DE IPCA - Q24 | B307: 44693 | C307: 88688.66 | D307: -18.952065
A308: CUPOM DE IPCA - Q24 | B308: 44694 | C308: 88821.05 | D308: 222.8144
A309: CUPOM DE IPCA - Q24 | B309: 44697 | C309: 88953.31 | D309: 222.69868
A310: CUPOM DE IPCA - Q24 | B310: 44698 | C310: 88933.85 | D310: -68.582376
... A334: CUPOM DE IPCA - Q24 | B334: 44733 | C334: 88510.14 | D334: -399.29315
A335: CUPOM DE IPCA - Q24 | B335: 44734
A336: CUPOM DE IPCA - Q24 | B336: 44735 | C336: 88460.69 | D336: 149.42249
A337: CUPOM DE IPCA - Q24 | B337: 44736 | C337: 88552.2 | D337: 120.46088
A338: CUPOM DE IPCA - Q24 | B338: 44739 | C338: 88536.57 | D338: -9.173872
A339: CUPOM DE IPCA - Q24 | B339: 44740 | C339: 88219.59 | D339: -530.22482
A340: CUPOM DE IPCA - Q24 | B340: 44741 | C340: 88116.71 | D340: -185.81432
A341: CUPOM DE IPCA - Q24 | B341: 44742 | C341: 88207.98 | D341: 126.48248
A342: CUPOM DE IPCA - Q24 | B342: 44743 | C342: 88000.5 | D342: -354.31229
A343: CUPOM DE IPCA - Q24 | B343: 44746 | C343: 87724.97 | D343: -463.94026
A344: CUPOM DE IPCA - Q24 | B344: 44747 | C344: 87729.19 | D344: -13.543927
A345: CUPOM DE IPCA - Q24 | B345: 44748 | C345: 87456.71 | D345: -459.33188
A346: CUPOM DE IPCA - Q24 | B346: 44749 | C346: 87530.54 | D346: 98.660315
A347: CUPOM DE IPCA - Q24 | B347: 44750 | C347: 87432.19 | D347: -242.85126
... A417: CUPOM DE IPCA - Q24 | B417: 44852 | C417: 89781.93 | D417: 156.33798
A418: CUPOM DE IPCA - Q24 | B418: 44853 | D418: 155.87593
A419: CUPOM DE IPCA - Q24 | B419: 44854 | C419: 89977.58 | D419: 57.600416
A420: CUPOM DE IPCA - Q24 | B420: 44855 | C420: 90059.77 | D420: 81.801285
A421: CUPOM DE IPCA - Q24 | B421: 44858 | C421: 90111.13 | D421: 32.627082
A422: CUPOM DE IPCA - Q24 | B422: 44859 | C422: 90055.39 | D422: -138.14991
A423: CUPOM DE IPCA - Q24 | B423: 44860 | C423: 90060.97 | D423: 14.780297
A424: CUPOM DE IPCA - Q24 | B424: 44861 | C424: 90340.94 | D424: 405.24374
A425: CUPOM DE IPCA - Q24 | B425: 44862 | C425: 90330.81 | D425: -57.733692
A426: CUPOM DE IPCA - Q24 | B426: 44865 | C426: 90656.17 | D426: 477.7242
A427: CUPOM DE IPCA - Q24 | B427: 44866 | C427: 90538.83 | D427: -229.07246
A428: CUPOM DE IPCA - Q24 | B428: 44868 | C428: 90543.73 | D428: -33.883778
A429: CUPOM DE IPCA - Q24 | B429: 44869 | C429: 90639.68 | D429: 111.73574
A430: CUPOM DE IPCA - Q24 | B430: 44872 | C430: 90553.74 | D430: -179.07835
... A501: CUPOM DE IPCA - Q24 | B501: 44973 | C501: 91942.08 | D501: 213.50618
A505: As informações foram obtidas a partir de fontes públicas ou privadas consideradas confiáveis, cuja responsabilidade pela correção e veracidade não é assumida pela QUANTUM, pelo titular desta marca ou por
A506: qualquer das empresas de seu grupo empresarial. As informações disponíveis, não devem ser entendidas como colocação, distribuição ou oferta de fundo de investimento ou qualquer outro valor mobiliário.
A507: Fundos de investimento não contam com a garantia do Administrador do fundo, Gestor da carteira, de qualquer mecanismo de seguro ou, ainda, do Fundo Garantidor de Créditos  FGC. Rentabilidade obtida no
A508: passado não representa garantia de rentabilidade futura. As estratégias com derivativos, utilizadas como parte da política de investimento de fundos de investimento, podem resultar em significativas perdas
A509: para seus cotistas superiores ao capital aplicado e a consequente obrigação do cotista de aportar recursos adicionais para cobrir o prejuízo do fundo. Ao investidor é recomendada a leitura cuidadosa do prospecto
A510: e regulamento do fundo de investimento ao aplicar seus recursos. Para avaliação da performance de um fundo de investimento, é recomendável a análise de, no mínimo, 12 (doze) meses.
A511: Os valores exibidos estão em Real (BRL).
A512: Fonte: Quantum Axis.
